 Dungeon Crawl Stone Soup version 0.18-a0-1060-g4fac74f (webtiles) character file.

10318110 Trivium the Axe Maniac (level 27, 233/233 HPs)
             Began as a Demonspawn Fighter on Jan 7, 2016.
             Was the Champion of Qazlal.
             Escaped with the Orb
             ... and 15 runes on Jan 12, 2016!
             The game lasted 18:35:31 (172458 turns).

Trivium the Axe Maniac (Demonspawn Fighter)       Turns: 172458, Time: 18:35:31

Health: 233/233    AC: 35    Str: 39    XL:     27
Magic:  53/59      EV: 43    Int:  8    God:    Qazlal [******]
Gold:   12233      SH: 47    Dex: 28    Spells: 13 memorised, 5 levels left

rFire  + + +     SeeInvis .     c - +6 scimitar of Flaming Death {sticky flame, rPois rF++ rC- MR+}
rCold  + + +     Gourm    .     r - +4 moon troll leather armour {Spirit, Regen++ MP+5}
rNeg   + + +     Faith    .     d - +8 large shield {rC+ rF+}
rPois  ∞         Spirit   +     (helmet unavailable)
rElec  +         Dismiss  .     C - +2 cloak of Zikhloall {*Drain MR+ rCorr}
rCorr  +         Reflect  .     A - +2 pair of fencer's gloves {LBl+4 SBl+4 EV+3 Dex+6}
SustAt +         Harm     .     Y - +2 pair of boots {Fly}
MR     +++++                    K - amulet "Rifah" {MPRegen rPois rC++ Int-4 Dex+4}
Stlth  +.........               I - ring of Music {SustAt Str+8 Dex+3}
                                p - ring "Cauvisou" {*Confuse rF+ rC+ Str+6 Slay+3}

@: lich-form, flying, repel missiles, almost entirely resistant to hostile
enchantments, very unstealthy
A: horns 3, thin metallic scales 3, negative energy resistance 1, powered by
death 3, powered by pain 3, 50% torment resistance, black mark
a: End Transformation, Upheaval, Elemental Force, Disaster Area, Renounce
Religion, Stop Flying
0: Orb of Zot
}: 15/15 runes: decaying, slimy, silver, golden, iron, obsidian, icy, bone,
abyssal, demonic, glowing, magical, fiery, dark, gossamer


You escaped.
You worshipped Qazlal.
Qazlal was exalted by your worship.
You were not hungry.
You were a lich.
You visited 18 branches of the dungeon, and saw 93 of its levels.
You visited Pandemonium 4 times, and saw 49 of its levels.
You visited the Abyss 4 times.
You visited 7 ziggurats (completing 5), and saw 170 of their levels.
You also visited: Ice Cave.

You collected 24280 gold pieces.
You spent 12047 gold pieces at shops.

Inventory:

Hand Weapons
 c - the +6 scimitar of Flaming Death (weapon) {sticky flame, rPois rF++ rC- MR+}
   (You found it on level 22 of a ziggurat)

   It has been specially enchanted to burn those struck by it, causing extra
   injury to most foes and up to half again as much damage against particularly
   susceptible opponents.
   Big, fiery blades are also staple armaments of hydra-hunters.
   It greatly protects you from fire.
   It makes you vulnerable to cold.
   It protects you from poison.
   It affects your resistance to hostile enchantments.
 m - the +8 demon blade "Leech" {vamp, rN+ AC-2 EV-2 Str-2 Int-2 Dex-2}
   (You found it on level 3 of the Crypt)

   It inflicts no extra harm, but heals its wielder somewhat when it strikes a
   living foe.
   It affects your AC (-2).
   It affects your evasion (-2).
   It affects your strength (-2).
   It affects your intelligence (-2).
   It affects your dexterity (-2).
   It protects you from negative energy.
 w - the +4 Staff of Dispater
   (You took it off Dispater on level 7 of the Iron City of Dis)
 Z - the +9 Staff of Wucad Mu {channel}
   (You found it on level 16 of a ziggurat)
Armour
 d - a +8 large shield of resistance (worn)
 r - the +4 moon troll leather armour (worn) {Spirit, Regen++ MP+5}
   (You found it on level 26 of a ziggurat)

   It affects your magic capacity (+5).
   It increases your rate of regeneration.
 s - a +2 pair of boots of running
 A - the +2 pair of fencer's gloves (worn) {LBl+4 SBl+4 EV+3 Dex+6}
   (You found it on level 26 of a ziggurat)

   It affects your evasion (+3).
   It affects your dexterity (+6).
 C - the +2 cloak of Zikhloall (worn) {*Drain MR+ rCorr}
   (You found it on level 12 of a ziggurat)

   It affects your resistance to hostile enchantments.
   It protects you from acid and corrosion.
   It causes draining when unequipped.
 O - the +8 chain mail of Experimentation {Regen+ Str+3 SInv}
   (You found it on level 26 of a ziggurat)

   It affects your strength (+3).
   It lets you see invisible.
   It increases your rate of regeneration.
 Y - a +2 pair of boots of flying (worn)
Rods
 z - a +9 rod of ignition (17/17)
   (You found it on level 17 of a ziggurat)
Jewellery
 g - the amulet of Balance {Reflect +Fly Str+4 Dex+4 SH+2}
   (You found it on level 25 of a ziggurat)

   [amulet of reflection]

   It shields you and reflects attacks.
   It affects your strength (+4).
   It affects your dexterity (+4).
   It lets you fly.
   It affects your SH (+2).
 o - the amulet of Hotz {MPRegen rPois rF+ Str+4 Stlth-}
   (You found it on level 24 of a ziggurat)

   [amulet of magic regeneration]

   It increases your magic regeneration.
   It affects your strength (+4).
   It protects you from fire.
   It protects you from poison.
   It makes you less stealthy.
 p - the ring "Cauvisou" (left hand) {*Confuse rF+ rC+ Str+6 Slay+3}
   (You found it on level 27 of a ziggurat)

   [ring of protection from cold]

   It affects your strength (+6).
   It affects your accuracy and damage with ranged weapons and melee attacks
   (+3).
   It protects you from fire.
   It protects you from cold.
   It may confuse you when you take damage.
 H - the amulet of the Four Winds {rN+ MR+++ Clar}
   (You found it on level 24 of a ziggurat)

   [amulet of nothing]

   It protects you from negative energy.
   It affects your resistance to hostile enchantments.
   It protects you against confusion.
 I - the ring of Music (right hand) {SustAt Str+8 Dex+3}
   (You found it on level 3 of the Elven Halls)

   [ring of sustain attributes]

   It sustains your strength, intelligence and dexterity.
   It affects your strength (+8).
   It affects your dexterity (+3).
 K - the amulet "Rifah" (around neck) {MPRegen rPois rC++ Int-4 Dex+4}
   (You took it off a gelid demonspawn in Pandemonium)

   [amulet of magic regeneration]

   It increases your magic regeneration.
   It affects your intelligence (-4).
   It affects your dexterity (+4).
   It greatly protects you from cold.
   It protects you from poison.
 W - the ring "Saohaoto" {Wiz rF+ Str+7 Int+3}
   (You found it on level 11 of a ziggurat)

   [ring of wizardry]

   It improves your spell success rate.
   It affects your strength (+7).
   It affects your intelligence (+3).
   It protects you from fire.
Wands
 a - a wand of teleportation (5/9)
 q - a wand of hasting (4/9)
 J - a wand of invisibility (1/9)
 M - a wand of teleportation (9/9)
 V - a wand of heal wounds (7/9)
Scrolls
 b - 78 scrolls of teleportation
 e - 64 scrolls of fog
 h - 4 scrolls of torment
 k - 41 scrolls of identify
 n - 33 scrolls of enchant armour
 y - 6 scrolls of summoning
 B - 17 scrolls of blinking
 D - 93 scrolls of remove curse
 E - 13 scrolls of magic mapping
 N - 13 scrolls of silence
 P - 26 scrolls of recharging
 Q - 62 scrolls of enchant weapon
Potions
 j - 67 potions of cure mutation
 t - 33 potions of curing
 v - 2 potions of heal wounds
 x - 18 potions of brilliance
 G - 3 potions of magic
 L - 10 potions of might
 R - 3 potions of invisibility
 S - 5 potions of agility
Miscellaneous
 i - a disc of storms
 u - 13 phantom mirrors
 F - a piece from Xom's chessboard
 X - a fan of gales
Comestibles
 f - 45 bread rations
 l - 57 meat rations


   Skills:
 O Level 27 Fighting
 O Level 27 Long Blades
 O Level 27 Axes
 O Level 27 Maces & Flails
   Level 24.9(27) Polearms
 O Level 27 Staves
   Level 2.3(18.8) Slings
 O Level 27 Throwing
 O Level 27 Armour
 O Level 27 Dodging
 O Level 27 Stealth
 O Level 27 Shields
 O Level 27 Unarmed Combat
 O Level 27 Spellcasting
 O Level 27 Conjurations
 O Level 27 Hexes
 O Level 27 Charms
 O Level 27 Summonings
 O Level 27 Necromancy
 O Level 27 Translocations
 O Level 27 Transmutations
   Level 7.3 Fire Magic
 O Level 27 Ice Magic
 O Level 27 Air Magic
 O Level 27 Earth Magic
   Level 5.0 Poison Magic
 O Level 27 Invocations
 O Level 27 Evocations


You had 5 spell levels left.
You knew the following spells:

 Your Spells              Type           Power        Failure   Level  Hunger
a - Regeneration          Chrm/Necr      ######....   0%          3    N/A
b - Animate Dead          Necr           N/A          0%          4    N/A
c - Control Undead        Necr           ######....   0%          4    N/A
d - Tornado               Air            ######....   12%         9    N/A
e - Ozocubu's Refrigerat  Ice            ######....   1%          6    N/A
f - Ozocubu's Armour      Chrm/Ice       ######..     0%          3    N/A
g - Stoneskin             Trmt/Erth      ######..     0%          2    N/A
h - Shatter               Erth           ######....   12%         9    N/A
i - Song of Slaying       Chrm           ######..     0%          2    N/A
j - Glaciate              Conj/Ice       ######....   12%         9    N/A
k - Necromutation         Trmt/Necr      ######....   1%          8    N/A
l - Discord               Hex            ######....   1%          8    N/A
p - Controlled Blink      Tloc           N/A          1%          8    N/A

Dungeon Overview and Level Annotations

Branches:
Dungeon (15/15)            Temple (1/1) D:7            Lair (8/8) D:8
  Swamp (4/4) Lair:6       Spider (4/4) Lair:6        Slime (6/6) Lair:8
    Orc (2/2) D:9             Elf (3/3) Orc:2        Vaults (5/5) D:13
  Crypt (3/3) Vaults:2       Tomb (3/3) Crypt:3      Depths (5/5) D:15
   Hell (1/1)                 Dis (7/7) Hell            Geh (7/7) Hell
    Coc (7/7) Hell            Tar (7/7) Hell            Zot (5/5) Depths:5

Altars:
Ashenzari
Cheibriados
Dithmenos
Elyvilon
Fedhas
Gozag
Kikubaaqudgha
Makhleb
Nemelex Xobeh
Okawaru
Pakellas
Qazlal
Ru
Sif Muna
Trog
Vehumet
Xom
Yredelemnul
Zin
The Shining One
Beogh
Jiyva

Shops:
D:4 :?}   D:10 (   Orc:2 =[(?   Elf:1 !   Elf:3 =   Vaults:5 !!!?!!!
Depths:3 (

Portals:
Hell: Depths:1 Depths:2 Depths:3 Depths:4 Depths:5
Abyss: Depths:4
Pandemonium: Depths:3
Trove: D:10 (give +4 ice dragon armour)

Annotations:
Orc:1 1 exclusion
Zot:5 1 exclusion


Innate Abilities, Weirdness & Mutations

You have a pair of large horns on your head.
You are completely covered in thin metallic scales (AC +4, rElec).
You resist negative energy.
You regenerate a lot of health from kills.
You are powered by pain.
You are somewhat able to resist unholy torments (1 in 2 success).
Your melee attacks may debilitate your foes.


Message History

There is a stone staircase leading up, spattered with blood here.
You fly upwards.
There is a stone staircase leading down here.
There is a staircase leading out of the dungeon here.
Casting: Shatter
Confirm with . or Enter, or press ? or * to list all spells.
Your body is suffused with negative energy!
You remove the amulet of the Four Winds {rN+ MR+++ Clar}.
You feel less regenerative.
You sense that the amulet cannot attune itself to your exhausted body.
K - the amulet "Rifah" (around neck) {MPRegen rPois rC++ Int-4 Dex+4} Unknown command.
Wield which item (- for none, * to show all)? (? for menu, Esc to quit)
You feel the dreadful sensation subside.
The scimitar bursts into red hot flame!
c - the +6 scimitar of Flaming Death (weapon)
{sticky flame, rPois rF++ rC- MR+} Wield which item (- for none, * to show all)? (? for menu, Esc to quit)
Okay, then.
You can't go down here!
You have escaped!

).####.####.###...#########.#....
..# #.#..........#.......#.#....
..# #...≈≈§≈...##...≈≈≈≈...#####
..####..≈≈§§§≈......≈≈≈≈≈≈..#
........≈§≈≈≈≈......≈≈≈≈≈≈..#
........≈§≈≈≈≈......≈≈≈≈≈≈..#
.........§≈≈§.§##'#..≈≈≈≈...#
..............###.##........#
......#.......+.L>.+.......##
##....######..###.##..######
..........##...##+#...#
..........##..........#
..........###........##
..........# #####..###
.†........# #..# ..........# ##.#
..........# #>#


There were no monsters in sight!

Vanquished Creatures
  Cerebov (Pan)
  Antaeus (Coc:7)
  the Royal Jelly (Slime:6)
  Asmodeus (Geh:7)
  Ereshkigal (Tar:7)
  Gloorx Vloq (Pan)
  Ignacio (Pan)
  2 seraphim the Serpent of Hell (Coc:7)
  Mnoleg (Pan)
  Dispater (Dis:7)
  Khufu (Crypt:1)
  24 orbs of fire
  Mara (Tomb:2)
  Mennas (Pan)
  44 greater mummies
  320 pandemonium lords
  12 juggernauts
  16 iron giants
  Boris (Depths:4)
  Norris (Vaults:3)
  88 ancient liches
  Saint Roka (Depths:5)
  67 shard shrikes
  2 caustic shrikes (shapeshifter)
  5 curse toes
  108 golden dragons
  176 Killer Klowns
  Nikola (Spider:2)
  24 caustic shrikes
  Geryon (Hell)
  38 profane servitors
  Jory (Depths:3)
  Arachne (Spider:4)
  69 pearl dragons
  82 bone dragons
  23 hellephants
  46 electric golems
  21 doom hounds
  Jorgrun (Depths:2)
  119 Brimstone Fiends
  71 tentacled monstrosities
  84 Hell Sentinels
  Rupert (Lair:7)
  33 Orb Guardians
  100 liches
  116 titans
  Asterion (Vaults:2)
  86 deep elf blademasters
  132 Ice Fiends
  9 quicksilver dragons (shapeshifter)
  127 Shadow Fiends
  145 deep elf master archers
  65 quicksilver dragons
  Murray (Hell)
  130 Executioners
  33 thorn hunters
  9 eldritch tentacles
  3 death cobs
  14 sphinxes (shapeshifter)
  70 shadow dragons
  95 acid blobs
  130 tentacled starspawn
  24 sphinxes
  95 ancient champions
  7 storm dragons (shapeshifter)
  13 azure jellies (shapeshifter)
  117 storm dragons
  14 shadow dragons (shapeshifter)
  143 draconian monks
  21 tengu reavers
  103 revenants
  247 greater nagas
  84 daevas
  49 azure jellies
  99 frost giants
  Wiglaf (Spider:4)
  80 fire giants
  Maud (Lair:4)
  197 balrugs
  121 draconian scorchers
  17 deep elf sorcerers
  Aizul (Swamp:2)
  10 fire giants (shapeshifter)
  11 frost giants (shapeshifter)
  146 ghost moths
  31 emperor scorpions
  59 vault wardens
  218 draconian knights
  A ghost moth (shapeshifter) (Zig:7)
  A spectral caustic shrike (Zig:19)
  168 orc warlords
  54 iron dragons
  132 draconian shifters
  148 draconian zealots
  70 curse skulls
  2 emperor scorpions (shapeshifter)
  10 deep elf elementalists
  34 ghouls
  142 cacodemons
  18 juggernaut zombies
  72 ironheart preservers
  92 black suns
  12 caustic shrike zombies
  285 reapers
  17 caustic shrike skeletons
  11 stone giants (shapeshifter)
  103 angels
  287 stone giants
  153 very ugly things
  88 ophanim
  50 war gargoyles
  90 warmongers
  10 juggernaut skeletons
  3 elemental wellsprings
  117 draconian annihilators
  99 corrupters
  147 draconian callers
  70 blood saints
  7 apis (shapeshifter)
  79 apis
  41 salamander stormcallers
  71 black draconians
  17 bennus
  128 chaos champions
  105 deep elf demonologists
  94 green draconians
  87 white draconians
  91 red draconians
  40 spark wasps
  88 yellow draconians
  11 dire elephants (shapeshifter)
  93 vampire knights
  2 spectral titans (Zig:19)
  81 mottled draconians
  80 lorocyprocas
  89 deep elf annihilators
  56 dire elephants
  100 purple draconians
  92 eidola
  Snorg (D:10)
  93 merfolk javelineers
  24 death oozes
  152 green deaths
  A minotaur (shapeshifter) (Zig:23)
  63 deep elf death magi
  14 crystal guardians
  46 ettins
  78 fire dragons
  46 jiangshi
  12 quicksilver dragon zombies
  3 kraken zombies
  A fire dragon (shapeshifter) (Zig:25)
  163 blizzard demons
  A spectral golden dragon (Zig:10)
  55 mummy priests
  8 minotaurs
  89 deep elf high priests
  3 great orbs of eyes (shapeshifter)
  24 merfolk impalers
  28 vault guards
  Josephine (D:12)
  90 yaktaur captains
  2 spectral krakens (Tar:7)
  37 rakshasas
  59 great orbs of eyes
  53 hell beasts
  2 ice dragons (shapeshifter)
  59 entropy weavers
  31 ghost crabs
  2 caustic shrike simulacra
  99 ice dragons
  2 spectral tengu
  2 entropy weavers (shapeshifter)
  3 hydras (shapeshifter)
  9 quicksilver dragon skeletons
  9 merfolk avatars
  4 juggernaut simulacra
  156 hydras
  5 ghost crabs (shapeshifter)
  51 monstrous demonspawn
  A catoblepas (shapeshifter) (Zig:20)
  54 catoblepae
  52 centaur warriors
  13 alligator snapping turtles
  10 iron giant zombies
  21 death knights
  49 spriggan air magi
  A spectral sphinx (Depths:3)
  Harold (D:10)
  2 queen ants (shapeshifter)
  Erica (D:8)
  66 naga warriors
  40 merfolk aquamancers
  180 dancing weapons
  58 alligators
  19 satyrs
  16 alligator snapping turtles (shapeshifter)
  43 ogre magi
  3 iron giant skeletons
  44 anacondas
  20 death yaks
  11 deep troll shamans
  5 anacondas (shapeshifter)
  118 vampire magi
  A spectral spriggan (Zig:10)
  15 titan zombies
  A satyr (shapeshifter) (Zig:27)
  127 thrashing horrors
  4 death yaks (shapeshifter)
  4 tengu warriors
  126 shock serpents
  8 shock serpents (shapeshifter)
  4 deep troll earth magi
  4 spriggan berserkers
  44 hell hogs
  154 orc high priests
  3 spectral elves (Zig:19)
  5 hell hogs (shapeshifter)
  128 deep elf knights
  23 storm dragon zombies
  185 sun demons
  111 naga sharpshooters
  12 iron golems
  78 hell knights
  12 fire crabs
  25 storm dragon skeletons
  11 iron trolls (shapeshifter)
  44 spatial maelstroms
  Nergalle (Lair:4)
  82 iron trolls
  20 titan skeletons
  A fire crab (shapeshifter) (Zig:7)
  169 soul eaters
  106 wretched stars
  244 skeletal warriors
  3 unseen horrors (shapeshifter)
  89 shadow wraiths
  59 death drakes
  21 unseen horrors
  3 ghost moth zombies
  2 deep trolls (shapeshifter)
  14 spark wasp zombies
  29 sea snakes
  120 flayed ghosts
  77 death scarabs
  40 deep trolls
  A quicksilver dragon simulacrum (Zig:22)
  30 golden dragon zombies
  24 shambling mangroves
  69 cherubim
  33 spriggan druids
  25 salamander mystics
  A sea snake (shapeshifter) (Abyss:1)
  41 gelid demonspawn
  46 infernal demonspawn
  49 naga ritualists
  49 harpies
  30 giant orange brains
  22 golden dragon skeletons
  12 anaconda skeletons
  15 anaconda zombies
  97 phantasmal warriors
  9 giant orange brains (shapeshifter)
  5 hill giants (shapeshifter)
  108 swamp dragons
  120 shadow demons
  128 deep elf archers
  47 putrid demonspawn
  48 torturous demonspawn
  5 swamp dragons (shapeshifter)
  4 anubis guards (shapeshifter)
  63 orc knights
  22 tengu zombies
  53 ironbrand convokers
  44 mana vipers
  19 shadow dragon zombies
  27 hill giants
  522 large abominations
  2 lindwurms (shapeshifter) (Zig:23)
  347 deep elf magi
  5 wizards
  8 mana vipers (shapeshifter)
  8 wolf spider zombies
  2 harpies (shapeshifter)
  155 orb spiders
  4 lindwurms (Depths:5)
  2 oklob plants (Lair:2)
  28 necromancers
  24 frost giant zombies
  4 orb spiders (shapeshifter)
  20 shadow dragon skeletons
  13 sphinx zombies
  3 iron giant simulacra
  39 shining eyes
  98 cyclopes
  54 anubis guards
  119 orc sorcerers
  184 wolf spiders
  2 griffons (shapeshifter)
  23 fire giant zombies
  13 stone giant zombies
  4 hornets (shapeshifter)
  166 hornets
  5 wolf spiders (shapeshifter)
  26 salamanders
  2 water nymphs (shapeshifter)
  22 manticores
  23 fauns
  5 shining eyes (shapeshifter)
  119 ugly things
  26 iron dragon zombies
  3 cyclopes (shapeshifter)
  4 elephants (shapeshifter)
  3 fauns (shapeshifter)
  10 sphinx skeletons
  29 griffons
  2 moths of wrath (shapeshifter)
  131 sixfirhies
  152 moths of wrath
  27 water nymphs
  5 salamanders (shapeshifter)
  3 manticores (shapeshifter)
  16 tengu skeletons
  240 black mambas
  79 rust devils
  33 spriggan zombies
  16 iron dragon skeletons
  4 octopodes (shapeshifter)
  7 centaur zombies
  Maurice (D:10)
  5 ice statues
  16 stone giant skeletons
  26 elephants
  20 fire giant skeletons
  8 dire elephant zombies
  54 vault sentinels
  37 worldbinders
  7 black mambas (shapeshifter)
  3 molten gargoyles
  2 shock serpent zombies
  27 sirens
  75 guardian serpents
  116 naga magi
  128 apocalypse crabs
  8 dire elephant skeletons
  315 smoke demons
  12 titan simulacra
  28 eyes of devastation
  5 guardian serpents (shapeshifter)
  8 torpor snails (shapeshifter)
  22 torpor snails
  29 frost giant skeletons
  199 hellions
  4 shock serpent skeletons
  9 storm dragon simulacra
  3 gargoyles
  5 human zombies
  44 elf skeletons
  152 orange demons
  6 catoblepas zombies
  8 emperor scorpion zombies
  A white draconian zombie (Crypt:1)
  129 spiny frogs
  13 kobold demonologists
  7 yaktaurs (shapeshifter)
  51 efreet
  37 komodo dragons
  101 guardian mummies
  10 spectral swamp worms (Tar:7)
  3 tengu conjurers
  An anaconda simulacrum (Coc:1)
  60 fire drakes
  138 yaktaurs
  94 hellwings
  2 komodo dragons (shapeshifter)
  198 demonic crawlers
  A pale draconian skeleton (Crypt:1)
  2 spectral glowing shapeshifters
  211 tormentors
  71 trolls
  2 entropy weaver zombies
  A ghost moth simulacrum (Crypt:3)
  2 fire drakes (shapeshifter) (Zig:6)
  2 polar bears (shapeshifter) (Zig:27)
  3 silent spectres
  2 golden dragon simulacra
  133 ice devils
  A yaktaur skeleton (Zig:3)
  5 merfolk (shapeshifter)
  7 harpy zombies
  3 queen bees (shapeshifter)
  2 giant leeches (shapeshifter)
  134 ancient zymes
  22 hydra zombies
  163 red devils
  4 jumping spiders (shapeshifter)
  5 wind drakes (shapeshifter)
  146 jumping spiders
  2 sea snake skeletons (Crypt:2)
  2 trolls (shapeshifter)
  A catoblepas skeleton (Geh:4)
  102 freezing wraiths
  145 merfolk
  Grinder (D:6)
  A sphinx simulacrum (Zig:21)
  A purple draconian skeleton (Geh:4)
  The ghost of Trivium the Covered, an amateur DsFi (D:4)
  28 two-headed ogres
  4 tengu simulacra
  43 boulder beetles
  3 shadow dragon simulacra
  60 bog bodies
  3 harpy skeletons
  9 polar bears
  207 raiju
  A boulder beetle (shapeshifter) (Zig:27)
  15 wind drakes
  A deep troll zombie (Hell)
  18 ettin zombies
  62 blink frogs
  43 giant leeches
  3 snapping turtles (shapeshifter)
  22 snapping turtles
  9 hydra skeletons
  5 fire dragon zombies
  267 slime creatures
  40 elf zombies
  16 ice dragon zombies
  A removed MONS_TRAPDOOR_SPIDER zombie (Crypt:2)
  13 alligator zombies
  33 ushabtiu
  A blink frog (shapeshifter) (Zig:23)
  3 iron dragon simulacra
  2 fire giant simulacra (Coc:1)
  2 raiju (shapeshifter)
  5 slime creatures (shapeshifter)
  302 flying skulls
  3 spriggans (shapeshifter)
  15 ettin skeletons
  18 fire dragon skeletons
  98 air elementals
  111 removed MONS_TRAPDOOR_SPIDERs
  A deep troll skeleton (Zig:3)
  2 centaur simulacra (D:15)
  72 water elementals
  11 ice dragon skeletons
  4 redbacks (shapeshifter)
  7 spriggan simulacra
  3 vampires
  2 alligator skeletons
  6 tarantellas (shapeshifter)
  20 wyverns
  212 ynoxinuls
  Eustachio (D:7)
  4 removed
  MONS_TRAPDOOR_SPIDERs (shapeshifter)
  145 tarantellas
  A wyvern (shapeshifter) (Zig:20)
  2 yaks (shapeshifter)
  4 black mamba zombies
  185 redbacks
  14 fire bats
  86 shadows
  4 hogs (shapeshifter)
  126 wraiths
  17 spriggans
  80 yaks
  A basilisk (shapeshifter) (Zig:11)
  88 fire elementals
  A human (shapeshifter) (Zig:8)
  2 fire bats (shapeshifter)
  43 golden eyes
  3 golden eyes (shapeshifter)
  218 small abominations
  8 basilisks
  158 neqoxecs
  36 steam dragons
  Menkaure (D:5)
  49 hippogriffs
  15 hungry ghosts
  A human simulacrum (Vaults:1)
  254 chaos spawn
  39 mottled dragons
  3 hippogriffs (shapeshifter)
  88 vampire mosquitoes
  23 swamp worms
  5 spatial vortices
  A gelid demonspawn zombie (Abyss:1)
  17 wolves
  5 swamp worms (shapeshifter)
  56 nagas
  A mottled dragon (shapeshifter) (Zig:27)
  4 soldier ants
  61 wargs
  3 soldier ants (shapeshifter)
  80 water moccasins
  3 nagas (shapeshifter)
  172 hell hounds
  72 insubstantial wisps
  13 spiny frog zombies
  2 water moccasins (shapeshifter)
  A merfolk skeleton (Geh:5)
  22 porcupines
  3 hydra simulacra
  88 swamp drakes
  5 human skeletons
  68 ice beasts
  An ice dragon simulacrum (Coc:1)
  7 sky beasts
  2 ettin simulacra
  A swamp drake (shapeshifter) (Zig:7)
  321 orc warriors
  69 wasps
  4 manticore zombies
  3 eyes of draining (shapeshifter)
  A black bear (shapeshifter) (Zig:22)
  55 eyes of draining
  5 spiny frog skeletons
  76 necrophages
  10 snapping turtle zombies
  3 alligator simulacra
  A black bear (D:6)
  2 fire dragon simulacra (Abyss:1)
  4 swamp dragon zombies
  5 boggarts
  19 phantoms
  82 centaurs
  210 ogres
  4 snapping turtle skeletons
  71 crocodiles
  4 manticore skeletons
  8 big kobolds
  13 elf simulacra
  A giant frog (shapeshifter) (Vaults:5)
  A gnoll sergeant (Zig:7)
  A komodo dragon zombie (Crypt:2)
  26 giant frogs
  46 earth elementals
  8 glowing shapeshifter simulacra
  2 wyvern skeletons
  4 spiny frog simulacra
  8 scorpions
  A raiju zombie (Crypt:2)
  8 killer bees
  89 wights
  6 electric eels
  34 spriggan skeletons
  A lava snake (Lair:7)
  22 crimson imps
  14 quasits
  A yaktaur simulacrum (Vaults:1)
  A giant frog zombie (D:12)
  381 starcursed masses
  7 hounds
  A jelly (shapeshifter) (Vaults:1)
  78 orc priests
  3 gnoll shamans
  183 jellies
  70 orc wizards
  10 centaur skeletons
  A giant frog skeleton (D:9)
  75 iron imps
  10 iguanas
  A lightning spire (Zig:15)
  12 worker ants
  A hell rat (shapeshifter) (Zig:20)
  A killer bee zombie (D:8)
  59 sheep
  A deep dwarf zombie (Crypt:1)
  A demigod zombie (Crypt:1)
  A felid zombie (Crypt:1)
  2 naga zombies
  A hound zombie (D:8)
  A naga skeleton (Geh:7)
  157 mummies
  3 hound skeletons
  2 worker ant zombies (D:10)
  Robin (D:2)
  13 adders
  12 gnolls
  80 river rats
  42 shadow imps
  38 white imps
  A giant eyeball (shapeshifter) (Zig:27)
  23 ufetubi
  3 oozes
  2 worms
  4 giant geckos
  154 orcs
  3 bats
  2 bat zombies (D:9)
  3 giant cockroaches
  13 goblins
  8 hobgoblins
  9 jackals
  23 kobolds
  6 quokkas
  A ball python (D:3)
  3 giant newts
  A kobold zombie (Coc:7)
  3 orc zombies
  A quokka skeleton (D:5)
  A quokka zombie (D:9)
  7 rats
  2 rat zombies (D:9)
  A river rat zombie (Crypt:1)
  127 blocks of ice
  97 briar patches
  105 crawling corpses
  2 eldritch tentacle segments
  47 fire vortices
  A fulminant prism (Zig:27)
  A fungus (Lair:6)
  3 lost souls
  4 lurking horrors (Abyss:1)
  3 plants
  3 spectral weapons
  89 starspawn tentacles
  8 starspawn tentacle segments
  10 tentacles
  2 tentacle segments
28186 creatures vanquished.

Vanquished Creatures (collateral kills)
  Lom Lobon (Pan)
  2 Killer Klowns (Zig:14)
  3 pandemonium lords
  2 hellephants (Zig:25)
  2 titans (Zig:19)
  A thorn hunter (Zig:26)
  A fire giant (shapeshifter) (Zig:14)
  A vault warden (Zig:19)
  An ironheart preserver (Zig:15)
  An angel (Zig:24)
  A draconian annihilator (Zig:11)
  2 stone giants
  A dire elephant (Zig:25)
  A green draconian (Zig:11)
  A red draconian (Zig:11)
  A mottled draconian (Zig:14)
  An ettin (Zig:19)
  5 yaktaur captains
  An ogre mage (Zig:19)
  A catoblepas (Zig:25)
  A spriggan air mage (Depths:3)
  2 centaur warriors (Zig:26)
  4 naga sharpshooters (Zig:26)
  An orc high priest (Zig:19)
  A sea snake (Zig:13)
  A deep troll (Zig:19)
  A harpy (Zig:13)
  3 orc sorcerers (Zig:19)
  2 cyclopes (Zig:26)
  2 griffons (Zig:25)
  A hornet (Zig:25)
  A manticore (Zig:13)
  5 moths of wrath (Zig:19)
  3 black mambas (Zig:25)
  A water nymph (Zig:13)
  A vault sentinel (Zig:19)
  An orange demon (Abyss:1)
  A spiny frog (Zig:25)
  A komodo dragon (Zig:25)
  3 yaktaurs
  A troll (Zig:19)
  A jumping spider (Zig:25)
  3 slime creatures
  A flying skull (Zig:20)
  A redback (Zig:16)
  A wyvern (Zig:25)
  A yak (Zig:25)
  3 hippogriffs (Zig:25)
  A chaos spawn (Zig:14)
  2 water moccasins (Zig:25)
  An orc warrior (Zig:19)
  A centaur (Zig:26)
  2 crocodiles (Zig:25)
  2 orc priests
  An orc wizard (Zig:19)
  2 jellies
  3 river rats (Zig:25)
  An orc (D:10)
  A briar patch (Zig:26)
95 creatures vanquished.

Vanquished Creatures (others)
  3 ancient liches
  A shard shrike (Zig:22)
  3 Killer Klowns (Zig:27)
  A golden dragon (Zig:23)
  A bone dragon (Zig:27)
  4 Brimstone Fiends
  3 tentacled monstrosities
  12 pandemonium lords
  2 liches
  An Ice Fiend (Zig:10)
  4 deep elf blademasters
  14 deep elf master archers
  An Executioner (Zig:12)
  A sphinx (shapeshifter) (Zig:27)
  A shadow dragon (shapeshifter) (Zig:27)
  7 eldritch tentacles
  A daeva (Zig:24)
  4 tengu reavers
  2 shadow dragons
  2 thorn hunters
  4 draconian monks
  8 draconian scorchers
  3 fire giants (shapeshifter)
  2 revenants
  An emperor scorpion (Zig:24)
  A vault warden (Zig:19)
  3 greater nagas
  An iron dragon (Zig:22)
  15 draconian knights
  6 fire giants
  2 cacodemons
  A corrupter (Zig:16)
  4 orc warlords
  A draconian zealot (Zig:27)
  3 balrugs
  2 frost giants
  5 draconian shifters
  3 ghouls
  A warmonger (Zig:19)
  A juggernaut zombie (Zig:10)
  A caustic shrike zombie (Zig:20)
  6 draconian annihilators
  5 ironheart preservers
  10 stone giants
  5 reapers
  2 war gargoyles
  2 blood saints
  4 draconian callers
  A vampire knight (Zig:27)
  A green draconian (Zig:13)
  An apis (shapeshifter) (Zig:27)
  An elemental wellspring (Coc:7)
  A deep elf demonologist (Zig:11)
  A juggernaut skeleton (Zig:20)
  A deep elf annihilator (Zig:6)
  A bennu (Tomb:2)
  2 chaos champions
  3 starcursed masses
  3 black suns
  A lorocyproca (Zig:19)
  2 purple draconians
  2 black draconians (Zig:13)
  An ettin (Zig:17)
  2 white draconians (Zig:13)
  A red draconian (Zig:13)
  4 blizzard demons
  A merfolk impaler (Zig:13)
  9 merfolk javelineers
  5 green deaths
  A quicksilver dragon zombie (Zig:10)
  3 great orbs of eyes
  3 deep elf death magi
  A vault guard (Vaults:5)
  2 entropy weavers
  3 deep elf high priests
  A caustic shrike simulacrum (Zig:22)
  10 yaktaur captains
  27 hydras
  11 centaur warriors (Zig:26)
  A quicksilver dragon skeleton (Zig:24)
  A ghost crab (Zig:8)
  A death knight (Zig:23)
  2 satyrs
  2 hell beasts
  A catoblepas (Zig:15)
  8 alligators
  4 dancing weapons
  A merfolk aquamancer (Zig:22)
  An iron giant zombie (Zig:17)
  An alligator snapping turtle (shapeshifter) (Zig:27)
  An ogre mage (Vaults:2)
  A shock serpent (Zig:19)
  4 titan zombies
  2 large abominations (Zig:20)
  3 naga sharpshooters
  A soul eater (Zig:19)
  A sun demon (Pan)
  2 orc high priests (Zig:26)
  4 deep elf knights
  A hell hog (shapeshifter) (Zig:7)
  2 titan skeletons
  A spatial maelstrom (Zig:20)
  A salamander mystic (Zig:18)
  2 death drakes (Zig:15)
  2 skeletal warriors
  2 shadow wraiths
  4 death scarabs
  2 storm dragon zombies (Zig:10)
  2 iron trolls
  A golden dragon zombie (Zig:20)
  4 sea snakes
  7 spriggan druids
  An unseen horror (shapeshifter) (Zig:6)
  2 spark wasp zombies (Zig:9)
  An unseen horror (Vaults:1)
  A deep troll (Vaults:2)
  4 deep elf archers
  13 swamp dragons
  A shambling mangrove (Zig:15)
  A shadow dragon zombie (Zig:10)
  2 shadow demons
  A harpy (Zig:13)
  2 ironbrand convokers (Zig:25)
  A necromancer (Zig:10)
  2 sphinx zombies
  A golden dragon skeleton (Zig:10)
  An orb spider (Zig:21)
  An orc sorcerer (Zig:7)
  A griffon (Zig:22)
  A tengu skeleton (Zig:10)
  10 deep elf magi
  4 fauns
  2 shadow dragon skeletons
  2 wolf spiders (Zig:21)
  3 hornets
  2 manticores
  2 sphinx skeletons
  2 water nymphs
  A stone giant zombie (Zig:7)
  5 cyclopes
  3 ugly things
  3 frost giant skeletons
  6 black mambas
  A moth of wrath (Zot:5)
  3 guardian serpents (Zig:24)
  A naga mage (Zig:6)
  A rust devil (Pan)
  3 vault sentinels
  2 gargoyles (Zig:5)
  3 spriggan zombies
  A torpor snail (Zig:21)
  15 spiny frogs
  2 spriggan skeletons (Zig:24)
  4 hellions (Pan)
  A demonic crawler (Zig:21)
  2 elf skeletons
  8 yaktaurs
  An ice devil (Zig:21)
  6 fire drakes
  A hydra zombie (Tomb:2)
  3 ancient zymes (Zig:18)
  3 freezing wraiths
  5 tormentors
  3 merfolk
  5 jumping spiders
  10 giant leeches
  A hydra skeleton (Coc:7)
  4 blink frogs
  7 slime creatures
  A snapping turtle (Zig:22)
  2 ushabtiu
  3 bog bodies
  A fire dragon zombie (Hell)
  4 ynoxinuls
  7 flying skulls
  2 elf zombies
  A fire dragon skeleton (Geh:7)
  3 redbacks
  2 yaks
  2 redbacks (shapeshifter)
  3 air elementals
  An ice dragon skeleton (Coc:7)
  2 spriggans
  A wyvern (Zig:22)
  A golden eye (Zig:23)
  16 water elementals
  A basilisk (Zig:15)
  A tarantella (Zig:16)
  2 fire elementals
  A chaos spawn (Zig:7)
  A steam dragon (Zig:22)
  A warg (shapeshifter) (Vaults:1)
  3 neqoxecs
  6 mottled dragons
  A vampire mosquito (Zig:8)
  8 insubstantial wisps
  A warg (Zig:19)
  A hell hound (Zig:20)
  A naga (Zig:24)
  A hell hound (shapeshifter) (Zig:27)
  A water moccasin (Zig:15)
  A human skeleton (Zig:10)
  9 orc warriors
  29 swamp drakes
  An ice beast (Zig:22)
  23 wasps
  A boggart (Depths:3)
  A boggart (shapeshifter) (Zig:27)
  11 centaurs
  5 ogres
  A crocodile (Zig:15)
  An earth elemental (Zig:11)
  A small abomination (Zig:20)
  A wight (Tar:3)
  A jelly (Zig:20)
  An orc priest (Zig:26)
  3 iron imps
  2 mummies (Tomb:2)
  A river rat (Zig:25)
  A white imp (Coc:7)
  3 ball lightnings (Pan)
  356 blocks of ice
  34 briar patches
  17 crawling corpses
  838 eldritch tentacle segments
  3 fire vortices (Geh:7)
  A fulminant prism (Pan)
  A fungus (D:8)
  15 lost souls
  8 lurking horrors (Abyss:1)
  19 plants
  2 spectral weapons
  120 starspawn tentacles
  1943 starspawn tentacle segments
  20 tentacles
  390 tentacle segments
4473 creatures vanquished.

Grand Total: 32754 creatures vanquished

Notes
Turn   | Place    | Note
--------------------------------------------------------------
     0 | D:1      | Trivium the Demonspawn Fighter began the quest for the Orb.
     0 | D:1      | Reached XP level 1. HP: 18/18 MP: 1/1
   167 | D:1      | Gained mutation: You sometimes gain a little power by taking damage. [demonic ancestry]
   167 | D:1      | Reached XP level 2. HP: 22/24 MP: 2/2
   473 | D:2      | Noticed Robin
   533 | D:2      | Killed Robin
   533 | D:2      | Reached skill level 1 in Dodging
   533 | D:2      | Gained mutation: You are partially covered in thin metallic scales (AC +2). [demonic ancestry]
   533 | D:2      | Reached XP level 3. HP: 9/29 MP: 3/3
   806 | D:2      | Found a blossoming altar of Fedhas.
   941 | D:2      | Found a basalt altar of Yredelemnul.
  1007 | D:2      | Found a glowing golden altar of the Shining One.
  1044 | D:2      | Found a shadowy altar of Dithmenos.
  1044 | D:2      | Found an iron altar of Okawaru.
  1045 | D:2      | Found a shimmering altar of Xom.
  1072 | D:2      | Found a deep blue altar of Sif Muna.
  1118 | D:2      | Found a glowing silver altar of Zin.
  1287 | D:2      | Gained mutation: You regenerate a little health from kills. [demonic ancestry]
  1287 | D:2      | Reached XP level 4. HP: 33/35 MP: 4/4
  1627 | D:2      | Became a worshipper of Warmaster Okawaru
  2140 | D:4      | Noticed Trivium's ghost (amateur DsFi)
  2300 | D:4      | Gained mutation: You are mostly covered in thin metallic scales (AC +3). [demonic ancestry]
  2300 | D:4      | Reached XP level 5. HP: 37/41 MP: 5/5
  2321 | D:4      | Noticed Eustachio
  2573 | D:4      | Found Wiguf's Magic Scroll Shop.
  2587 | D:4      | Bought a scroll of identify for 22 gold pieces
  2587 | D:4      | Bought a scroll of identify for 22 gold pieces
  2587 | D:4      | Bought a scroll of magic mapping for 38 gold pieces
  2589 | D:4      | Bought 3 scrolls of identify for 66 gold pieces
  2604 | D:4      | Found Teumep's Book Boutique.
  2683 | D:4      | Found an oddly glowing altar of Pakellas.
  2687 | D:4      | Reached XP level 6. HP: 47/47 MP: 6/6
  2708 | D:4      | Found Vohuw's Gadget Shoppe.
  2914 | D:4      | Killed Trivium's ghost
  2914 | D:4      | Reached * piety under Okawaru
  2914 | D:4      | Reached skill level 4 in Axes
  2921 | D:4      | Gained mutation: You are completely covered in thin metallic scales (AC +4, rElec). [demonic ancestry]
  2921 | D:4      | Reached XP level 7. HP: 46/53 MP: 7/7
  3099 | D:4      | Found a shattered altar of Ashenzari.
  3117 | D:5      | Entered Level 5 of the Dungeon
  3480 | D:5      | Noticed Menkaure
  3489 | D:5      | Killed Menkaure
  3496 | D:5      | Reached skill level 5 in Axes
  3706 | D:6      | Reached ** piety under Okawaru
  3731 | D:6      | Found an opulent altar of Gozag.
  3871 | D:6      | Reached XP level 8. HP: 56/60 MP: 8/8
  3940 | D:6      | Noticed Grinder
  3948 | D:6      | Paralysed by Grinder for 5 turns
  3972 | D:6      | Killed Grinder
  4191 | D:6      | Reached skill level 6 in Axes
  4296 | D:6      | Reached skill level 5 in Shields
  4820 | D:7      | Found a staircase to the Ecumenical Temple.
  4858 | D:7      | Reached skill level 5 in Armour
  4865 | D:7      | Noticed a five-headed hydra
  4931 | D:8      | Found a staircase to the Lair.
  4954 | D:8      | Reached *** piety under Okawaru
  4956 | D:8      | Gained mutation: You have a pair of small horns on your head. [demonic ancestry]
  4956 | D:8      | Reached XP level 9. HP: 66/66 MP: 7/9
  4961 | D:8      | Reached skill level 7 in Axes
  5290 | D:8      | Reached skill level 8 in Axes
  5362 | D:8      | Reached **** piety under Okawaru
  5425 | D:8      | Noticed Erica
  5510 | D:8      | Reached skill level 5 in Fighting
  5787 | Lair:1   | Entered Level 1 of the Lair of Beasts
  5936 | Lair:1   | Noticed a seven-headed hydra
  6162 | D:8      | Killed Erica
  6162 | D:8      | Reached skill level 9 in Axes
  6162 | D:8      | Gained mutation: You regenerate health from kills. [demonic ancestry]
  6162 | D:8      | Reached XP level 10. HP: 29/74 MP: 4/10
  6164 | D:8      | Reached skill level 10 in Axes
  6164 | D:8      | Reached skill level 5 in Dodging
  6164 | D:8      | Gained mutation: You have a pair of horns on your head. [demonic ancestry]
  6164 | D:8      | Reached XP level 11. HP: 31/83 MP: 4/14
  6847 | D:9      | Found a staircase to the Orcish Mines.
  6939 | D:9      | Reached ***** piety under Okawaru
  7009 | D:9      | Reached skill level 5 in Invocations
  7129 | D:9      | Found an ancient bone altar of Kikubaaqudgha.
  7751 | D:10     | Entered Level 10 of the Dungeon
  7840 | D:10     | Gained mutation: You have a pair of large horns on your head. [mutagenic meat]
  7841 | D:10     | Gained mutation: Armour fits poorly on your strangely shaped body. [mutagenic meat]
  7842 | D:10     | Lost mutation: Armour fits poorly on your strangely shaped body. [mutagenic meat]
  7843 | D:10     | Gained mutation: You tend to lose your temper in combat. [mutagenic meat]
  7844 | D:10     | Gained mutation: You have sharp toenails. [mutagenic meat]
  7845 | D:10     | Gained mutation: Scrolls take you a little longer to read. [mutagenic meat]
  7855 | D:10     | Noticed Harold
  7871 | D:10     | Killed Harold
  7871 | D:10     | Received a gift from Okawaru
  7884 | D:10     | Got an ancient scale mail {god gift}
  7909 | D:10     | Noticed a hill giant
  7919 | D:10     | Killed a hill giant
  7977 | D:10     | Killed an unseen horror
  8153 | D:10     | Identified the +4 scale mail of Vankotonyss {MR+ MP+9 Dex+3} (Okawaru gifted it to you on level 10 of the Dungeon)
  8190 | D:10     | Noticed a hill giant
  8201 | D:10     | Killed a hill giant
  8461 | D:10     | Found a portal to a secret trove of treasure.
  8527 | D:10     | Found Juanaw's Weapon Shoppe.
  8854 | D:11     | Noticed Maurice
  8948 | D:9      | Gained mutation: Your spells are a little harder to cast, but a little more powerful. [mutagenic meat]
  8951 | D:9      | Lost mutation: Scrolls take you a little longer to read. [mutagenic meat]
  8952 | D:9      | Gained mutation: You occasionally shout uncontrollably at your foes. [mutagenic meat]
  9126 | Orc:1    | Entered Level 1 of the Orcish Mines
  9173 | Orc:1    | Noticed an orc warlord
  9214 | Orc:1    | Killed an orc warlord
  9294 | Orc:1    | Found a roughly hewn altar of Beogh.
  9348 | Orc:1    | Noticed an orc sorcerer
  9353 | Orc:1    | Gained mutation: You regenerate a lot of health from kills. [demonic ancestry]
  9353 | Orc:1    | Reached XP level 12. HP: 79/92 MP: 17/17
 10112 | Orc:2    | Entered Level 2 of the Orcish Mines
 10223 | Orc:2    | Found a roughly hewn altar of Beogh.
 10227 | Orc:2    | Noticed a stone giant
 10247 | Orc:2    | Killed a stone giant
 10316 | Orc:2    | Found a staircase to the Elven Halls.
 10395 | Orc:2    | Found a roughly hewn altar of Beogh.
 10525 | Orc:1    | Received a gift from Okawaru
 10614 | D:10     | Bought the +10 spear "Doxiv" {pierce, rF+ MR+} for 1037 gold pieces
 10874 | Orc:2    | Noticed an orc high priest
 10874 | Orc:2    | Found a roughly hewn altar of Beogh.
 10874 | Orc:2    | Found Yhoigac's Magic Scroll Shoppe.
 10898 | Orc:2    | Killed an orc high priest
 11067 | Orc:2    | Bought a scroll of blinking for 90 gold pieces
 11123 | Orc:2    | Noticed an orc warlord
 11129 | Orc:2    | Noticed an orc high priest
 11148 | Orc:2    | Killed an orc warlord
 11148 | Orc:2    | Reached skill level 1 in Polearms
 11250 | Orc:2    | Found a roughly hewn altar of Beogh.
 11277 | Orc:1    | Killed an orc high priest
 11659 | Orc:2    | Found Tioc Quira's Jewellery Boutique.
 11729 | Orc:2    | Found Ijogobb's Antique Weapon Emporium.
 11730 | Orc:2    | Found a roughly hewn altar of Beogh.
 11731 | Orc:2    | Found Diepo's Antique Armour Shoppe.
 11843 | Orc:2    | Found a roughly hewn altar of Beogh.
 11965 | Orc:2    | Found a roughly hewn altar of Beogh.
 11972 | Orc:2    | Found a roughly hewn altar of Beogh.
 12242 | Orc:1    | Reached XP level 13. HP: 26/101 MP: 9/19
 12389 | Orc:1    | Received a gift from Okawaru
 12492 | Orc:1    | Noticed a fire giant
 12504 | Orc:1    | Killed a fire giant
 12504 | Orc:1    | Reached ****** piety under Okawaru
 12507 | Orc:1    | Reached skill level 5 in Polearms
 12564 | Orc:1    | Got a polished dire flail
 12573 | Orc:1    | Got a steaming spear
 12581 | Orc:1    | Identified the +1 dire flail "Heruamimn" {pain, Stlth+} (You found it on level 1 of the Orcish Mines)
 12582 | Orc:1    | Identified the cursed +1 spear of Zinokixt {drain, +Blink} (You found it on level 1 of the Orcish Mines)
 12751 | D:7      | Found a white marble altar of Elyvilon.
 12818 | D:7      | Killed Eustachio
 13064 | D:7      | Found a burning altar of Makhleb.
 13695 | Orc:2    | Bought a bloodstained chain mail for 218 gold pieces
 13705 | Orc:2    | Identified the cursed +1 chain mail of a sewer {rF+ Dex+2 Stlth+} (You bought it in a shop on level 2 of the Orcish Mines)
 13748 | Orc:2    | Bought a scroll of remove curse for 36 gold pieces
 14026 | Lair:1   | Reached skill level 10 in Invocations
 14997 | Lair:3   | Received a gift from Okawaru
 15333 | Lair:3   | Reached XP level 14. HP: 104/109 MP: 21/21
 16283 | Lair:4   | Found an iron altar of Okawaru.
 16285 | Lair:4   | Noticed Maud
 16308 | Lair:4   | Killed Maud
 16308 | Lair:4   | Reached skill level 10 in Fighting
 16738 | Lair:4   | Noticed Nergalle
 16751 | Lair:4   | Killed Nergalle
 17221 | Lair:5   | Reached skill level 11 in Invocations
 17247 | Lair:5   | Lost mutation: You tend to lose your temper in combat. [potion of cure mutation]
 17247 | Lair:5   | Lost mutation: You occasionally shout uncontrollably at your foes. [potion of cure mutation]
 17247 | Lair:5   | Lost mutation: You have sharp toenails. [potion of cure mutation]
 17247 | Lair:5   | Lost mutation: Your spells are a little harder to cast, but a little more powerful. [potion of cure mutation]
 17247 | Lair:5   | Lost mutation: You have a pair of large horns on your head. [potion of cure mutation]
 18213 | Lair:6   | Received a gift from Okawaru
 18279 | Lair:6   | Found a hole to the Spider Nest.
 18318 | Lair:6   | Found a staircase to the Swamp.
 19178 | Lair:7   | Noticed Rupert
 19203 | Lair:7   | Killed Rupert
 19203 | Lair:7   | Reached skill level 10 in Shields
 19751 | Lair:8   | Entered Level 8 of the Lair of Beasts
 19772 | Lair:8   | Reached skill level 12 in Invocations
 19830 | Lair:8   | Found a frozen archway.
 19860 | Lair:8   | Received a gift from Okawaru
 19890 | IceCv    | Entered an ice cave
 20074 | IceCv    | Gained mutation: You sometimes gain power by taking damage. [demonic ancestry]
 20074 | IceCv    | Reached XP level 15. HP: 79/117 MP: 24/24
 20172 | Lair:8   | Gained mutation: You tend to lose your temper in combat. [potion of mutation]
 20172 | Lair:8   | Gained mutation: You are covered in fur (AC +1). [potion of mutation]
 20172 | Lair:8   | Gained mutation: You are clumsy. (Dex -2) [potion of mutation]
 20184 | Lair:8   | Found a runed door.
 20186 | Lair:8   | Found a viscous altar of Jiyva.
 20201 | Lair:8   | Found a staircase to the Slime Pits.
 20590 | Lair:8   | Got a jewelled spear
 20591 | Lair:8   | Identified the +10 spear "Lexiseba" {venom, MR- Dex+6} (You found it on level 8 of the Lair of Beasts)
 20663 | Lair:8   | Reached skill level 10 in Dodging
 20739 | Lair:8   | Got a translucent great sword
 20746 | Lair:8   | Identified the +12 great sword of the Cup {holy, rF+} (You found it on level 8 of the Lair of Beasts)
 21141 | Orc:2    | Bought the ring "Duog" {rPois rF+ rC+} for 691 gold pieces
 21338 | D:11     | Noticed Snorg
 21378 | D:10     | Killed Maurice
 21481 | D:10     | Killed Snorg
 21790 | D:11     | Gained mutation: You are occasionally teleported next to monsters. [potion of mutation]
 21790 | D:11     | Gained mutation: Your spells are a little harder to cast, but a little more powerful. [potion of mutation]
 21790 | D:11     | Gained mutation: You evolve. [potion of mutation]
 21815 | D:11     | Received a gift from Okawaru
 21818 | D:11     | Got a steaming broad axe {god gift}
 21819 | D:11     | Identified the +8 broad axe of the Forsaken Gods {chop, rElec} (Okawaru gifted it to you on level 11 of the Dungeon)
 22462 | D:12     | Gained mutation: Your system is resistant to poisons. [mutagenic meat]
 22598 | D:12     | Noticed Josephine
 22609 | D:12     | Killed Josephine
 23604 | D:13     | Found a gate to the Vaults.
 23635 | D:13     | Found a shadowy altar of Dithmenos.
 23743 | D:13     | Gained mutation: Your flesh is cold resistant. [mutagenic meat]
 23763 | D:13     | Gained mutation: Your spells are harder to cast, but more powerful. [mutagenic meat]
 23765 | D:13     | Gained mutation: Your mind is acute. (Int +2) [mutagenic meat]
 23767 | D:13     | Lost mutation: You tend to lose your temper in combat. [mutagenic meat]
 24345 | D:14     | Reached skill level 13 in Invocations
 24360 | D:14     | Gained mutation: You have a pair of large horns on your head. [evolution]
 24504 | D:14     | Received a gift from Okawaru
 25190 | D:15     | Entered Level 15 of the Dungeon
 25641 | D:15     | Found a staircase to the Depths.
 25923 | D:15     | Reached XP level 16. HP: 127/127 MP: 26/26
 26224 | Spider:1 | Entered Level 1 of the Spider Nest
 27035 | Spider:1 | Received a gift from Okawaru
 27044 | Spider:1 | Got a polished scale mail {god gift}
 27055 | Spider:1 | Identified the +2 scale mail "Ogotim" {+Blink rPois Dex-2} (Okawaru gifted it to you on level 1 of the Spider Nest)
 27818 | Spider:2 | Noticed Nikola
 27834 | Spider:2 | HP: 4/129 [jumping spider (3)]
 28114 | Spider:3 | Reached skill level 10 in Armour
 28280 | Spider:3 | Reached skill level 14 in Invocations
 29287 | Spider:2 | Killed Nikola
 29287 | Spider:2 | Received a gift from Okawaru
 29290 | Spider:2 | Got a smoking trident {god gift}
 29291 | Spider:2 | Identified the +4 trident of the Silent Majority {flame, *Noise +Blink rPois Int+4} (Okawaru gifted it to you on level 2 of the Spider Nest)
 29759 | Spider:4 | Entered Level 4 of the Spider Nest
 29765 | Spider:4 | Noticed Arachne
 29789 | Spider:4 | Killed Arachne
 29802 | Spider:4 | Received a gift from Okawaru
 30841 | Swamp:1  | Entered Level 1 of the Swamp
 31040 | Swamp:1  | Reached XP level 17. HP: 129/137 MP: 27/27
 31345 | Swamp:1  | Gained mutation: You are robust (+10% HP). [evolution]
 31621 | Swamp:2  | Noticed Aizul
 31642 | Swamp:2  | Killed Aizul
 33098 | Swamp:4  | Entered Level 4 of the Swamp
 33186 | Swamp:4  | Received a gift from Okawaru
 33262 | Swamp:4  | Got a polished broad axe {god gift}
 33263 | Swamp:4  | Identified the +5 broad axe of the Forest {elec, +Blink rElec rN+ MR+} (Okawaru gifted it to you on level 4 of the Swamp)
 33341 | Swamp:4  | Reached skill level 15 in Invocations
 33391 | Swamp:4  | Got a decaying rune of Zot
 33594 | Swamp:4  | Lost mutation: You are occasionally teleported next to monsters. [evolution]
 34125 | Spider:4 | Noticed Wiglaf
 34136 | Spider:4 | Killed Wiglaf
 34236 | Spider:4 | Got a smoking spear
 34237 | Spider:4 | Identified the +7 spear of the Sky {freeze, rF+ MR+} (You found it on level 4 of the Spider Nest)
 34533 | Spider:4 | Received a gift from Okawaru
 34571 | Spider:4 | Reached XP level 18. HP: 146/160 MP: 29/29
 34958 | Spider:4 | HP: 8/161 [poisoned by a ghost moth]
 34963 | Spider:4 | HP: 6/161 [poisoned by a ghost moth]
 34968 | Spider:4 | HP: 7/161 [poisoned by a ghost moth]
 34973 | Spider:4 | HP: 8/161 [poisoned by a ghost moth]
 34978 | Spider:4 | HP: 7/161 [poisoned by a ghost moth]
 34985 | Spider:4 | HP: 6/161 [poisoned by a ghost moth]
 34992 | Spider:4 | HP: 7/161 [poisoned by a ghost moth]
 35000 | Spider:4 | HP: 7/161 [poisoned by a ghost moth]
 35497 | Spider:4 | Got a gossamer rune of Zot
 35912 | Vaults:1 | Entered Level 1 of the Vaults
 35978 | Vaults:1 | Received a gift from Okawaru
 35993 | Vaults:1 | Received a gift from Okawaru
 36027 | Vaults:1 | Got a translucent shield {god gift}
 36038 | Vaults:1 | Identified the -8 shield "Zimuj" {-Cast rF- Str+7 Int+4} (Okawaru gifted it to you on level 1 of the Vaults)
 36437 | Vaults:1 | Reached skill level 15 in Fighting
 36741 | Vaults:1 | Gained mutation: You are very robust (+20% HP). [evolution]
 37167 | Vaults:2 | Noticed Asterion
 37194 | Vaults:2 | Killed Asterion
 37196 | Vaults:2 | Got an ancient shield
 37207 | Vaults:2 | Identified the +3 shield "Hylib" {+Fly rElec rN+} (You took it off Asterion on level 2 of the Vaults)
 37309 | Vaults:2 | Reached skill level 16 in Invocations
 37414 | Vaults:2 | Received a gift from Okawaru
 37508 | Vaults:2 | Gained mutation: You resist negative energy. [demonic ancestry]
 37508 | Vaults:2 | Reached XP level 19. HP: 186/186 MP: 31/31
 37635 | Vaults:2 | Reached skill level 15 in Axes
 37652 | Vaults:2 | Found a staircase to the Crypt.
 38189 | Vaults:2 | Received a gift from Okawaru
 38440 | Vaults:2 | Got a pair of heavily runed boots {god gift}
 38451 | Vaults:2 | Identified the +2 pair of boots "Coykha" {rPois rC+} (Okawaru gifted it to you on level 2 of the Vaults)
 39122 | Vaults:3 | Received a gift from Okawaru
 39603 | Vaults:3 | Noticed Norris
 39619 | Vaults:3 | Killed Norris
 39693 | Vaults:3 | Received a gift from Okawaru
 40434 | Vaults:4 | Reached XP level 20. HP: 198/198 MP: 32/32
 40722 | Vaults:4 | Reached skill level 17 in Invocations
 40901 | Vaults:4 | Received a gift from Okawaru
 41061 | Vaults:4 | Got a fine ring mail {god gift}
 41072 | Vaults:4 | Identified the +4 ring mail of the Black Moon {rF+ Regen+} (Okawaru gifted it to you on level 4 of the Vaults)
 41945 | Temple   | Entered the Ecumenical Temple
 42005 | Temple   | Fell from the grace of Okawaru
 42005 | Temple   | Became a worshipper of Qazlal Stormbringer
 42364 | Crypt:1  | Entered Level 1 of the Crypt
 43459 | Crypt:1  | Reached * piety under Qazlal
 44165 | Crypt:1  | Got a faintly glowing scale mail
 44176 | Crypt:1  | Identified the +6 scale mail of Suadgh Doihi {Str+6 Int+2} (You found it on level 1 of the Crypt)
 44370 | Crypt:2  | Reached ** piety under Qazlal
 44475 | Crypt:2  | Noticed Khufu
 44475 | Crypt:2  | Noticed a greater mummy
 44519 | Crypt:1  | Killed Khufu
 44519 | Crypt:1  | Reached XP level 21. HP: 56/206 MP: 9/33
 45600 | Crypt:3  | Entered Level 3 of the Crypt
 45840 | Crypt:3  | Found a basalt altar of Yredelemnul.
 45863 | Crypt:3  | Reached *** piety under Qazlal
 45918 | Crypt:3  | Reached skill level 18 in Invocations
 46015 | Crypt:3  | Reached **** piety under Qazlal
 46087 | Crypt:3  | Noticed a profane servitor
 46107 | Crypt:3  | Killed a profane servitor
 46213 | Crypt:3  | Identified the Compendium of Unstable Attacks
 46242 | Crypt:3  | Found a staircase to the Tomb.
 46857 | Crypt:3  | Reached ***** piety under Qazlal
 48253 | Crypt:1  | Killed a greater mummy
 49256 | Elf:1    | Entered Level 1 of the Elven Halls
 49534 | Elf:1    | Found Boidafoy's Distillery.
 49546 | Elf:1    | Gained mutation: You are powered by pain. [demonic ancestry]
 49546 | Elf:1    | Reached XP level 22. HP: 219/219 MP: 35/35
 49558 | Elf:1    | Bought a potion of curing for 48 gold pieces
 49558 | Elf:1    | Bought a potion of curing for 48 gold pieces
 49558 | Elf:1    | Bought a potion of agility for 64 gold pieces
 49558 | Elf:1    | Bought a potion of heal wounds for 80 gold pieces
 49558 | Elf:1    | Bought a potion of agility for 64 gold pieces
 49672 | Elf:1    | You fall through a shaft!
 49672 | Elf:2    | Gained mutation: Your mind is very acute. (Int +4) [evolution]
 49793 | Elf:2    | Found a huge runed gate.
 49794 | Elf:2    | Found a huge runed gate.
 49795 | Elf:2    | Found a huge runed gate.
 49796 | Elf:2    | Found a huge runed gate.
 49797 | Elf:2    | Found a huge runed gate.
 50577 | Elf:2    | Reached skill level 19 in Axes
 50966 | Elf:1    | Got a faintly humming ring mail
 50982 | Elf:1    | Identified the +1 ring mail of Valour {-Cast rPois Dex+3 Slay+5} (You found it on level 1 of the Elven Halls)
 51199 | Elf:1    | Learned a level 3 spell: Regeneration
 51204 | Elf:1    | Learned a level 4 spell: Animate Dead
 51209 | Elf:1    | Learned a level 4 spell: Control Undead
 51578 | Elf:3    | Entered Level 3 of the Elven Halls
 51809 | Elf:3    | Found Kuem's Jewellery Shop.
 51886 | Elf:3    | Was forgiven by Okawaru
 51891 | Elf:3    | Reached ****** piety under Qazlal
 52195 | Elf:3    | Got a spiked fire dragon armour
 52206 | Elf:3    | Identified the +4 fire dragon armour "Edoalo" {rElec rF++ rC- rN+ Dex+6} (You took it off a deep elf high priest on level 3 of the Elven Halls)
 52279 | Elf:3    | Identified Sif Muna's Compendium of the Nocuous Escort
 52282 | Elf:3    | Got a scintillating silver ring
 52286 | Elf:3    | Got a fine copper ring
 52290 | Elf:3    | Learned a level 2 spell: Blink
 52295 | Elf:3    | Learned a level 4 spell: Passage of Golubria
 52302 | Elf:3    | Identified the ring of Music {SustAt Str+8 Dex+3} (You found it on level 3 of the Elven Halls)
 52304 | Elf:3    | Identified the ring "Sanihy" {Ice rElec} (You found it on level 3 of the Elven Halls)
 52357 | Elf:3    | Identified the Incunabulum of Battle Magic
 52941 | Vaults:5 | Entered Level 5 of the Vaults
 52957 | Vaults:5 | Noticed a golden dragon
 52962 | Vaults:5 | Reached XP level 23. HP: 223/230 MP: 36/36
 52971 | Vaults:5 | Reached skill level 20 in Axes
 52978 | Vaults:5 | Noticed an ancient lich
 52987 | Vaults:5 | Killed an ancient lich
 53062 | Vaults:5 | Noticed an ancient lich
 53082 | Vaults:5 | Killed an ancient lich
 53202 | Vaults:5 | Reached XP level 24. HP: 230/241 MP: 37/37
 53299 | Vaults:5 | Got a transparent marble ring
 53318 | Vaults:5 | Identified the Papyrus of Transmigration
 53346 | Vaults:5 | Got a silver rune of Zot
 53374 | Vaults:5 | Got a crystal broad axe {venom}
 53375 | Vaults:5 | Identified the +9 broad axe of Rav Tyz {venom, Str+4 Int+4} (You took it off a tengu reaver on level 5 of the Vaults)
 53480 | Vaults:5 | Identified the ring of Idealism {rC+ Str+5 Int+5} (You took it off an ironheart preserver on level 5 of the Vaults)
 53493 | Vaults:5 | Identified the Tome of Conjuration and the Blaze (You found it on level 5 of the Vaults)
 53502 | Vaults:5 | Found Worhuha's Distillery.
 53505 | Vaults:5 | Found Inalu's Distillery.
 53506 | Vaults:5 | Bought a potion of haste for 160 gold pieces
 53506 | Vaults:5 | Bought a potion of cure mutation for 400 gold pieces
 53506 | Vaults:5 | Bought a potion of might for 64 gold pieces
 53506 | Vaults:5 | Bought 2 potions of curing for 96 gold pieces
 53506 | Vaults:5 | Bought a potion of curing for 48 gold pieces
 53506 | Vaults:5 | Bought a potion of curing for 48 gold pieces
 53513 | Vaults:5 | Bought a potion of heal wounds for 90 gold pieces
 53513 | Vaults:5 | Bought a potion of might for 72 gold pieces
 53513 | Vaults:5 | Bought a potion of beneficial mutation for 630 gold pieces
 53513 | Vaults:5 | Bought a potion of cure mutation for 450 gold pieces
 53513 | Vaults:5 | Bought 2 potions of haste for 360 gold pieces
 53513 | Vaults:5 | Bought a potion of might for 72 gold pieces
 53543 | Vaults:5 | Found Reummir's Distillery.
 53543 | Vaults:5 | Found Benaphud's Food Shoppe.
 53547 | Vaults:5 | Bought a potion of invisibility for 128 gold pieces
 53547 | Vaults:5 | Bought a potion of heal wounds for 80 gold pieces
 53547 | Vaults:5 | Bought 2 potions of invisibility for 256 gold pieces
 53547 | Vaults:5 | Bought a potion of heal wounds for 80 gold pieces
 53547 | Vaults:5 | Bought a potion of might for 64 gold pieces
 53561 | Vaults:5 | Bought a meat ration for 70 gold pieces
 53561 | Vaults:5 | Bought a bread ration for 70 gold pieces
 53561 | Vaults:5 | Bought a meat ration for 70 gold pieces
 53561 | Vaults:5 | Bought a meat ration for 70 gold pieces
 53561 | Vaults:5 | Bought a beef jerky for 21 gold pieces
 53561 | Vaults:5 | Bought a beef jerky for 21 gold pieces
 53582 | Vaults:5 | Found Huci's Distillery.
 53587 | Vaults:5 | Bought a potion of heal wounds for 90 gold pieces
 53587 | Vaults:5 | Bought a potion of heal wounds for 90 gold pieces
 53859 | Vaults:5 | Reached skill level 15 in Shields
 53938 | Vaults:5 | Got a heavily runed ring mail
 53949 | Vaults:5 | Identified the +0 ring mail of Filth {rN++ rCorr Dex-3 SInv} (You found it on level 5 of the Vaults)
 53960 | Vaults:5 | Got a pair of transparent boots
 53971 | Vaults:5 | Identified the +2 pair of boots "Cyczoax" {rElec rF- Int+2} (You found it on level 5 of the Vaults)
 54119 | Vaults:5 | Found Kiuffodu's Magic Scroll Emporium.
 54123 | Vaults:5 | Bought a scroll of teleportation for 63 gold pieces
 54133 | Vaults:5 | Found Huabaobe's Distillery.
 54133 | Vaults:5 | Found Amnom's Distillery.
 54137 | Vaults:5 | Bought a potion of heal wounds for 80 gold pieces
 54137 | Vaults:5 | Bought a potion of heal wounds for 80 gold pieces
 54137 | Vaults:5 | Bought a potion of curing for 48 gold pieces
 54144 | Vaults:5 | Bought a potion of heal wounds for 85 gold pieces
 54144 | Vaults:5 | Bought a potion of magic for 136 gold pieces
 54722 | Depths:1 | Entered Level 1 of the Depths
 54822 | Depths:1 | Reached skill level 21 in Axes
 55328 | Depths:1 | Found a gateway to Hell.
 55449 | Depths:2 | Noticed Jorgrun
 55468 | Depths:2 | Killed Jorgrun
 55732 | Depths:2 | Noticed an iron giant
 55764 | Depths:2 | Killed an iron giant
 55953 | Depths:2 | Reached skill level 15 in Dodging
 55966 | Depths:2 | Found a gateway to a ziggurat.
 56178 | Depths:2 | Learned a level 1 spell: Infusion
 56579 | Depths:3 | Found a one-way gate leading to the halls of Pandemonium.
 56660 | Depths:3 | XOM: swap monsters
 56914 | Depths:3 | Mutation became permanent: You have a pair of large horns on your head. [demonic ancestry]
 56914 | Depths:3 | Reached XP level 25. HP: 252/252 MP: 37/37
 57174 | Depths:3 | Identified Ylimunti's Tome of Assistive Dark Secrets (You found it on level 3 of the Depths)
 57269 | Depths:3 | Noticed Jory
 57291 | Depths:3 | Killed Jory
 57297 | Depths:3 | Found Ecroithreor's Weapon Shop.
 57381 | Depths:3 | Reached skill level 22 in Axes
 57518 | Depths:4 | Found a one-way gate to the infinite horrors of the Abyss.
 57995 | Depths:4 | Noticed Boris
 58015 | Depths:4 | Killed Boris
 58015 | Depths:4 | Reached skill level 1 in Charms
 58260 | Depths:5 | Entered Level 5 of the Depths
 58539 | Depths:5 | Noticed Saint Roka
 58561 | Depths:5 | Killed Saint Roka
 58629 | Depths:5 | Gained mutation: Your flesh is very cold resistant. [evolution]
 58629 | Depths:5 | Lost mutation: You evolve. [end of evolution]
 58737 | Depths:5 | Reached skill level 5 in Charms
 58968 | Depths:5 | Gained mutation: You are somewhat able to resist unholy torments (1 in 2 success). [demonic ancestry]
 58968 | Depths:5 | Reached XP level 26. HP: 241/260 MP: 37/37
 59008 | Depths:5 | Found a gate to the Realm of Zot.
 59388 | Depths:5 | Identified A Beginning Course on Theurgy
 59701 | Zig:1    | Entered Level 1 of a ziggurat
 59721 | Zig:2    | Entered Level 2 of a ziggurat
 59753 | Zig:2    | Learned a level 2 spell: Stoneskin
 59755 | Zig:3    | Entered Level 3 of a ziggurat
 59789 | Zig:4    | Entered Level 4 of a ziggurat
 59798 | Zig:4    | Reached skill level 23 in Axes
 59833 | Zig:4    | Identified a +2 pair of boots of running (You found it on level 4 of a ziggurat)
 59840 | Zig:5    | Entered Level 5 of a ziggurat
 59876 | Zig:5    | Got an ancient war axe
 59877 | Zig:5    | Identified the +6 war axe of Greatest Utility {chop, +Inv rPois MR++ Dex-2} (You found it on level 5 of a ziggurat)
 59884 | Zig:6    | Entered Level 6 of a ziggurat
 59968 | Zig:7    | Entered Level 7 of a ziggurat
 60010 | Zig:7    | Got a wavering jade ring
 60011 | Zig:7    | Identified the ring "Ope Vapn" {*Corrode MR+ Str+6 Dex+3} (You found it on level 7 of a ziggurat)
 60029 | Zig:8    | Entered Level 8 of a ziggurat
 60130 | Zig:9    | Entered Level 9 of a ziggurat
 60210 | Zig:10   | Entered Level 10 of a ziggurat
 60287 | Zig:10   | Got a bloodstained trident
 60289 | Zig:10   | Identified the +6 trident "Huvy" {pierce, *Rage +Rage rPois Str+3} (You found it on level 10 of a ziggurat)
 60297 | Zig:10   | Got a twitching pewter ring
 60299 | Zig:10   | Identified the ring of the Devil {rCorr rC+ Str+4 Slay+3} (You found it on level 10 of a ziggurat)
 60307 | Zig:10   | Got a shimmering scale mail
 60318 | Zig:10   | Identified the +0 scale mail "Tupleari" {rC+ Dex+3} (You found it on level 10 of a ziggurat)
 60350 | Zig:11   | Entered Level 11 of a ziggurat
 60371 | Zig:11   | XOM: swap monsters
 60372 | Zig:11   | XOM: noise
 60388 | Zig:12   | Entered Level 12 of a ziggurat
 60407 | Zig:12   | Noticed Ykhlefuj the pandemonium lord
 60415 | Zig:12   | Noticed Lyf Viur the pandemonium lord
 60428 | Zig:13   | Entered Level 13 of a ziggurat
 60474 | Zig:13   | Reached skill level 5 in Evocations
 60497 | Zig:13   | Reached skill level 1 in Spellcasting
 60497 | Zig:13   | Reached skill level 1 in Necromancy
 60497 | Zig:13   | Gained mutation: Your melee attacks may debilitate your foes. [demonic ancestry]
 60497 | Zig:13   | Reached XP level 27. HP: 273/273 MP: 34/38
 60503 | Zig:13   | Got a spiked ring mail
 60510 | Zig:13   | Identified the +3 ring mail "Wawis" {Str+2 Int+4} (You found it on level 13 of a ziggurat)
 60523 | Zig:14   | Entered Level 14 of a ziggurat
 60615 | Zig:14   | Got a bloodstained plate armour
 60626 | Zig:14   | Identified the +9 plate armour of the Gloaming {Slay+3} (You found it on level 14 of a ziggurat)
 60639 | Zig:14   | Reached skill level 1 in Earth Magic
 60667 | Zig:14   | Identified Doasem's Papyrus of Enhancements (You found it on level 14 of a ziggurat)
 60671 | Zig:14   | Learned a level 2 spell: Swiftness
 60674 | Zig:14   | Learned a level 2 spell: Song of Slaying
 60678 | Zig:14   | Learned a level 3 spell: Spectral Weapon
 60683 | Zig:14   | Got a wavering platinum ring
 60692 | Zig:14   | Identified the ring of the Queen {MP+9 Int+5} (You found it on level 14 of a ziggurat)
 60695 | Zig:14   | Identified the Handbook of Evil (You found it on level 14 of a ziggurat)
 60701 | Zig:15   | Entered Level 15 of a ziggurat
 60727 | Zig:15   | Reached skill level 10 in Charms
 60789 | Zig:15   | Identified A Thorough Guide to Witchcraft
 60799 | Zig:16   | Entered Level 16 of a ziggurat
 60835 | Zig:16   | Reached skill level 24 in Axes
 61076 | Zig:17   | Entered Level 17 of a ziggurat
 61273 | Zig:17   | Reached skill level 1 in Hexes
 61288 | Zig:17   | Identified the Volume of Lucky Unholy Arts (You found it on level 17 of a ziggurat)
 61295 | Zig:17   | Got a polished plate armour
 61296 | Zig:17   | Identified the +9 plate armour of the Great Game {rPois rF+} (You found it on level 17 of a ziggurat)
 61307 | Zig:18   | Entered Level 18 of a ziggurat
 61319 | Zig:18   | Noticed Zuetuk the pandemonium lord
 61326 | Zig:18   | Noticed Disaci the pandemonium lord
 61329 | Zig:18   | Killed Zuetuk the pandemonium lord
 61330 | Zig:18   | Noticed Babrotoo the pandemonium lord
 61331 | Zig:18   | Noticed Vourum the pandemonium lord
 61331 | Zig:18   | Noticed Lontud the pandemonium lord
 61334 | Zig:18   | Noticed Cicruv the pandemonium lord
 61336 | Zig:18   | Noticed Webeolig the pandemonium lord
 61338 | Zig:18   | Killed Vourum the pandemonium lord
 61338 | Zig:18   | Killed Babrotoo the pandemonium lord
 61338 | Zig:18   | Killed Lontud the pandemonium lord
 61338 | Zig:18   | Killed Cicruv the pandemonium lord
 61339 | Zig:18   | Noticed Xagobas the pandemonium lord
 61342 | Zig:18   | Killed Disaci the pandemonium lord
 61345 | Zig:18   | Killed Xagobas the pandemonium lord
 61347 | Zig:18   | Killed Webeolig the pandemonium lord
 61634 | Zig:18   | Got a ring of the Octopus King
 61635 | Zig:18   | Identified a ring of the Octopus King {rF+ AC+1 EV+1 Str+1 Int+1 Dex+1} (You found it on level 18 of a ziggurat)
 61644 | Zig:18   | Identified the Volume of Free Expression
 61658 | Zig:19   | Entered Level 19 of a ziggurat
 61940 | Zig:19   | Identified the Compendium of Flying Battle Magic
 61959 | Zig:19   | Got a faintly glowing plate armour
 61960 | Zig:19   | Identified the +7 plate armour "Vatuel" {rF+} (You found it on level 19 of a ziggurat)
 61981 | Zig:20   | Entered Level 20 of a ziggurat
 62025 | Zig:20   | Reached skill level 25 in Axes
 62358 | Zig:20   | Got a faintly glowing zirconium amulet
 62359 | Zig:20   | Identified the amulet of Xom's Passing Interest {MPRegen rPois MR+} (You found it on level 20 of a ziggurat)
 62390 | Zig:21   | Entered Level 21 of a ziggurat
 62647 | Zig:21   | Identified Sif Muna's Grimoire of Poison
 62660 | Zig:21   | Identified Liunkuhe's Grimoire of Gliding Aid
 62669 | Zig:22   | Entered Level 22 of a ziggurat
 62996 | Zig:22   | Got a shimmering broad axe
 62997 | Zig:22   | Identified the +9 broad axe "Buosugoo" {chop, rF+} (You found it on level 22 of a ziggurat)
 63031 | Zig:22   | Got an ancient ring mail
 63032 | Zig:22   | Identified the cursed +0 ring mail "Dodestry" {rN+} (You found it on level 22 of a ziggurat)
 63055 | Zig:23   | Entered Level 23 of a ziggurat
 63111 | Zig:23   | Gained mutation: You are occasionally teleported next to monsters. [a shining eye]
 63286 | Zig:24   | Entered Level 24 of a ziggurat
 63339 | Zig:25   | Entered Level 25 of a ziggurat
 63389 | Zig:26   | Entered Level 26 of a ziggurat
 63510 | Zig:26   | Reached skill level 26 in Axes
 63608 | Zig:26   | Identified Lee's Reference Book on Earthen Blows and Bruises
 63633 | Zig:26   | Identified the Handbook of Destructive Heat (You found it on level 26 of a ziggurat)
 63670 | Zig:27   | Entered Level 27 of a ziggurat
 63690 | Zig:27   | Noticed a greater mummy
 63694 | Zig:27   | Noticed a greater mummy
 63696 | Zig:27   | Noticed a greater mummy
 63698 | Zig:27   | Noticed a greater mummy
 63699 | Zig:27   | Noticed a greater mummy
 63699 | Zig:27   | Noticed a greater mummy
 63700 | Zig:27   | Noticed a greater mummy
 63700 | Zig:27   | Noticed a greater mummy
 63700 | Zig:27   | Noticed a greater mummy
 63700 | Zig:27   | Noticed a greater mummy
 63701 | Zig:27   | Killed a greater mummy
 63703 | Zig:27   | Noticed a greater mummy
 63703 | Zig:27   | Noticed a greater mummy
 63705 | Zig:27   | Noticed a greater mummy
 63706 | Zig:27   | Noticed a greater mummy
 63706 | Zig:27   | Killed a greater mummy
 63706 | Zig:27   | Killed a greater mummy
 63706 | Zig:27   | Killed a greater mummy
 63711 | Zig:27   | Killed a greater mummy
 63711 | Zig:27   | Killed a greater mummy
 63711 | Zig:27   | Killed a greater mummy
 63753 | Zig:27   | Noticed a greater mummy
 63755 | Zig:27   | Killed a greater mummy
 63755 | Zig:27   | Killed a greater mummy
 63770 | Zig:27   | Killed a greater mummy
 63772 | Zig:27   | Lost mutation: Your spells are harder to cast, but more powerful. [mutagenic glow]
 63773 | Zig:27   | Killed a greater mummy
 63793 | Zig:27   | Killed a greater mummy
 63816 | Zig:27   | Got a heavily runed silver ring
 63820 | Zig:27   | Identified the ring of Xom's Displeasure {SustAt *Contam rF+ Str+2 Int+4} (You found it on level 27 of a ziggurat)
 63855 | Zig:27   | Killed a greater mummy
 63906 | Zig:27   | Killed a greater mummy
 63914 | Zig:27   | Killed a greater mummy
 63982 | Zig:27   | Identified Sif Muna's Volume of Dislocated Confrontation
 63987 | Zig:27   | Got a glittering amber ring
 63988 | Zig:27   | Identified the ring of Biriozil {rC+ rN+ MR- Slay+5} (You found it on level 27 of a ziggurat)
 63992 | Zig:27   | Identified the Tome of Clay and Moulding (You found it on level 27 of a ziggurat)
 64004 | Zig:27   | Identified the Tome of the Mutagenic Frostbite
 64478 | Crypt:3  | Noticed an ancient lich
 64489 | Crypt:3  | Killed an ancient lich
 64528 | Tomb:1   | Entered Level 1 of the Tomb of the Ancients
 64698 | Tomb:1   | Noticed a greater mummy
 64709 | Tomb:1   | Killed a greater mummy
 64744 | Tomb:1   | Noticed a greater mummy
 64762 | Tomb:1   | Killed a greater mummy
 65363 | Tomb:2   | Noticed Mara
 65364 | Tomb:2   | Noticed a greater mummy
 65364 | Tomb:2   | Noticed a greater mummy
 65364 | Tomb:2   | Noticed a greater mummy
 65365 | Tomb:2   | Noticed a greater mummy
 65369 | Tomb:2   | Killed a greater mummy
 65369 | Tomb:2   | Killed a greater mummy
 65399 | Tomb:2   | Noticed Trivium's illusion
 65406 | Tomb:1   | Killed a greater mummy
 65406 | Tomb:1   | Reached skill level 27 in Axes
 65474 | Tomb:2   | Killed a greater mummy
 65482 | Tomb:2   | Gained mutation: Your body sometimes deteriorates upon taking damage. [a neqoxec]
 65512 | Tomb:2   | Noticed Trivium's illusion
 65524 | Tomb:2   | Killed Mara
 65780 | Tomb:3   | Entered Level 3 of the Tomb of the Ancients
 65853 | Tomb:3   | Noticed a greater mummy
 65854 | Tomb:3   | Noticed a greater mummy
 65926 | Tomb:3   | Noticed a greater mummy
 65933 | Tomb:3   | Noticed a greater mummy
 65943 | Tomb:3   | Noticed a greater mummy
 65946 | Tomb:2   | Killed a greater mummy
 65949 | Tomb:2   | Killed a greater mummy
 66205 | Tomb:3   | Noticed an ancient lich
 66208 | Tomb:3   | Noticed a greater mummy
 66219 | Tomb:2   | Killed a greater mummy
 66220 | Tomb:2   | Killed a greater mummy
 66247 | Tomb:3   | Killed an ancient lich
 66247 | Tomb:3   | Killed a greater mummy
 66251 | Tomb:3   | Noticed an ancient lich
 66266 | Tomb:3   | Noticed a greater mummy
 66271 | Tomb:3   | Killed an ancient lich
 66344 | Tomb:3   | Killed a greater mummy
 66348 | Tomb:3   | Killed a greater mummy
 66719 | Tomb:3   | Identified the Grimoire of Bewitchment (You found it on level 3 of the Tomb of the Ancients)
 66768 | Tomb:3   | Got a shimmering ivory amulet
 66769 | Tomb:3   | Identified the amulet "Rekhleg" {rElec Regen+ Int-4 Dex+3} (You found it on level 3 of the Tomb of the Ancients)
 66789 | Tomb:3   | Got a clouded silver ring
 66790 | Tomb:3   | Identified the ring of Gyujust {SustAt Int+6} (You found it on level 3 of the Tomb of the Ancients)
 66897 | Tomb:3   | Got a golden rune of Zot
 67036 | Tomb:1   | Noticed a greater mummy
 67036 | Tomb:1   | Noticed a greater mummy
 67037 | Tomb:1   | Noticed a greater mummy
 67039 | Tomb:1   | Noticed a greater mummy
 67041 | Tomb:1   | Noticed a greater mummy
 67050 | Tomb:1   | Killed a greater mummy
 67057 | Tomb:1   | Killed a greater mummy
 67061 | Tomb:1   | Killed a greater mummy
 67068 | Tomb:1   | Killed a greater mummy
 67663 | Hell     | Entered the Vestibule of Hell
 67663 | Hell     | Noticed Geryon
 67678 | Hell     | Noticed Murray
 67696 | Hell     | Reached skill level 10 in Polearms
 67698 | Hell     | Killed Geryon
 67698 | Hell     | Reached skill level 27 in Invocations
 67704 | Hell     | Killed Murray
 67809 | Hell     | Found a gateway to the decaying netherworld of Tartarus.
 67843 | Hell     | Found a gateway to the freezing wastes of Cocytus.
 67902 | Hell     | Found a gateway to the Iron City of Dis.
 67970 | Hell     | Found a gateway to the ashen valley of Gehenna.
 68107 | Zig:1    | Entered Level 1 of a ziggurat
 68133 | Zig:2    | Entered Level 2 of a ziggurat
 68204 | Zig:2    | Identified the Almanac of Darkness and Clay
 68211 | Zig:3    | Entered Level 3 of a ziggurat
 68254 | Zig:4    | Entered Level 4 of a ziggurat
 68265 | Zig:4    | Paralysed by accursed screaming for 1 turns
 68296 | Zig:5    | Entered Level 5 of a ziggurat
 68380 | Zig:6    | Entered Level 6 of a ziggurat
 68446 | Zig:6    | Got a bloodstained broad axe
 68447 | Zig:6    | Identified the +8 broad axe "Wytiag" {drain, rElec} (You found it on level 6 of a ziggurat)
 68452 | Zig:7    | Entered Level 7 of a ziggurat
 68530 | Zig:7    | Got a translucent war axe
 68531 | Zig:7    | Identified the cursed +1 war axe of Conservatism {freeze, +Inv} (You found it on level 7 of a ziggurat)
 68538 | Zig:7    | Identified the Catalogue of Companions and Air
 68552 | Zig:8    | Entered Level 8 of a ziggurat
 68605 | Zig:8    | Got a vibrating jade ring
 68609 | Zig:8    | Identified the ring of Gicvu {rN+ AC+2 Str-2 Int+2 Dex+2} (You found it on level 8 of a ziggurat)
 68628 | Zig:9    | Entered Level 9 of a ziggurat
 68704 | Zig:9    | Identified Lum Gypeu's Guide on Flamy Arcane Weapons
 68712 | Zig:10   | Entered Level 10 of a ziggurat
 68720 | Zig:10   | XOM: swap monsters
 68798 | Zig:10   | Got a pair of fine boots
 68809 | Zig:10   | Identified the +1 pair of boots of the Storm King {-Tele rElec rPois Str-2} (You found it on level 10 of a ziggurat)
 68836 | Zig:11   | Entered Level 11 of a ziggurat
 68843 | Zig:11   | Noticed a greater mummy
 68854 | Zig:11   | Noticed a greater mummy
 68854 | Zig:11   | Noticed a greater mummy
 68854 | Zig:11   | Noticed a greater mummy
 68854 | Zig:11   | Noticed a greater mummy
 68857 | Zig:11   | Killed a greater mummy
 68857 | Zig:11   | Killed a greater mummy
 68860 | Zig:12   | Entered Level 12 of a ziggurat
 68892 | Zig:12   | Reached skill level 27 in Fighting
 68897 | Zig:12   | Reached skill level 1 in Maces & Flails
 68953 | Zig:13   | Entered Level 13 of a ziggurat
 68997 | Zig:13   | XOM: swap monsters
 69031 | Zig:13   | Got a steaming lead ring
 69033 | Zig:13   | Identified the ring of Cowardice {rPois rF+ Str+8 Stlth-} (You found it on level 13 of a ziggurat)
 69047 | Zig:14   | Entered Level 14 of a ziggurat
 69066 | Zig:14   | Noticed Ohi Naz the pandemonium lord
 69068 | Zig:14   | Reached skill level 15 in Polearms
 69068 | Zig:14   | Killed Ohi Naz the pandemonium lord
 69201 | Zig:14   | Got an ichor-stained chain mail
 69212 | Zig:14   | Identified the +6 chain mail of Servitude {rPois rN++} (You found it on level 14 of a ziggurat)
 69219 | Zig:14   | Got a bloodstained broad axe
 69220 | Zig:14   | Identified the +5 broad axe of the Hierophant {chop, *Contam rN+ Dex+3 Stlth+} (You found it on level 14 of a ziggurat)
 69221 | Zig:14   | Lost mutation: You are very robust (+20% HP). [mutagenic glow]
 69227 | Zig:14   | Identified Sif Muna's Disquisition on Changing
 69261 | Zig:15   | Entered Level 15 of a ziggurat
 69291 | Zig:15   | Reached skill level 5 in Spellcasting
 69426 | Zig:15   | Got a heavily runed plate armour
 69437 | Zig:15   | Identified the cursed +0 plate armour "Zijaohawn" {rN+} (You found it on level 15 of a ziggurat)
 69451 | Zig:15   | Got a flickering copper ring
 69453 | Zig:15   | Identified the ring "Qylaiz" {rElec Str+5 Int+3 Dex+4} (You found it on level 15 of a ziggurat)
 69459 | Zig:15   | Got a bound diamond amulet
 69460 | Zig:15   | Identified the amulet "Fopeh" {Reflect +Fly rElec SH+3 Stlth+} (You found it on level 15 of a ziggurat)
 69473 | Zig:15   | Identified Ehoax's Compendium of Orientation
 69482 | Zig:16   | Entered Level 16 of a ziggurat
 69507 | Zig:16   | XOM: swap monsters
 69600 | Zig:17   | Entered Level 17 of a ziggurat
 69609 | Zig:17   | Noticed a juggernaut
 69611 | Zig:17   | Noticed a juggernaut
 69613 | Zig:17   | Noticed a juggernaut
 69614 | Zig:17   | Noticed a juggernaut
 69616 | Zig:17   | Noticed a juggernaut
 69617 | Zig:17   | Noticed a juggernaut
 69622 | Zig:17   | Killed a juggernaut
 69622 | Zig:17   | Killed a juggernaut
 69622 | Zig:17   | Killed a juggernaut
 69622 | Zig:17   | Killed a juggernaut
 69624 | Zig:17   | Killed a juggernaut
 69628 | Zig:17   | Killed a juggernaut
 69711 | Zig:17   | Identified the Volume of Lightness and Battle Magic
 69751 | Zig:18   | Entered Level 18 of a ziggurat
 69765 | Zig:18   | Noticed an ancient lich
 69771 | Zig:18   | Noticed an ancient lich
 69775 | Zig:18   | XOM: swap monsters
 69777 | Zig:18   | Killed an ancient lich
 69778 | Zig:18   | Killed an ancient lich
 69781 | Zig:18   | Noticed an ancient lich
 69783 | Zig:18   | XOM: swap monsters
 69798 | Zig:18   | Killed an ancient lich
 69835 | Zig:18   | Got a scintillating bone ring
 69837 | Zig:18   | Identified the ring of Mytiox {+Fly MR++} (You found it on level 18 of a ziggurat)
 69877 | Zig:18   | Learned a level 8 spell: Necromutation
 69898 | Zig:18   | Got an ichor-stained war axe
 69899 | Zig:18   | Identified the cursed +0 war axe "Daodadel" {chop, rElec rC+ MR+} (You found it on level 18 of a ziggurat)
 69904 | Zig:19   | Entered Level 19 of a ziggurat
 69923 | Zig:19   | XOM: swap monsters
 70082 | Zig:19   | Identified Qyvoanus's Almanac of Conjuration
 70107 | Zig:20   | Entered Level 20 of a ziggurat
 70120 | Zig:20   | Noticed Demassepuu the pandemonium lord
 70121 | Zig:20   | Noticed Opozirgho the pandemonium lord
 70121 | Zig:20   | Noticed Puattea the pandemonium lord
 70123 | Zig:20   | Noticed Duorph the pandemonium lord
 70123 | Zig:20   | Noticed Ririy the pandemonium lord
 70123 | Zig:20   | XOM: swap monsters
 70123 | Zig:20   | Noticed Cetum the pandemonium lord
 70123 | Zig:20   | Noticed Qosuged the pandemonium lord
 70123 | Zig:20   | Noticed Vyvoamaz the pandemonium lord
 70123 | Zig:20   | Noticed Jelump the pandemonium lord
 70123 | Zig:20   | Noticed Xokiez the pandemonium lord
 70123 | Zig:20   | Noticed Elukuh the pandemonium lord
 70123 | Zig:20   | Noticed Foar the pandemonium lord
 70123 | Zig:20   | Noticed Asyaciu the pandemonium lord
 70123 | Zig:20   | Noticed Ethexkeith the pandemonium lord
 70124 | Zig:20   | Noticed Caykhig the pandemonium lord
 70125 | Zig:20   | Killed Jelump the pandemonium lord
 70125 | Zig:20   | Killed Demassepuu the pandemonium lord
 70125 | Zig:20   | Killed Vyvoamaz the pandemonium lord
 70125 | Zig:20   | Killed Asyaciu the pandemonium lord
 70125 | Zig:20   | Killed Ririy the pandemonium lord
 70126 | Zig:20   | Noticed Vushrius the pandemonium lord
 70126 | Zig:20   | Noticed Mioteasm the pandemonium lord
 70126 | Zig:20   | Killed Qosuged the pandemonium lord
 70126 | Zig:20   | Killed Elukuh the pandemonium lord
 70126 | Zig:20   | Killed Xokiez the pandemonium lord
 70126 | Zig:20   | Killed Ethexkeith the pandemonium lord
 70126 | Zig:20   | Killed Caykhig the pandemonium lord
 70126 | Zig:20   | Killed Vushrius the pandemonium lord
 70126 | Zig:20   | Killed Cetum the pandemonium lord
 70128 | Zig:20   | Killed Duorph the pandemonium lord
 70129 | Zig:20   | Noticed Acuphak the pandemonium lord
 70129 | Zig:20   | Killed Puattea the pandemonium lord
 70130 | Zig:20   | Killed Foar the pandemonium lord
 70131 | Zig:20   | Noticed Gonun the pandemonium lord
 70132 | Zig:20   | Killed Opozirgho the pandemonium lord
 70138 | Zig:20   | Noticed Paturgha the pandemonium lord
 70138 | Zig:20   | Killed Acuphak the pandemonium lord
 70138 | Zig:20   | Killed Mioteasm the pandemonium lord
 70138 | Zig:20   | Killed Paturgha the pandemonium lord
 70139 | Zig:20   | Killed Gonun the pandemonium lord
 70242 | Zig:20   | Reached skill level 5 in Necromancy
 70281 | Zig:21   | Entered Level 21 of a ziggurat
 70301 | Zig:21   | Noticed a juggernaut
 70304 | Zig:21   | Noticed a juggernaut
 70309 | Zig:21   | Killed a juggernaut
 70309 | Zig:21   | Reached skill level 27 in Shields
 70309 | Zig:21   | Reached skill level 15 in Armour
 70313 | Zig:21   | Noticed a juggernaut
 70327 | Zig:21   | Got a heavily runed silver ring
 70328 | Zig:21   | Killed a juggernaut
 70332 | Zig:21   | Got a warped copper ring
 70335 | Zig:22   | Entered Level 22 of a ziggurat
 70437 | Zig:22   | Reached skill level 10 in Spellcasting
 70570 | Zig:22   | Got a pitted cloak
 70581 | Zig:22   | Identified the +4 cloak "Pillauck" {rC+ Dex+3} (You found it on level 22 of a ziggurat)
 70595 | Zig:22   | Identified Fiskousa's Disquisition on Confrontation and Fire
 70633 | Zig:23   | Entered Level 23 of a ziggurat
 70653 | Zig:23   | Noticed an ancient lich
 70656 | Zig:23   | Noticed an ancient lich
 70662 | Zig:23   | Killed an ancient lich
 70663 | Zig:23   | Killed an ancient lich
 70666 | Zig:23   | Noticed an ancient lich
 70666 | Zig:23   | Noticed an ancient lich
 70667 | Zig:23   | XOM: swap monsters
 70668 | Zig:23   | Killed an ancient lich
 70668 | Zig:23   | Killed an ancient lich
 70668 | Zig:23   | Reached skill level 10 in Evocations
 70772 | Zig:23   | Identified the Guide on Icy Orientation
 70776 | Zig:23   | Got a warped large shield
 70777 | Zig:23   | Identified the cursed +0 large shield "Vosonk" {MR++ rCorr Str+3 Int+3} (You found it on level 23 of a ziggurat)
 70780 | Zig:23   | Identified the ring of Fedhas's Hatred {MR+ Str+4 Int+2 SInv Stlth-} (You found it on level 21 of a ziggurat)
 70782 | Zig:23   | Identified the ring "Optaotroa" {rF+ rN+} (You found it on level 21 of a ziggurat)
 70789 | Zig:23   | Got a transparent bone ring
 70812 | Zig:23   | Learned a level 3 spell: Recall
 70939 | Zig:24   | Entered Level 24 of a ziggurat
 71022 | Zig:24   | Cast into level 3 of the Abyss (merfolk javelineer)
 71067 | Zig:24   | Escaped the Abyss
 71149 | Zig:24   | Learned a level 8 spell: Death's Door
 71151 | Zig:24   | Got a coiled granite ring
 71153 | Zig:24   | Identified the ring of Emmim {AC+2 Str+3} (You found it on level 23 of a ziggurat)
 71155 | Zig:24   | Identified the ring of Ittan {+/*Tele rPois} (You found it on level 24 of a ziggurat)
 71168 | Zig:24   | Got a scorched cloak
 71179 | Zig:24   | Identified the +0 cloak "Teuwobb" {MR+} (You found it on level 24 of a ziggurat)
 71254 | Zig:25   | Entered Level 25 of a ziggurat
 71272 | Zig:25   | Noticed an ancient lich
 71273 | Zig:25   | Noticed an ancient lich
 71279 | Zig:25   | Noticed an ancient lich
 71279 | Zig:25   | Reached skill level 27 in Dodging
 71286 | Zig:25   | Noticed an ancient lich
 71286 | Zig:25   | Noticed an ancient lich
 71293 | Zig:25   | Killed an ancient lich
 71300 | Zig:25   | Noticed an ancient lich
 71302 | Zig:25   | Killed an ancient lich
 71305 | Zig:25   | Killed an ancient lich
 71306 | Zig:25   | Killed an ancient lich
 71309 | Zig:25   | Noticed an ancient lich
 71313 | Zig:25   | Killed an ancient lich
 71315 | Zig:25   | Killed an ancient lich
 71327 | Zig:25   | Killed an ancient lich
 71416 | Zig:25   | Got a wavering copper ring
 71418 | Zig:25   | Got a glittering steel ring
 71420 | Zig:25   | Identified the ring of Geuq {Fire *Corrode rElec rN++ Dex+3} (You found it on level 25 of a ziggurat)
 71421 | Zig:25   | Identified the ring "Iduemiab" {MR+ Int+4 Dex+6} (You found it on level 25 of a ziggurat)
 71434 | Zig:25   | Got a wavering lapis lazuli ring
 71450 | Zig:25   | Identified a scroll of acquirement
 71453 | Zig:25   | Got a fine large shield
 71454 | Zig:25   | Identified the +6 large shield of Buloi {rPois} (You acquired it on level 25 of a ziggurat)
 71457 | Zig:25   | Identified the ring "Ebuhemoi" {Fire *Confuse Int+6 Dex+2} (You found it on level 25 of a ziggurat)
 71475 | Zig:26   | Entered Level 26 of a ziggurat
 71489 | Zig:26   | Noticed an orb of fire
 71490 | Zig:26   | Noticed an orb of fire
 71491 | Zig:26   | Noticed an orb of fire
 71494 | Zig:26   | Noticed an orb of fire
 71494 | Zig:26   | Noticed an orb of fire
 71494 | Zig:26   | Gained mutation: Potions and wands are less effective at restoring your health. [an orb of fire]
 71496 | Zig:26   | Noticed an orb of fire
 71498 | Zig:26   | Noticed an orb of fire
 71498 | Zig:26   | Noticed an orb of fire
 71500 | Zig:26   | Noticed an orb of fire
 71502 | Zig:26   | Noticed an orb of fire
 71503 | Zig:26   | Noticed an orb of fire
 71503 | Zig:26   | Killed an orb of fire
 71503 | Zig:26   | Killed an orb of fire
 71503 | Zig:26   | Killed an orb of fire
 71503 | Zig:26   | Killed an orb of fire
 71503 | Zig:26   | Killed an orb of fire
 71503 | Zig:26   | Reached skill level 15 in Spellcasting
 71503 | Zig:26   | Killed an orb of fire
 71503 | Zig:26   | Killed an orb of fire
 71503 | Zig:26   | Killed an orb of fire
 71503 | Zig:26   | Gained mutation: You are sometimes teleported next to monsters. [an orb of fire]
 71504 | Zig:26   | Noticed an orb of fire
 71505 | Zig:26   | Killed an orb of fire
 71505 | Zig:26   | Gained mutation: You expend magic power (3 MP) to strengthen your wands. [an orb of fire]
 71507 | Zig:26   | Noticed an orb of fire
 71508 | Zig:26   | Gained mutation: Your body often deteriorates upon taking damage. [an orb of fire]
 71509 | Zig:26   | Noticed an orb of fire
 71510 | Zig:26   | Noticed an orb of fire
 71510 | Zig:26   | Noticed an orb of fire
 71512 | Zig:26   | Noticed an orb of fire
 71513 | Zig:26   | Noticed an orb of fire
 71513 | Zig:26   | Killed an orb of fire
 71513 | Zig:26   | Killed an orb of fire
 71513 | Zig:26   | Killed an orb of fire
 71514 | Zig:26   | Gained mutation: Scrolls take you a little longer to read. [an orb of fire]
 71514 | Zig:26   | Gained mutation: Scrolls take you longer to read. [an orb of fire]
 71515 | Zig:26   | Killed an orb of fire
 71516 | Zig:26   | Killed an orb of fire
 71517 | Zig:26   | Lost mutation: Your spells are a little harder to cast, but a little more powerful. [an orb of fire]
 71518 | Zig:26   | Killed an orb of fire
 71520 | Zig:26   | Killed an orb of fire
 71521 | Zig:26   | Killed an orb of fire
 71524 | Zig:26   | Killed an orb of fire
 71644 | Zig:26   | Identified Sif Muna's Incunabulum of Unstable Augmentations (You found it on level 26 of a ziggurat)
 71677 | Zig:26   | Got an ominously black robe
 71680 | Zig:26   | Identified the cursed +1 robe "Pizon" {Int+3 Dex+3} (You found it on level 26 of a ziggurat)
 71683 | Zig:27   | Entered Level 27 of a ziggurat
 71741 | Zig:27   | XOM: swap monsters
 71742 | Zig:27   | XOM: swap monsters
 71743 | Zig:27   | XOM: swap monsters
 71744 | Zig:27   | XOM: swap monsters
 71875 | Zig:27   | Got a translucent tin ring
 71905 | Zig:27   | Learned a level 8 spell: Borgnjor's Revivification
 71909 | Zig:27   | Identified the ring of Balance {rF+ MP+9 Stlth-} (You found it on level 27 of a ziggurat)
 71918 | Zig:27   | Gained mutation: You are somewhat resistant to further mutation. [potion of beneficial mutation]
 71919 | Zig:27   | Reached skill level 10 in Necromancy
 72248 | Lair:7   | Lost mutation: You expend magic power (3 MP) to strengthen your wands. [potion of cure mutation]
 72248 | Lair:7   | Lost mutation: Your flesh is very cold resistant. [potion of cure mutation]
 72248 | Lair:7   | Lost mutation: Your mind is very acute. (Int +4) [potion of cure mutation]
 72248 | Lair:7   | Lost mutation: Your body often deteriorates upon taking damage. [potion of cure mutation]
 72282 | Slime:1  | Entered Level 1 of the Pits of Slime
 72513 | Slime:6  | Entered Level 6 of the Pits of Slime
 72541 | Slime:6  | Noticed the Royal Jelly
 72558 | Slime:6  | Killed the Royal Jelly
 72624 | Slime:6  | Gained mutation: You expend magic power (3 MP) to strengthen your wands. [a shining eye]
 73024 | Slime:6  | Got a warped ring mail
 73027 | Slime:6  | Identified the +4 ring mail of Disguise {Dex+4 Slay+3} (You found it on level 6 of the Pits of Slime)
 73041 | Slime:6  | Got a heavily runed plate armour
 73044 | Slime:6  | Identified the +13 plate armour of Ru's Hope {rPois Str-4 Int+5 Stlth+} (You found it on level 6 of the Pits of Slime)
 73075 | Slime:6  | Got a slimy rune of Zot
 73119 | Slime:6  | Got a crude ruby amulet
 73122 | Slime:6  | Identified the amulet of Nemoalas {rF+ Regen+ Int+3 Dex-3} (You found it on level 6 of the Pits of Slime)
 73158 | Slime:6  | Got a steaming jade ring
 73163 | Slime:6  | Identified the ring "Rigraojo" {rElec rC+} (You found it on level 6 of the Pits of Slime)
 74047 | Depths:4 | Voluntarily entered the Abyss.
 74514 | Abyss:1  | Lost mutation: You are robust (+10% HP). [a neqoxec]
 74923 | Abyss:1  | Learned a level 7 spell: Haunt
 75934 | Depths:4 | Escaped the Abyss
 75938 | Depths:4 | Lost mutation: You are somewhat resistant to further mutation. [potion of cure mutation]
 75938 | Depths:4 | Lost mutation: Your body sometimes deteriorates upon taking damage. [potion of cure mutation]
 75938 | Depths:4 | Lost mutation: Scrolls take you longer to read. [potion of cure mutation]
 75938 | Depths:4 | Lost mutation: Your system is resistant to poisons. [potion of cure mutation]
 75938 | Depths:4 | Lost mutation: Scrolls take you a little longer to read. [potion of cure mutation]
 75939 | Depths:4 | Lost mutation: You are clumsy. (Dex -2) [potion of cure mutation]
 75939 | Depths:4 | Lost mutation: You expend magic power (3 MP) to strengthen your wands. [potion of cure mutation]
 75940 | Depths:4 | Lost mutation: Your mind is acute. (Int +2) [potion of cure mutation]
 75940 | Depths:4 | Lost mutation: Potions and wands are less effective at restoring your health. [potion of cure mutation]
 75940 | Depths:4 | Lost mutation: Your flesh is cold resistant. [potion of cure mutation]
 75940 | Depths:4 | Lost mutation: You are sometimes teleported next to monsters. [potion of cure mutation]
 75946 | Depths:4 | Gained mutation: You are somewhat resistant to further mutation. [potion of beneficial mutation]
 75982 | Zig:1    | Entered Level 1 of a ziggurat
 76011 | Zig:2    | Entered Level 2 of a ziggurat
 76039 | Zig:3    | Entered Level 3 of a ziggurat
 76081 | Zig:3    | Reached skill level 5 in Maces & Flails
 76084 | Zig:4    | Entered Level 4 of a ziggurat
 76119 | Zig:4    | Got an encrusted plate armour
 76130 | Zig:4    | Identified the +7 plate armour of Unreason {MR+ Int+4} (You found it on level 4 of a ziggurat)
 76324 | Zig:5    | Entered Level 5 of a ziggurat
 76388 | Zig:5    | Identified the Reference Book on Shape Shifting
 76401 | Zig:6    | Entered Level 6 of a ziggurat
 76481 | Zig:6    | Got a smoking emerald amulet
 76491 | Zig:6    | Got a vibrating marble ring
 76496 | Zig:6    | Identified the amulet "Conkad" {rN+ Regen+ Int+2 Dex-5} (You found it on level 6 of a ziggurat)
 76497 | Zig:6    | Identified the ring "Foinol" {Fire rPois MP+9 Str-2 Int+7} (You found it on level 6 of a ziggurat)
 76508 | Zig:7    | Entered Level 7 of a ziggurat
 76513 | Zig:7    | Noticed a juggernaut
 76514 | Zig:7    | Noticed a juggernaut
 76528 | Zig:7    | Killed a juggernaut
 76544 | Zig:7    | Killed a juggernaut
 76580 | Zig:8    | Entered Level 8 of a ziggurat
 76586 | Zig:8    | Noticed Nimekluj the pandemonium lord
 76586 | Zig:8    | XOM: swap monsters
 76587 | Zig:8    | Killed Nimekluj the pandemonium lord
 76633 | Zig:8    | Got a scorched marble ring
 76640 | Zig:8    | Identified the ring "Talohaol" {*Confuse rElec rPois Str+4} (You found it on level 8 of a ziggurat)
 76711 | Zig:9    | Entered Level 9 of a ziggurat
 76730 | Zig:9    | XOM: swap monsters
 76731 | Zig:9    | XOM: swap monsters
 76846 | Zig:9    | Got a fabulously ornate robe
 76861 | Zig:9    | Identified the cursed +1 robe of Jeoco Bieg {rN+ MR- Int+10 Slay-3} (You found it on level 9 of a ziggurat)
 76880 | Zig:9    | Got a warped morningstar
 76881 | Zig:9    | Identified the +7 morningstar of the Maze {speed, *Confuse rPois rF+++ rC+} (You found it on level 9 of a ziggurat)
 76926 | Zig:10   | Entered Level 10 of a ziggurat
 76929 | Zig:10   | Noticed Zexaarch the pandemonium lord
 76931 | Zig:10   | XOM: swap monsters
 76931 | Zig:10   | Noticed Noiteuwk the pandemonium lord
 76931 | Zig:10   | Noticed Xaehoneg the pandemonium lord
 76931 | Zig:10   | Noticed Vowkuwat the pandemonium lord
 76931 | Zig:10   | Noticed Olloonoo the pandemonium lord
 76931 | Zig:10   | Noticed Faggam the pandemonium lord
 76931 | Zig:10   | Noticed Guyrofeng the pandemonium lord
 76931 | Zig:10   | Noticed Ziamyen the pandemonium lord
 76933 | Zig:10   | Killed Noiteuwk the pandemonium lord
 76933 | Zig:10   | Killed Vowkuwat the pandemonium lord
 76933 | Zig:10   | Killed Guyrofeng the pandemonium lord
 76934 | Zig:10   | Killed Xaehoneg the pandemonium lord
 76934 | Zig:10   | Killed Faggam the pandemonium lord
 76934 | Zig:10   | Killed Ziamyen the pandemonium lord
 76934 | Zig:10   | Reached skill level 15 in Evocations
 76937 | Zig:10   | Killed Olloonoo the pandemonium lord
 76942 | Zig:10   | Killed Zexaarch the pandemonium lord
 76987 | Zig:10   | Got a steaming bone ring
 76995 | Zig:10   | Identified the ring "Fisekeneha" {+Inv rElec rPois Int+4} (You found it on level 10 of a ziggurat)
 77005 | Zig:10   | Identified Jydeydock's Reference Book on Conjuration (You found it on level 10 of a ziggurat)
 77009 | Zig:11   | Entered Level 11 of a ziggurat
 77018 | Zig:11   | XOM: swap monsters
 77076 | Zig:11   | Reached skill level 10 in Maces & Flails
 77080 | Zig:11   | Reached skill level 15 in Necromancy
 77153 | Zig:11   | Got a blackened troll leather armour
 77154 | Zig:11   | Identified the cursed +1 troll leather armour "Nimopsem" {+Blink Regen+ Str-4 Dex+4} (You found it on level 11 of a ziggurat)
 77163 | Zig:11   | Got a transparent trident
 77164 | Zig:11   | Identified the cursed +0 trident "Juemyco" {drain, MR+ Str+3 Int-5} (You found it on level 11 of a ziggurat)
 77170 | Zig:12   | Entered Level 12 of a ziggurat
 77182 | Zig:12   | XOM: swap monsters
 77198 | Zig:13   | Entered Level 13 of a ziggurat
 77213 | Zig:13   | XOM: swap monsters
 77254 | Zig:13   | Paralysed by accursed screaming for 2 turns
 77268 | Zig:13   | Paralysed by accursed screaming for 2 turns
 77343 | Zig:13   | Got a heavily runed turquoise ring
 77345 | Zig:13   | Identified the ring "Veop" {SustAt rF++} (You found it on level 13 of a ziggurat)
 77383 | Zig:13   | Learned a level 8 spell: Controlled Blink
 77386 | Zig:13   | Got a bone glaive
 77387 | Zig:13   | Identified the +4 glaive of Ragnarok {chop, Dex+6} (You found it on level 13 of a ziggurat)
 77396 | Zig:14   | Entered Level 14 of a ziggurat
 77404 | Zig:14   | Noticed Ynwouzut the pandemonium lord
 77404 | Zig:14   | Noticed Epimn the pandemonium lord
 77404 | Zig:14   | Noticed Analim the pandemonium lord
 77404 | Zig:14   | Noticed Dekick the pandemonium lord
 77404 | Zig:14   | Noticed Puasugg the pandemonium lord
 77405 | Zig:14   | Noticed Raukleodiyrph the pandemonium lord
 77405 | Zig:14   | XOM: swap monsters
 77406 | Zig:14   | XOM: swap monsters
 77406 | Zig:14   | Noticed Sicroih the pandemonium lord
 77406 | Zig:14   | Noticed Wuefoifu the pandemonium lord
 77406 | Zig:14   | Noticed Nenys the pandemonium lord
 77406 | Zig:14   | Noticed Metiosisch the pandemonium lord
 77406 | Zig:14   | Noticed Neymy the pandemonium lord
 77407 | Zig:14   | Noticed Opetos the pandemonium lord
 77408 | Zig:14   | Noticed Qabbicw the pandemonium lord
 77408 | Zig:14   | XOM: swap monsters
 77408 | Zig:14   | Noticed Gucvug the pandemonium lord
 77408 | Zig:14   | Noticed Foonuocs the pandemonium lord
 77409 | Zig:14   | Killed Qabbicw the pandemonium lord
 77409 | Zig:14   | Killed Metiosisch the pandemonium lord
 77410 | Zig:14   | Killed Foonuocs the pandemonium lord
 77410 | Zig:14   | Killed Gucvug the pandemonium lord
 77410 | Zig:14   | Killed Analim the pandemonium lord
 77410 | Zig:14   | Killed Dekick the pandemonium lord
 77410 | Zig:14   | Killed Neymy the pandemonium lord
 77410 | Zig:14   | Killed Sicroih the pandemonium lord
 77410 | Zig:14   | Killed Opetos the pandemonium lord
 77410 | Zig:14   | Killed Raukleodiyrph the pandemonium lord
 77410 | Zig:14   | Killed Ynwouzut the pandemonium lord
 77410 | Zig:14   | Killed Epimn the pandemonium lord
 77411 | Zig:14   | Noticed Kourph Xunuets the pandemonium lord
 77412 | Zig:14   | Killed Puasugg the pandemonium lord
 77412 | Zig:14   | Reached skill level 27 in Armour
 77413 | Zig:14   | Killed Nenys the pandemonium lord
 77413 | Zig:14   | Killed Wuefoifu the pandemonium lord
 77422 | Zig:14   | Killed Kourph Xunuets the pandemonium lord
 77481 | Zig:14   | Got a sparkling glass ring
 77483 | Zig:14   | Identified the ring "Efot" {rPois Dex-4 Slay+5 SInv Stlth+} (You found it on level 14 of a ziggurat)
 77490 | Zig:14   | Got a heavily runed garnet amulet
 77491 | Zig:14   | Identified the amulet of Fixation {Faith rF+ MR+++ Str+3 Dex-2} (You found it on level 14 of a ziggurat)
 77516 | Zig:14   | Got an ancient silver ring
 77529 | Zig:15   | Entered Level 15 of a ziggurat
 77660 | Zig:15   | Identified the ring "Veidixo" {-Tele rF+ rN++ Int+4 SInv} (You found it on level 14 of a ziggurat)
 77664 | Zig:15   | Got a steaming cloak
 77675 | Zig:15   | Identified the +1 cloak of the Tuna {MR+} (You found it on level 15 of a ziggurat)
 77714 | Zig:16   | Entered Level 16 of a ziggurat
 77726 | Zig:16   | XOM: swap monsters
 77760 | Zig:17   | Entered Level 17 of a ziggurat
 77822 | Zig:18   | Entered Level 18 of a ziggurat
 77842 | Zig:18   | XOM: swap monsters
 77842 | Zig:18   | Noticed an ancient lich
 77843 | Zig:18   | Reached skill level 5 in Long Blades
 77843 | Zig:18   | Killed an ancient lich
 77849 | Zig:18   | Paralysed by accursed screaming for 1 turns
 77950 | Zig:18   | Identified the Reference Book on Unstable Cold (You found it on level 18 of a ziggurat)
 77952 | Zig:18   | Gained mutation: You occasionally shout uncontrollably at your foes. [mutagenic glow]
 77956 | Zig:18   | Learned a level 4 spell: Condensation Shield
 77965 | Zig:18   | Identified the Collected Works on Talismans
 77978 | Zig:18   | Identified the Handbook of Fiery Conjuration
 78005 | Zig:19   | Entered Level 19 of a ziggurat
 78050 | Zig:19   | Reached skill level 1 in Translocations
 78178 | Zig:19   | Gained mutation: Your magical capacity is low (-10% MP). [a neqoxec]
 78241 | Zig:19   | Identified Sif Muna's Papyrus of Poisonous Changing
 78256 | Zig:19   | Reached skill level 1 in Ice Magic
 78266 | Zig:19   | Got a fine scythe
 78267 | Zig:19   | Identified the +4 scythe "Atycear" {slice, rF+ rN+} (You found it on level 19 of a ziggurat)
 78285 | Zig:19   | Got a scorched glaive
 78286 | Zig:19   | Identified the +8 glaive of Ceibatiz {chop, Str+4 Stlth+} (You found it on level 19 of a ziggurat)
 78290 | Zig:20   | Entered Level 20 of a ziggurat
 78304 | Zig:20   | XOM: swap monsters
 78313 | Zig:20   | Reached skill level 10 in Long Blades
 78319 | Zig:20   | XOM: swap monsters
 78383 | Zig:20   | Got a translucent great sword
 78384 | Zig:20   | Identified the +6 great sword of Regicide {antimagic, *Rage rC++ Dex+3} (You found it on level 20 of a ziggurat)
 78388 | Zig:20   | Identified the Tome of Dark Rites and the Voyage
 78397 | Zig:20   | Identified the Papyrus of Attacks and the Frostbite
 78412 | Zig:20   | Identified Yriepyxa's Reference Book on Congealing Dark Rituals (You found it on level 20 of a ziggurat)
 78419 | Zig:20   | Learned a level 5 spell: Dispel Undead
 78431 | Zig:21   | Entered Level 21 of a ziggurat
 78463 | Zig:21   | Reached skill level 27 in Spellcasting
 78480 | Depths:4 | Gained mutation: Scrolls take you a little longer to read. [mutagenic glow]
 79149 | Crypt:1  | Lost mutation: Scrolls take you a little longer to read. [potion of cure mutation]
 79149 | Crypt:1  | Lost mutation: You are somewhat resistant to further mutation. [potion of cure mutation]
 79149 | Crypt:1  | Lost mutation: You are covered in fur (AC +1). [potion of cure mutation]
 79149 | Crypt:1  | Lost mutation: You occasionally shout uncontrollably at your foes. [potion of cure mutation]
 79150 | Crypt:1  | Lost mutation: You are occasionally teleported next to monsters. [potion of cure mutation]
 79150 | Crypt:1  | Lost mutation: Your magical capacity is low (-10% MP). [potion of cure mutation]
 79495 | Vaults:5 | Bought a potion of mutation for 40 gold pieces
 79495 | Vaults:5 | Gained mutation: Your spells are a little easier to cast, but a little less powerful. [potion of mutation]
 79495 | Vaults:5 | Gained mutation: Your body sometimes deteriorates upon taking damage. [potion of mutation]
 79495 | Vaults:5 | Gained mutation: You expend magic power (3 MP) to strengthen your wands. [potion of mutation]
 79496 | Vaults:5 | Lost mutation: Your spells are a little easier to cast, but a little less powerful. [potion of cure mutation]
 79496 | Vaults:5 | Lost mutation: You expend magic power (3 MP) to strengthen your wands. [potion of cure mutation]
 79496 | Vaults:5 | Lost mutation: Your body sometimes deteriorates upon taking damage. [potion of cure mutation]
 79497 | Vaults:5 | Bought a potion of mutation for 40 gold pieces
 79497 | Vaults:5 | Gained mutation: Your skin changes colour to match your surroundings (Stealth). [potion of mutation]
 79497 | Vaults:5 | Gained mutation: You are resistant to hostile enchantments. [potion of mutation]
 79497 | Vaults:5 | Gained mutation: Your muscles are strong. (Str +2) [potion of mutation]
 79941 | Zot:1    | Entered Level 1 of the Realm of Zot
 81031 | Zot:2    | Reached skill level 15 in Long Blades
 81339 | Zot:2    | Reached skill level 1 in Conjurations
 83119 | Zot:4    | Reached skill level 5 in Conjurations
 83468 | Zot:5    | Entered Level 5 of the Realm of Zot
 83610 | Zot:5    | Got a sparkling platinum ring
 83611 | Zot:5    | Identified the ring of Greed {Wiz rC+ SInv} (You found it on level 5 of the Realm of Zot)
 83769 | Zot:5    | Noticed an orb of fire
 83781 | Zot:5    | Gained mutation: You are robust (+10% HP). [an orb of fire]
 83782 | Zot:5    | Gained mutation: You have a beak for a mouth. [an orb of fire]
 83809 | Zot:5    | Killed an orb of fire
 83860 | Zot:5    | Noticed an ancient lich
 83866 | Zot:5    | Killed an ancient lich
 83867 | Zot:5    | Noticed an ancient lich
 83888 | Zot:5    | Killed an ancient lich
 83947 | Zot:5    | Noticed an ancient lich
 83966 | Zot:5    | Killed an ancient lich
 84162 | Zot:5    | Noticed an orb of fire
 84169 | Zot:5    | Gained mutation: Scrolls take you a little longer to read. [an orb of fire]
 84171 | Zot:5    | Gained mutation: Scrolls take you longer to read. [an orb of fire]
 84173 | Zot:5    | Gained mutation: You are clumsy. (Dex -2) [an orb of fire]
 84178 | Zot:5    | Killed an orb of fire
 84342 | Zot:5    | Noticed an ancient lich
 84353 | Zot:5    | Killed an ancient lich
 84876 | Coc:1    | Entered Level 1 of Cocytus
 85071 | Zig:1    | Entered Level 1 of a ziggurat
 85099 | Zig:2    | Entered Level 2 of a ziggurat
 85164 | Zig:3    | Entered Level 3 of a ziggurat
 85219 | Zig:4    | Entered Level 4 of a ziggurat
 85233 | Zig:4    | Reached skill level 10 in Conjurations
 85295 | Zig:5    | Entered Level 5 of a ziggurat
 85297 | Zig:5    | Noticed a juggernaut
 85297 | Zig:5    | Noticed a juggernaut
 85331 | Zig:5    | Killed a juggernaut
 85341 | Zig:5    | Killed a juggernaut
 85425 | Zig:6    | Entered Level 6 of a ziggurat
 85430 | Zig:6    | XOM: swap monsters
 85533 | Zig:6    | Got a bloodstained great mace
 85536 | Zig:6    | Identified the +7 great mace "Jellybane" {flame, Fragile +Inv MP+9 Int+5} (You found it on level 6 of a ziggurat)
 85552 | Zig:7    | Entered Level 7 of a ziggurat
 85736 | Zig:8    | Entered Level 8 of a ziggurat
 85844 | Zig:8    | Identified the Volume of Displacement
 85911 | Zig:8    | Gained mutation: Potions and wands are less effective at restoring your health. [mutagenic glow]
 86067 | Zig:9    | Entered Level 9 of a ziggurat
 86265 | Zig:9    | Got a heavily runed marble ring
 86270 | Zig:9    | Identified the ring of the Sky {rF++ Stlth+} (You found it on level 9 of a ziggurat)
 86275 | Zig:9    | Identified the Catalogue of Attacks and Weightlessness
 86284 | Zig:9    | Identified the Collected Works on Hexes
 86295 | Zig:10   | Entered Level 10 of a ziggurat
 86301 | Zig:10   | XOM: swap monsters
 86434 | Zig:10   | Identified the Collected Works on Enchantment and Changing
 86437 | Zig:10   | Got a vibrating wooden ring
 86439 | Zig:10   | Identified the ring "Diesag" {rF+ Stlth-} (You found it on level 10 of a ziggurat)
 86445 | Zig:10   | Identified the Compendium of Enchantment and Evil
 86462 | Zig:11   | Entered Level 11 of a ziggurat
 86471 | Zig:11   | XOM: swap monsters
 86523 | Zig:11   | Reached skill level 5 in Ice Magic
 86598 | Zig:11   | Got a scorched granite ring
 86600 | Zig:11   | Identified the ring of Mahaluyh {+Blink rC- Str+2 Int+2 Dex+2} (You found it on level 11 of a ziggurat)
 86618 | Zig:11   | Got a transparent granite ring
 86638 | Zig:11   | Identified the ring "Saohaoto" {Wiz rF+ Str+7 Int+3} (You found it on level 11 of a ziggurat)
 86642 | Zig:12   | Entered Level 12 of a ziggurat
 86652 | Zig:12   | XOM: swap monsters
 86653 | Zig:12   | Reached skill level 1 in Unarmed Combat
 86681 | Zig:12   | Reached skill level 5 in Unarmed Combat
 86755 | Zig:13   | Entered Level 13 of a ziggurat
 86764 | Zig:13   | XOM: swap monsters
 87118 | Zig:14   | Entered Level 14 of a ziggurat
 87127 | Zig:14   | XOM: swap monsters
 87128 | Zig:14   | Reached skill level 27 in Long Blades
 87153 | Zig:14   | Reached skill level 10 in Unarmed Combat
 87263 | Zig:14   | Got a steaming plate armour
 87266 | Zig:14   | Identified the +12 plate armour "Epnuyzub" {rPois} (You found it on level 14 of a ziggurat)
 87288 | Zig:14   | Identified the Catalogue of the Escort
 87303 | Zig:15   | Entered Level 15 of a ziggurat
 87314 | Zig:15   | Noticed an ancient lich
 87315 | Zig:15   | XOM: swap monsters
 87315 | Zig:15   | Noticed an ancient lich
 87316 | Zig:15   | Reached skill level 10 in Ice Magic
 87316 | Zig:15   | Killed an ancient lich
 87353 | Zig:15   | Killed an ancient lich
 87376 | Zig:15   | Got a ring of the Octopus King
 87379 | Zig:15   | Identified a ring of the Octopus King {rN+ AC+1 EV+1 Str+1 Int+1 Dex+1} (You found it on level 15 of a ziggurat)
 87393 | Zig:15   | Identified Sif Muna's Compendium of the Compass
 87428 | Zig:15   | Reached skill level 5 in Translocations
 87448 | Zig:16   | Entered Level 16 of a ziggurat
 87457 | Zig:16   | XOM: swap monsters
 87457 | Zig:16   | Noticed Fauzuept the pandemonium lord
 87459 | Zig:16   | XOM: swap monsters
 87460 | Zig:16   | XOM: swap monsters
 87461 | Zig:16   | Killed Fauzuept the pandemonium lord
 87575 | Zig:16   | Got a flickering jade ring
 87577 | Zig:16   | Identified the ring "Bygeopiq" {rElec MR+} (You found it on level 16 of a ziggurat)
 87586 | Zig:16   | Got a pitted jade ring
 87592 | Zig:16   | Identified Fuggut's Volume of Captivating Confrontation
 87626 | Zig:16   | Identified the ring of Vuosh {rCorr MR+ Int+7} (You found it on level 16 of a ziggurat)
 87638 | Zig:16   | Got a pair of transparent gloves
 87641 | Zig:16   | Identified the cursed +0 pair of gloves "Wumoin Liru" {rF++} (You found it on level 16 of a ziggurat)
 87650 | Zig:17   | Entered Level 17 of a ziggurat
 87658 | Zig:17   | Noticed a greater mummy
 87658 | Zig:17   | Noticed a greater mummy
 87659 | Zig:17   | XOM: swap monsters
 87659 | Zig:17   | Noticed a greater mummy
 87659 | Zig:17   | Noticed a greater mummy
 87660 | Zig:17   | Killed a greater mummy
 87660 | Zig:17   | Killed a greater mummy
 87661 | Zig:17   | Noticed a greater mummy
 87662 | Zig:17   | Noticed a greater mummy
 87663 | Zig:17   | Noticed a greater mummy
 87663 | Zig:17   | Noticed a greater mummy
 87664 | Zig:17   | Noticed a greater mummy
 87665 | Zig:17   | Noticed a greater mummy
 87665 | Zig:17   | Noticed a greater mummy
 87666 | Zig:17   | XOM: swap monsters
 87666 | Zig:17   | Noticed a greater mummy
 87666 | Zig:17   | Noticed a greater mummy
 87666 | Zig:17   | Noticed a greater mummy
 87666 | Zig:17   | Noticed a greater mummy
 87666 | Zig:17   | Noticed a greater mummy
 87667 | Zig:17   | Noticed a greater mummy
 87667 | Zig:17   | Noticed a greater mummy
 87667 | Zig:17   | Noticed a greater mummy
 87670 | Zig:17   | Killed a greater mummy
 87673 | Zig:18   | Entered Level 18 of a ziggurat
 87731 | Zig:18   | Reached skill level 15 in Ice Magic
 87843 | Zig:18   | Reached skill level 1 in Staves
 87930 | Zig:18   | Got a scintillating pewter ring
 87932 | Zig:18   | Identified the ring "Cips" {+Fly Str+2} (You found it on level 18 of a ziggurat)
 87942 | Zig:18   | Lost mutation: Your skin changes colour to match your surroundings (Stealth). [potion of cure mutation]
 87942 | Zig:18   | Lost mutation: You are robust (+10% HP). [potion of cure mutation]
 87942 | Zig:18   | Lost mutation: You are clumsy. (Dex -2) [potion of cure mutation]
 87942 | Zig:18   | Lost mutation: Scrolls take you longer to read. [potion of cure mutation]
 87942 | Zig:18   | Lost mutation: Potions and wands are less effective at restoring your health. [potion of cure mutation]
 87943 | Zig:18   | Lost mutation: Scrolls take you a little longer to read. [potion of cure mutation]
 87943 | Zig:18   | Lost mutation: You have a beak for a mouth. [potion of cure mutation]
 87943 | Zig:18   | Lost mutation: You are resistant to hostile enchantments. [potion of cure mutation]
 87943 | Zig:18   | Lost mutation: Your muscles are strong. (Str +2) [potion of cure mutation]
 87944 | Zig:18   | Gained mutation: You are robust (+10% HP). [potion of mutation]
 87944 | Zig:18   | Gained mutation: You can translocate small distances at will. [potion of mutation]
 87944 | Zig:18   | Gained mutation: Scrolls take you a little longer to read. [potion of mutation]
 87946 | Zig:18   | Identified the Volume of Self-Improvement
 87954 | Zig:18   | Identified the Handbook of Summoning
 87998 | Zig:19   | Entered Level 19 of a ziggurat
 88010 | Zig:19   | Noticed an ancient lich
 88011 | Zig:19   | Noticed an ancient lich
 88013 | Zig:19   | Noticed an ancient lich
 88013 | Zig:19   | XOM: swap monsters
 88013 | Zig:19   | Noticed an ancient lich
 88013 | Zig:19   | Noticed an ancient lich
 88013 | Zig:19   | Noticed an ancient lich
 88013 | Zig:19   | Noticed an ancient lich
 88013 | Zig:19   | Noticed an ancient lich
 88014 | Zig:19   | XOM: swap monsters
 88014 | Zig:19   | Noticed an ancient lich
 88014 | Zig:19   | Noticed an ancient lich
 88015 | Zig:19   | Noticed an ancient lich
 88015 | Zig:19   | Reached skill level 5 in Staves
 88015 | Zig:19   | Killed an ancient lich
 88015 | Zig:19   | Killed an ancient lich
 88015 | Zig:19   | Killed an ancient lich
 88015 | Zig:19   | Killed an ancient lich
 88015 | Zig:19   | Killed an ancient lich
 88015 | Zig:19   | Killed an ancient lich
 88017 | Zig:19   | Noticed an ancient lich
 88023 | Zig:19   | Killed an ancient lich
 88023 | Zig:19   | Reached skill level 27 in Necromancy
 88036 | Zig:19   | Killed an ancient lich
 88047 | Zig:19   | Killed an ancient lich
 88055 | Zig:19   | Killed an ancient lich
 88062 | Zig:19   | Killed an ancient lich
 88062 | Zig:19   | Killed an ancient lich
 88132 | Zig:19   | Identified the Guide on Ashen Snow
 88145 | Zig:19   | Identified the Almanac of Shape Shifting
 88194 | Zig:20   | Entered Level 20 of a ziggurat
 88233 | Zig:21   | Entered Level 21 of a ziggurat
 88234 | Zig:21   | Lost mutation: Scrolls take you a little longer to read. [potion of cure mutation]
 88234 | Zig:21   | Lost mutation: You are robust (+10% HP). [potion of cure mutation]
 88234 | Zig:21   | Lost mutation: You can translocate small distances at will. [potion of cure mutation]
 88235 | Zig:21   | Gained mutation: Your muscles are strong. (Str +2) [potion of beneficial mutation]
 88236 | Zig:21   | Gained mutation: You possess an exceptional clarity of mind. [potion of beneficial mutation]
 88253 | Zig:21   | XOM: swap monsters
 88259 | Zig:21   | Reached skill level 10 in Staves
 88261 | Zig:21   | XOM: swap monsters
 88480 | Zig:21   | Identified Wotox's Almanac of the Ancient Lies
 88577 | Zig:22   | Entered Level 22 of a ziggurat
 88590 | Zig:22   | XOM: swap monsters
 88595 | Zig:22   | Paralysed by accursed screaming for 1 turns
 88626 | Zig:22   | XOM: swap monsters
 88645 | Zig:22   | Paralysed by accursed screaming for 2 turns
 88651 | Zig:22   | Paralysed by accursed screaming for 2 turns
 88670 | Zig:22   | Paralysed by accursed screaming for 2 turns
 88793 | Zig:22   | Identified Cigotuvi's Grimoire of Shifting Black Arts
 88800 | Zig:22   | Got a steaming great sword
 88801 | Zig:22   | Identified the +7 great sword of Ruacuuc {slice, rPois} (You found it on level 22 of a ziggurat)
 88806 | Zig:22   | Got a crude ivory ring
 88818 | Zig:22   | Identified the ring of Inirou {Ice rN+ MP-9 Slay+3 Stlth+} (You found it on level 22 of a ziggurat)
 88841 | Zig:23   | Entered Level 23 of a ziggurat
 88854 | Zig:23   | Noticed an ancient lich
 88862 | Zig:23   | Noticed an ancient lich
 88863 | Zig:23   | Noticed an ancient lich
 88866 | Zig:23   | Noticed an ancient lich
 88867 | Zig:23   | Noticed an ancient lich
 88869 | Zig:23   | Noticed an ancient lich
 88871 | Zig:23   | Killed an ancient lich
 88872 | Zig:23   | Noticed an ancient lich
 88875 | Zig:23   | Noticed an ancient lich
 88876 | Zig:23   | Noticed an ancient lich
 88878 | Zig:23   | Noticed an ancient lich
 88887 | Zig:23   | Killed an ancient lich
 88887 | Zig:23   | Killed an ancient lich
 88887 | Zig:23   | Killed an ancient lich
 88887 | Zig:23   | Killed an ancient lich
 88887 | Zig:23   | Reached skill level 27 in Evocations
 88888 | Zig:23   | Killed an ancient lich
 88888 | Zig:23   | Reached skill level 10 in Translocations
 88888 | Zig:23   | Killed an ancient lich
 88888 | Zig:23   | Killed an ancient lich
 88889 | Zig:23   | Killed an ancient lich
 88889 | Zig:23   | Reached skill level 15 in Staves
 88896 | Zig:23   | Killed an ancient lich
 88902 | Zig:23   | Noticed an ancient lich
 88928 | Zig:23   | Killed an ancient lich
 89253 | Zig:23   | Got a polished plate armour
 89254 | Zig:23   | Identified the cursed +1 plate armour of the Other World {rC++ Str+2 Slay-6 SInv} (You found it on level 23 of a ziggurat)
 89265 | Zig:23   | Got an ichor-stained eveningstar
 89266 | Zig:23   | Identified the cursed +1 eveningstar of Articulation {crush, rF+ MR+} (You found it on level 23 of a ziggurat)
 89410 | Zig:24   | Entered Level 24 of a ziggurat
 89424 | Zig:24   | XOM: swap monsters
 89425 | Zig:24   | XOM: swap monsters
 89428 | Zig:24   | XOM: swap monsters
 89447 | Zig:24   | XOM: swap monsters
 89448 | Zig:24   | XOM: swap monsters
 89450 | Zig:24   | XOM: swap monsters
 89523 | Zig:24   | Gained mutation: Your skin changes colour to match your surroundings (Stealth). [potion of beneficial mutation]
 89524 | Zig:24   | Gained mutation: You are resistant to hostile enchantments. [potion of beneficial mutation]
 89532 | Zig:24   | Got a slimy tin ring
 89535 | Zig:24   | Identified the ring "Femenor" {rElec rPois rF- MR+ Int-3} (You found it on level 24 of a ziggurat)
 89561 | Zig:24   | Identified Ulovelom's Guide on Bewitchment (You found it on level 24 of a ziggurat)
 89573 | Zig:24   | Gained mutation: Your flesh is cold resistant. [potion of beneficial mutation]
 89586 | Zig:24   | Got a bloodstained plate armour
 89587 | Zig:24   | Identified the +4 plate armour "Galef" {Str+5 Dex-5} (You found it on level 24 of a ziggurat)
 89602 | Zig:24   | Got a warped halberd
 89613 | Zig:25   | Entered Level 25 of a ziggurat
 89629 | Zig:25   | XOM: swap monsters
 89672 | Zig:25   | Reached skill level 5 in Transmutations
 89678 | Zig:26   | Entered Level 26 of a ziggurat
 89722 | Zig:26   | XOM: swap monsters
 89745 | Zig:26   | Reached skill level 10 in Transmutations
 89756 | Zig:26   | XOM: swap monsters
 89822 | Zig:26   | Reached skill level 15 in Transmutations
 90072 | Zig:26   | Got an ichor-stained chain mail
 90073 | Zig:26   | Identified the +8 chain mail of Experimentation {Regen+ Str+3 SInv} (You found it on level 26 of a ziggurat)
 90105 | Zig:26   | Got a sparkling gossamer ring
 90106 | Zig:26   | Identified the ring of Beauty {rF+ rN+ MR+ Slay-3} (You found it on level 26 of a ziggurat)
 90165 | Zig:27   | Entered Level 27 of a ziggurat
 90183 | Zig:27   | XOM: swap monsters
 90184 | Zig:27   | XOM: swap monsters
 90184 | Zig:27   | Noticed an ancient lich
 90184 | Zig:27   | Noticed an ancient lich
 90184 | Zig:27   | Noticed an ancient lich
 90185 | Zig:27   | XOM: swap monsters
 90185 | Zig:27   | Noticed an ancient lich
 90185 | Zig:27   | Noticed an ancient lich
 90185 | Zig:27   | Noticed an ancient lich
 90187 | Zig:27   | Killed an ancient lich
 90187 | Zig:27   | Killed an ancient lich
 90187 | Zig:27   | Killed an ancient lich
 90188 | Zig:27   | Noticed an ancient lich
 90189 | Zig:27   | Noticed an ancient lich
 90190 | Zig:27   | Killed an ancient lich
 90194 | Zig:27   | Killed an ancient lich
 90202 | Zig:27   | XOM: swap monsters
 90203 | Zig:27   | Killed an ancient lich
 90203 | Zig:27   | Reached skill level 15 in Translocations
 90235 | Zig:27   | Killed an ancient lich
 90240 | Zig:27   | Killed an ancient lich
 90448 | Zig:27   | Got a fine iron ring
 90449 | Zig:27   | Identified the ring of the Burgomaster {+Fly Stlth-} (You found it on level 27 of a ziggurat)
 90458 | Zig:27   | Got a smoking chain mail
 90459 | Zig:27   | Identified the cursed +0 chain mail of Peorodd {rN+} (You found it on level 27 of a ziggurat)
 90469 | Zig:27   | Got a clouded silver amulet
 90470 | Zig:27   | Identified the amulet "Nelyelupp" {Spirit MR+} (You found it on level 27 of a ziggurat)
 90472 | Zig:27   | Identified the Papyrus of Transmigration
 90494 | Zig:27   | Identified Kikubaaqudgha's Tome of Unholy Arts
 90509 | Zig:27   | Got a heavily runed amethyst amulet
 90510 | Zig:27   | Identified the amulet "Papim" {Spirit Fragile rN++ Str-3 Stlth+} (You found it on level 27 of a ziggurat)
 95191 | Coc:7    | Entered Level 7 of Cocytus
 95477 | Coc:7    | Noticed the Serpent of Hell
 95498 | Coc:7    | Killed the Serpent of Hell
 95751 | Coc:7    | Noticed Antaeus
 95786 | Coc:7    | Killed Antaeus
 95807 | Coc:7    | Got an icy rune of Zot
 95820 | Coc:7    | Got a translucent platinum amulet
 95824 | Coc:7    | Identified the amulet of Urhenuw {Inacc rN++ Dex+2 Stlth+} (You found it on level 7 of Cocytus)
 95832 | Coc:7    | Got an ancient copper ring
 95834 | Coc:7    | Identified the ring of Vikie {Fragile rF+ rN+ Str+4 Dex+4} (You found it on level 7 of Cocytus)
 96404 | Tar:1    | Entered Level 1 of Tartarus
 97694 | Tar:2    | Reached skill level 27 in Transmutations
 98221 | Tar:7    | Entered Level 7 of Tartarus
 98686 | Tar:7    | Noticed Ereshkigal
 98714 | Tar:7    | Killed Ereshkigal
 99521 | Tar:7    | Got a bone rune of Zot
 99529 | Tar:7    | Identified Orragaol's Almanac of Unstable Protection
100333 | Depths:4 | Voluntarily entered the Abyss.
100930 | Depths:4 | Escaped the Abyss
100956 | Depths:3 | Learned a level 9 spell: Glaciate
101163 | Depths:4 | Voluntarily entered the Abyss.
101174 | Abyss:1  | Found a corrupted altar of Lugonu.
101208 | Abyss:1  | Found a corrupted altar of Lugonu.
101524 | Abyss:1  | Found a corrupted altar of Lugonu.
101646 | Abyss:1  | Paralysed by accursed screaming for 1 turns
102369 | Abyss:1  | Got a translucent turquoise ring
102422 | Abyss:1  | Reached skill level 27 in Ice Magic
102608 | Abyss:1  | Noticed an ancient lich
102615 | Abyss:1  | Killed an ancient lich
102615 | Abyss:1  | Reached skill level 15 in Conjurations
102865 | Abyss:1  | Found a shattered altar of Ashenzari.
102932 | Abyss:1  | Noticed an ancient lich
102938 | Abyss:1  | Killed an ancient lich
102990 | Abyss:1  | Paralysed by accursed screaming for 1 turns
103737 | Abyss:1  | Found a sacrificial altar of Ru.
104528 | Abyss:1  | Found a corrupted altar of Lugonu.
104619 | Abyss:2  | Found a shadowy altar of Dithmenos.
104745 | Abyss:2  | Paralysed by accursed screaming for 1 turns
104748 | Abyss:2  | Paralysed by accursed screaming for 2 turns
105010 | Abyss:4  | Paralysed by accursed screaming for 1 turns
105077 | Abyss:4  | Got an abyssal rune of Zot
105315 | Abyss:4  | Paralysed by accursed screaming for 2 turns
105321 | Abyss:4  | Paralysed by accursed screaming for 2 turns
105432 | Depths:4 | Escaped the Abyss
105532 | Zig:1    | Entered Level 1 of a ziggurat
105581 | Zig:1    | Identified the ring "Doisadgh" {rPois rF+ MP-9 Int+10} (You found it on level 1 of the Abyss)
105591 | Zig:2    | Entered Level 2 of a ziggurat
105726 | Zig:3    | Entered Level 3 of a ziggurat
105909 | Zig:4    | Entered Level 4 of a ziggurat
105909 | Zig:4    | Noticed a greater mummy
105911 | Zig:4    | XOM: swap monsters
105920 | Zig:4    | Killed a greater mummy
105959 | Zig:4    | Identified the Papyrus of Supportive Arcane Weapons
105998 | Zig:5    | Entered Level 5 of a ziggurat
105998 | Zig:5    | Noticed an orb of fire
105998 | Zig:5    | Noticed an orb of fire
105998 | Zig:5    | Noticed an orb of fire
105998 | Zig:5    | Noticed an orb of fire
106000 | Zig:5    | XOM: swap monsters
106001 | Zig:5    | XOM: swap monsters
106002 | Zig:5    | Killed an orb of fire
106002 | Zig:5    | Killed an orb of fire
106025 | Zig:5    | Killed an orb of fire
106040 | Zig:5    | Killed an orb of fire
106070 | Zig:6    | Entered Level 6 of a ziggurat
106072 | Zig:6    | XOM: swap monsters
106175 | Zig:7    | Entered Level 7 of a ziggurat
106179 | Zig:7    | XOM: swap monsters
106180 | Zig:7    | XOM: swap monsters
106181 | Zig:7    | XOM: swap monsters
106279 | Zig:8    | Entered Level 8 of a ziggurat
106280 | Zig:8    | XOM: swap monsters
106347 | Zig:8    | Got a smoking iron ring
106348 | Zig:8    | Identified the ring "Abotrof" {+/*Tele +Inv} (You found it on level 8 of a ziggurat)
106519 | Zig:9    | Entered Level 9 of a ziggurat
106521 | Zig:9    | Noticed Rylasoco the pandemonium lord
106522 | Zig:9    | Noticed Idicor the pandemonium lord
106522 | Zig:9    | Noticed Efount the pandemonium lord
106525 | Zig:9    | Noticed Kuinil the pandemonium lord
106526 | Zig:9    | Noticed Rogiusye the pandemonium lord
106531 | Zig:9    | Killed Idicor the pandemonium lord
106531 | Zig:9    | Killed Rogiusye the pandemonium lord
106531 | Zig:9    | Killed Rylasoco the pandemonium lord
106531 | Zig:9    | Reached skill level 27 in Conjurations
106545 | Zig:9    | Killed Kuinil the pandemonium lord
106562 | Zig:9    | Killed Efount the pandemonium lord
106854 | Zig:10   | Entered Level 10 of a ziggurat
106992 | Zig:10   | Got a distressingly furry cloak
106993 | Zig:10   | Identified the +5 cloak of Honesty {rPois MR- Int+9 Slay-3} (You found it on level 10 of a ziggurat)
107027 | Zig:10   | Got an ancient jade amulet
107028 | Zig:10   | Identified the amulet "Qogupuzaha" {Regen+ Int+5 Dex+2} (You found it on level 10 of a ziggurat)
107052 | Zig:11   | Entered Level 11 of a ziggurat
107320 | Zig:11   | Got a scorched steel ring
107321 | Zig:11   | Identified the cursed ring "Dutoeh" {rElec Dex-4} (You found it on level 11 of a ziggurat)
107339 | Zig:11   | Got a clouded wooden ring
107342 | Zig:11   | Identified the ring "Ridu Wit" {+/*Tele Int+4 Slay+2} (You found it on level 11 of a ziggurat)
107359 | Zig:12   | Entered Level 12 of a ziggurat
107370 | Zig:12   | Noticed Yghor the pandemonium lord
107382 | Zig:13   | Entered Level 13 of a ziggurat
107589 | Zig:13   | Identified the Handbook of Poison
107596 | Zig:13   | Got a blackened demon trident
107597 | Zig:13   | Identified the cursed +1 demon trident of Watchfulness {pain, rC++ Str+2 Stlth-} (You found it on level 13 of a ziggurat)
107603 | Zig:14   | Entered Level 14 of a ziggurat
107610 | Zig:14   | Noticed an ancient lich
107612 | Zig:14   | Noticed an ancient lich
107614 | Zig:14   | Noticed an ancient lich
107618 | Zig:14   | Noticed an ancient lich
107621 | Zig:14   | Killed an ancient lich
107621 | Zig:14   | Killed an ancient lich
107622 | Zig:14   | Noticed an ancient lich
107634 | Zig:14   | Noticed an ancient lich
107647 | Zig:14   | Killed an ancient lich
107647 | Zig:14   | Reached skill level 27 in Translocations
107647 | Zig:14   | Killed an ancient lich
107647 | Zig:14   | Reached skill level 15 in Charms
107653 | Zig:14   | Killed an ancient lich
107656 | Zig:14   | Killed an ancient lich
107757 | Zig:14   | Reached skill level 1 in Fire Magic
107760 | Zig:14   | Got a ring of the Octopus King
107761 | Zig:14   | Identified a ring of the Octopus King {Wiz AC+1 EV+1 Str+1 Int+1 Dex+1} (You found it on level 14 of a ziggurat)
107796 | Zig:15   | Entered Level 15 of a ziggurat
107812 | Zig:15   | Paralysed by accursed screaming for 2 turns
107850 | Zig:15   | Paralysed by accursed screaming for 1 turns
107866 | Zig:16   | Entered Level 16 of a ziggurat
108098 | Zig:16   | Got a coiled graven amulet
108098 | Zig:16   | Got a pitted copper amulet
108099 | Zig:16   | Identified the amulet "Loivor" {+Rage rElec rF+ rN+ Dex-4} (You found it on level 16 of a ziggurat)
108100 | Zig:16   | Identified the amulet "Asimajuz" {Gourm rPois rF- MR+ Int+4} (You found it on level 16 of a ziggurat)
108145 | Zig:17   | Entered Level 17 of a ziggurat
108390 | Zig:17   | Got a scorched plate armour
108391 | Zig:17   | Identified the +6 plate armour of Quh Roloi {+Inv rF+ rC+ MP-9} (You found it on level 17 of a ziggurat)
108396 | Zig:17   | Got a crude turquoise ring
108398 | Zig:17   | Identified the ring "Jaevez" {rPois rN+ MP+9 Int+3 Slay+3} (You found it on level 17 of a ziggurat)
108414 | Zig:17   | Got a crude plate armour
108425 | Zig:17   | Identified the cursed +1 plate armour of Wrong Decisions {Regen+ Int-4 Dex-3 Slay+5} (You found it on level 17 of a ziggurat)
108450 | Zig:18   | Entered Level 18 of a ziggurat
108745 | Zig:18   | Got a sparkling bronze ring
108763 | Zig:18   | Identified the ring of Nuimp {rPois rF+ Str-3 Stlth+} (You found it on level 18 of a ziggurat)
108768 | Zig:18   | Got a crude golden amulet
108769 | Zig:18   | Identified the amulet of the Two Names {Gourm +Inv rN+ Int-5} (You found it on level 18 of a ziggurat)
108773 | Zig:18   | Got a slimy triple sword
108774 | Zig:18   | Identified the cursed +1 triple sword "Huecwuh" {venom, rElec Int+2} (You found it on level 18 of a ziggurat)
108786 | Zig:18   | Gained mutation: You have sharp toenails. [potion of beneficial mutation]
108787 | Zig:18   | Reached skill level 5 in Hexes
108797 | Zig:18   | Identified the Collected Works on Blows and Bruises
108805 | Zig:19   | Entered Level 19 of a ziggurat
108819 | Zig:19   | Reached skill level 27 in Charms
108926 | Zig:19   | Got a ring of the Octopus King
108944 | Zig:19   | Got a pitted bronze ring
108947 | Zig:19   | Identified the ring of Geisog {rF+ rC+ SInv} (You found it on level 19 of a ziggurat)
108953 | Zig:19   | Got a pitted cloak
108964 | Zig:19   | Identified the +0 cloak "Puocuro" {MR++} (You acquired it on level 19 of a ziggurat)
108983 | Zig:19   | Identified the Collected Works on Displaced Moulding
109188 | Zig:20   | Entered Level 20 of a ziggurat
109211 | Zig:20   | Paralysed by accursed screaming for 2 turns
109217 | Zig:21   | Entered Level 21 of a ziggurat
109477 | Zig:21   | Identified the Reference Book on Conjuration and Transmigration
109516 | Zig:21   | Identified Pylofaw's Collected Works on Icy Confrontation
109528 | Zig:21   | Identified Ogemyti's Almanac of Air and Confrontation (You found it on level 21 of a ziggurat)
109549 | Zig:22   | Entered Level 22 of a ziggurat
109566 | Zig:22   | Reached skill level 1 in Stealth
109566 | Zig:22   | Reached skill level 5 in Stealth
109566 | Zig:22   | Reached skill level 5 in Air Magic
109567 | Zig:22   | Reached skill level 10 in Stealth
109594 | Zig:22   | XOM: swap monsters
109595 | Zig:22   | XOM: swap monsters
109596 | Zig:22   | Reached skill level 27 in Staves
109596 | Zig:22   | Reached skill level 15 in Stealth
109652 | Zig:22   | Reached skill level 10 in Air Magic
109778 | Zig:22   | Identified the Tome of the Entourage (You found it on level 22 of a ziggurat)
109797 | Zig:22   | Got a ring of the Octopus King
109810 | Zig:23   | Entered Level 23 of a ziggurat
109819 | Zig:23   | Noticed Zureevio the pandemonium lord
109820 | Zig:23   | Noticed Utwotok the pandemonium lord
109820 | Zig:23   | Noticed Fugav the pandemonium lord
109820 | Zig:23   | Noticed Bucvosmy the pandemonium lord
109820 | Zig:23   | Noticed Qeit the pandemonium lord
109820 | Zig:23   | Noticed Kiserieh the pandemonium lord
109820 | Zig:23   | Noticed Ockyhox the pandemonium lord
109820 | Zig:23   | Noticed Ephaasao the pandemonium lord
109820 | Zig:23   | Noticed Lifig the pandemonium lord
109820 | Zig:23   | Noticed Melaom the pandemonium lord
109820 | Zig:23   | Noticed Eneenenk the pandemonium lord
109820 | Zig:23   | Noticed Dyizitet the pandemonium lord
109821 | Zig:23   | Noticed Cyneqeos the pandemonium lord
109821 | Zig:23   | Noticed Ystang the pandemonium lord
109821 | Zig:23   | Noticed Iliywa Notes the pandemonium lord
109821 | Zig:23   | Noticed Quthrin the pandemonium lord
109821 | Zig:23   | Noticed Vueviwiak the pandemonium lord
109821 | Zig:23   | Noticed Mugiac the pandemonium lord
109821 | Zig:23   | Noticed Ludebaz the pandemonium lord
109821 | Zig:23   | Noticed Igot the pandemonium lord
109821 | Zig:23   | Noticed Headeor the pandemonium lord
109821 | Zig:23   | Noticed Coacat the pandemonium lord
109821 | Zig:23   | Noticed Ipidghid the pandemonium lord
109821 | Zig:23   | Noticed Zadymn the pandemonium lord
109821 | Zig:23   | Noticed Tuodiz the pandemonium lord
109821 | Zig:23   | Noticed Anuifaci the pandemonium lord
109821 | Zig:23   | Noticed Modeuhy the pandemonium lord
109821 | Zig:23   | Noticed Tef Caa the pandemonium lord
109821 | Zig:23   | Noticed Xoliankiux the pandemonium lord
109821 | Zig:23   | Noticed Epsec the pandemonium lord
109821 | Zig:23   | Noticed Cuqykipp the pandemonium lord
109821 | Zig:23   | Noticed Tumuxt the pandemonium lord
109821 | Zig:23   | Noticed Qoriaceph the pandemonium lord
109821 | Zig:23   | Noticed Ulod the pandemonium lord
109821 | Zig:23   | Noticed Kakiyxai the pandemonium lord
109821 | Zig:23   | Noticed Noggit the pandemonium lord
109821 | Zig:23   | Noticed Vimefa the pandemonium lord
109821 | Zig:23   | Noticed Zuifuros the pandemonium lord
109821 | Zig:23   | Noticed Ysitsise the pandemonium lord
109821 | Zig:23   | Noticed Fimuv the pandemonium lord
109821 | Zig:23   | Noticed Ocwuluen the pandemonium lord
109821 | Zig:23   | Noticed Irajafie the pandemonium lord
109821 | Zig:23   | Noticed Utehury the pandemonium lord
109821 | Zig:23   | Noticed Jeux the pandemonium lord
109822 | Zig:23   | Noticed Byots the pandemonium lord
109822 | Zig:23   | Noticed Estrum the pandemonium lord
109822 | Zig:23   | Noticed Zifammorch the pandemonium lord
109822 | Zig:23   | Noticed Fijuub the pandemonium lord
109822 | Zig:23   | Noticed Torofo Qaunk the pandemonium lord
109823 | Zig:23   | Noticed Jodd the pandemonium lord
109823 | Zig:23   | Killed Ulod the pandemonium lord
109823 | Zig:23   | Killed Igot the pandemonium lord
109823 | Zig:23   | Killed Tef Caa the pandemonium lord
109823 | Zig:23   | Killed Tumuxt the pandemonium lord
109823 | Zig:23   | Killed Cuqykipp the pandemonium lord
109823 | Zig:23   | Killed Ockyhox the pandemonium lord
109823 | Zig:23   | Killed Anuifaci the pandemonium lord
109823 | Zig:23   | Killed Coacat the pandemonium lord
109823 | Zig:23   | Killed Vimefa the pandemonium lord
109824 | Zig:23   | Noticed Xoawuw the pandemonium lord
109824 | Zig:23   | Noticed Duafepal the pandemonium lord
109824 | Zig:23   | Killed Epsec the pandemonium lord
109825 | Zig:23   | Killed Zuifuros the pandemonium lord
109825 | Zig:23   | Killed Fimuv the pandemonium lord
109825 | Zig:23   | Killed Ludebaz the pandemonium lord
109825 | Zig:23   | Killed Torofo Qaunk the pandemonium lord
109825 | Zig:23   | Killed Xoliankiux the pandemonium lord
109825 | Zig:23   | Killed Utehury the pandemonium lord
109825 | Zig:23   | Killed Modeuhy the pandemonium lord
109825 | Zig:23   | Killed Ipidghid the pandemonium lord
109825 | Zig:23   | Killed Irajafie the pandemonium lord
109825 | Zig:23   | Killed Mugiac the pandemonium lord
109825 | Zig:23   | Killed Jeux the pandemonium lord
109825 | Zig:23   | Killed Noggit the pandemonium lord
109825 | Zig:23   | Killed Ocwuluen the pandemonium lord
109825 | Zig:23   | Killed Qeit the pandemonium lord
109825 | Zig:23   | Killed Headeor the pandemonium lord
109825 | Zig:23   | Killed Fugav the pandemonium lord
109825 | Zig:23   | Killed Byots the pandemonium lord
109825 | Zig:23   | Killed Estrum the pandemonium lord
109825 | Zig:23   | Killed Tuodiz the pandemonium lord
109825 | Zig:23   | Killed Eneenenk the pandemonium lord
109825 | Zig:23   | Killed Lifig the pandemonium lord
109825 | Zig:23   | Killed Ystang the pandemonium lord
109825 | Zig:23   | Killed Duafepal the pandemonium lord
109825 | Zig:23   | Killed Fijuub the pandemonium lord
109825 | Zig:23   | Killed Xoawuw the pandemonium lord
109825 | Zig:23   | Killed Cyneqeos the pandemonium lord
109825 | Zig:23   | Killed Qoriaceph the pandemonium lord
109825 | Zig:23   | Killed Zifammorch the pandemonium lord
109825 | Zig:23   | Killed Ephaasao the pandemonium lord
109825 | Zig:23   | Killed Kakiyxai the pandemonium lord
109825 | Zig:23   | Killed Melaom the pandemonium lord
109825 | Zig:23   | Killed Jodd the pandemonium lord
109825 | Zig:23   | Killed Ysitsise the pandemonium lord
109825 | Zig:23   | Killed Dyizitet the pandemonium lord
109825 | Zig:23   | Killed Zadymn the pandemonium lord
109825 | Zig:23   | Killed Utwotok the pandemonium lord
109825 | Zig:23   | Killed Zureevio the pandemonium lord
109825 | Zig:23   | Killed Fuosicvu the pandemonium lord
109826 | Zig:23   | Noticed Daips the pandemonium lord
109826 | Zig:23   | Noticed Qujaenaija the pandemonium lord
109826 | Zig:23   | Noticed Horeen the pandemonium lord
109827 | Zig:23   | Noticed Vympama the pandemonium lord
109828 | Zig:23   | Noticed Zyzaz the pandemonium lord
109828 | Zig:23   | Noticed Jeddiha the pandemonium lord
109829 | Zig:23   | Noticed Ipsevobo the pandemonium lord
109830 | Zig:23   | Noticed Futzayn the pandemonium lord
109830 | Zig:23   | Noticed Qeill the pandemonium lord
109830 | Zig:23   | Noticed Okhuexyh the pandemonium lord
109830 | Zig:23   | Killed Kiserieh the pandemonium lord
109831 | Zig:23   | Killed Bucvosmy the pandemonium lord
109832 | Zig:23   | Noticed Fyllasut the pandemonium lord
109832 | Zig:23   | Noticed Vuup the pandemonium lord
109833 | Zig:23   | Noticed Qalaog the pandemonium lord
109833 | Zig:23   | Noticed Lusemn the pandemonium lord
109834 | Zig:23   | Noticed Maruu the pandemonium lord
109834 | Zig:23   | Noticed Rorifed the pandemonium lord
109834 | Zig:23   | Noticed Owiarhawk the pandemonium lord
109834 | Zig:23   | Noticed Hel Hyv the pandemonium lord
109834 | Zig:23   | Noticed Faimoycw the pandemonium lord
109834 | Zig:23   | Noticed Loeshriodi the pandemonium lord
109834 | Zig:23   | Noticed Cupe the pandemonium lord
109834 | Zig:23   | Noticed Ozonkofod the pandemonium lord
109834 | Zig:23   | Noticed Ibaec the pandemonium lord
109835 | Zig:23   | Killed Quthrin the pandemonium lord
109835 | Zig:23   | Killed Iliywa Notes the pandemonium lord
109835 | Zig:23   | Killed Horeen the pandemonium lord
109835 | Zig:23   | Killed Maruu the pandemonium lord
109835 | Zig:23   | Killed Jeddiha the pandemonium lord
109835 | Zig:23   | Killed Ibaec the pandemonium lord
109835 | Zig:23   | Killed Rorifed the pandemonium lord
109835 | Zig:23   | Killed Cupe the pandemonium lord
109836 | Zig:23   | Noticed Goc Puzi the pandemonium lord
109836 | Zig:23   | Noticed Zuwa Qagalyn the pandemonium lord
109837 | Zig:23   | Killed Daips the pandemonium lord
109837 | Zig:23   | Killed Zyzaz the pandemonium lord
109838 | Zig:23   | Noticed Kusuygeu the pandemonium lord
109838 | Zig:23   | Killed Vympama the pandemonium lord
109841 | Zig:23   | Killed Futzayn the pandemonium lord
109846 | Zig:23   | Killed Fyllasut the pandemonium lord
109846 | Zig:23   | Killed Qujaenaija the pandemonium lord
109846 | Zig:23   | Killed Lusemn the pandemonium lord
109846 | Zig:23   | Killed Hel Hyv the pandemonium lord
109846 | Zig:23   | Killed Ozonkofod the pandemonium lord
109846 | Zig:23   | Killed Vuup the pandemonium lord
109846 | Zig:23   | Killed Ipsevobo the pandemonium lord
109846 | Zig:23   | Killed Faimoycw the pandemonium lord
109846 | Zig:23   | Killed Qalaog the pandemonium lord
109850 | Zig:23   | Reached skill level 27 in Stealth
109852 | Zig:23   | Killed Okhuexyh the pandemonium lord
109852 | Zig:23   | Reached skill level 15 in Air Magic
109857 | Zig:23   | Killed Qeill the pandemonium lord
109858 | Zig:23   | Killed Goc Puzi the pandemonium lord
109859 | Zig:23   | Killed Loeshriodi the pandemonium lord
109861 | Zig:23   | XOM: swap monsters
109869 | Zig:23   | Killed Vueviwiak the pandemonium lord
109872 | Zig:23   | Killed Owiarhawk the pandemonium lord
109884 | Zig:23   | Killed Zuwa Qagalyn the pandemonium lord
109893 | Zig:23   | Killed Kusuygeu the pandemonium lord
110109 | Zig:23   | Identified the Almanac of Sinister Magic
110120 | Zig:23   | Identified Kikubaaqudgha's Guide on Stolen Souls
110130 | Zig:23   | Got a faintly glowing ruby amulet
110144 | Zig:24   | Entered Level 24 of a ziggurat
110166 | Zig:24   | XOM: swap monsters
110464 | Zig:24   | Identified the Handbook of Summoning
110494 | Zig:24   | Identified the Incunabulum of the Unstable Rocks (You found it on level 24 of a ziggurat)
110509 | Zig:24   | Identified the amulet "Voemeimi" {+Rage rF+ MR- Slay+3} (You found it on level 23 of a ziggurat)
110517 | Zig:24   | Got a heavily runed iron ring
110519 | Zig:24   | Identified the ring "Foggiass" {+Blink +Fly rF- Slay+5} (You found it on level 24 of a ziggurat)
110528 | Zig:24   | Got a scorched ruby amulet
110529 | Zig:24   | Identified the amulet of Hotz {MPRegen rPois rF+ Str+4 Stlth-} (You found it on level 24 of a ziggurat)
110548 | Zig:25   | Entered Level 25 of a ziggurat
110619 | Zig:25   | Reached skill level 27 in Air Magic
110643 | Zig:25   | Reached skill level 5 in Earth Magic
110758 | Zig:25   | Got an ancient ruby amulet
110759 | Zig:25   | Identified the amulet "Lugouxt" {Reflect rElec SH+2} (You found it on level 25 of a ziggurat)
110772 | Zig:25   | Identified the Reference Book on Good Luck
110795 | Zig:25   | Identified the Compendium of Enhancements (You found it on level 25 of a ziggurat)
110802 | Zig:26   | Entered Level 26 of a ziggurat
110820 | Zig:26   | Reached skill level 15 in Maces & Flails
110844 | Zig:26   | Reached skill level 10 in Earth Magic
111143 | Zig:26   | Got a sparkling marble ring
111145 | Zig:26   | Identified the ring of Music {rCorr Str+9} (You found it on level 26 of a ziggurat)
111150 | Zig:26   | Got a transparent pewter ring
111151 | Zig:26   | Identified the ring "Layrewku" {rF+ rC+} (You found it on level 26 of a ziggurat)
111156 | Zig:26   | Identified Kyptagul's Disquisition on the Glacier
111160 | Zig:26   | Got a glittering graven amulet
111161 | Zig:26   | Identified the amulet "Zotaseo" {*Contam rF+ rC+ rN+++ Regen+} (You found it on level 26 of a ziggurat)
111168 | Zig:26   | Got a pair of bloodstained gloves
111179 | Zig:26   | Identified the +0 pair of gloves of Wuhexzyd {*Contam rPois rC+++ MR+} (You acquired it on level 26 of a ziggurat)
111187 | Zig:26   | Identified the Reference Book on Protection
111202 | Zig:26   | Identified the Compendium of Quantum Good Luck
111435 | Zig:27   | Entered Level 27 of a ziggurat
111452 | Zig:27   | XOM: swap monsters
111456 | Zig:27   | Reached skill level 15 in Earth Magic
111839 | Zig:27   | Identified the Collected Works on Poisonous Dislocation
111855 | Zig:27   | Got a smoking gold dragon armour
111856 | Zig:27   | Identified the cursed +1 gold dragon armour "Zeneuck" {rElec rPois rF+ rC+ MR++ Slay+6 SInv} (You found it on level 27 of a ziggurat)
112081 | Depths:4 | Upgraded the game from 0.18-a0-1027-g814d7dd to 0.18-a0-1035-g72c9994
112396 | Vaults:3 | Learned a level 9 spell: Tornado
112403 | Vaults:3 | Learned a level 6 spell: Ozocubu's Refrigeration
112900 | Dis:1    | Entered Level 1 of the Iron City of Dis
114520 | Dis:7    | Entered Level 7 of the Iron City of Dis
115499 | Dis:7    | Got a glittering pewter ring
115525 | Dis:7    | Noticed Dispater
115584 | Dis:7    | Killed Dispater
115588 | Dis:7    | Identified the ring "Riukoyca" {AC+3 Dex+2} (You took it off an iron imp on level 7 of the Iron City of Dis)
115693 | Dis:7    | Got an iron rune of Zot
116094 | Geh:1    | Entered Level 1 of Gehenna
118127 | Geh:7    | Entered Level 7 of Gehenna
118619 | Geh:7    | Reached skill level 27 in Earth Magic
118634 | Geh:7    | Reached skill level 1 in Summonings
119182 | Geh:7    | Reached skill level 5 in Summonings
119340 | Geh:7    | Got a heavily runed marble ring
119351 | Geh:7    | Got a transparent broad axe
119352 | Geh:7    | Identified the +5 broad axe "Kepor" {chop, rF+ Str+4} (You found it on level 7 of Gehenna)
119355 | Geh:7    | Identified the ring of Tofutyx {MR++ Int+2 Stlth+} (You found it on level 7 of Gehenna)
119363 | Geh:7    | Got a brightly glowing scimitar
119364 | Geh:7    | Identified the +7 scimitar "Gepuxolluo" {slice, rF+ SInv Stlth+} (You found it on level 7 of Gehenna)
119739 | Geh:7    | Noticed Asmodeus
119753 | Geh:7    | Killed Asmodeus
119819 | Geh:7    | Got an obsidian rune of Zot
119954 | Geh:7    | Reached skill level 10 in Summonings
120469 | Zig:1    | Entered Level 1 of a ziggurat
120532 | Zig:2    | Entered Level 2 of a ziggurat
120717 | Zig:3    | Entered Level 3 of a ziggurat
120717 | Zig:3    | Noticed a greater mummy
120717 | Zig:3    | Noticed a greater mummy
120717 | Zig:3    | Noticed a greater mummy
120717 | Zig:3    | Noticed a greater mummy
120717 | Zig:3    | Noticed a greater mummy
120729 | Zig:3    | Killed a greater mummy
120732 | Zig:3    | Killed a greater mummy
120742 | Zig:3    | Killed a greater mummy
120743 | Zig:3    | Killed a greater mummy
120746 | Zig:3    | Killed a greater mummy
120775 | Zig:4    | Entered Level 4 of a ziggurat
120776 | Zig:4    | XOM: swap monsters
120803 | Zig:4    | Reached skill level 15 in Summonings
120876 | Zig:5    | Entered Level 5 of a ziggurat
120975 | Zig:6    | Entered Level 6 of a ziggurat
120976 | Zig:6    | XOM: swap monsters
121033 | Zig:7    | Entered Level 7 of a ziggurat
121211 | Zig:7    | Got a steaming zirconium amulet
121212 | Zig:7    | Identified the amulet "Daygraz" {Spirit rC+} (You found it on level 7 of a ziggurat)
121217 | Zig:8    | Entered Level 8 of a ziggurat
121308 | Zig:8    | Identified the Grimoire of Mana
121342 | Zig:9    | Entered Level 9 of a ziggurat
121342 | Zig:9    | Noticed an ancient lich
121342 | Zig:9    | Noticed an ancient lich
121344 | Zig:9    | Noticed an ancient lich
121344 | Zig:9    | XOM: swap monsters
121344 | Zig:9    | Noticed an ancient lich
121344 | Zig:9    | Noticed an ancient lich
121344 | Zig:9    | Noticed an ancient lich
121346 | Zig:9    | Noticed an ancient lich
121362 | Zig:9    | Killed an ancient lich
121362 | Zig:9    | Killed an ancient lich
121362 | Zig:9    | Killed an ancient lich
121362 | Zig:9    | Killed an ancient lich
121363 | Zig:9    | Killed an ancient lich
121366 | Zig:9    | Killed an ancient lich
121371 | Zig:9    | Killed an ancient lich
121415 | Zig:9    | Identified the Incunabulum of Unstable Stones (You found it on level 9 of a ziggurat)
121434 | Zig:10   | Entered Level 10 of a ziggurat
121435 | Zig:10   | XOM: swap monsters
121581 | Zig:10   | Identified the Incunabulum of Ashen Changing
121607 | Zig:11   | Entered Level 11 of a ziggurat
121609 | Zig:11   | XOM: swap monsters
121617 | Zig:11   | XOM: swap monsters
121618 | Zig:11   | Reached skill level 27 in Summonings
121619 | Zig:11   | XOM: swap monsters
121726 | Zig:11   | Learned a level 9 spell: Shatter
121738 | Zig:12   | Entered Level 12 of a ziggurat
121740 | Zig:12   | XOM: swap monsters
121764 | Zig:12   | Reached skill level 15 in Unarmed Combat
121808 | Zig:12   | Lost mutation: Your muscles are strong. (Str +2) [mutagenic glow]
121956 | Zig:12   | Got a pitted cloak
121970 | Zig:12   | Gained mutation: Your system is resistant to poisons. [potion of beneficial mutation]
121974 | Zig:12   | Got a steaming jade amulet
121975 | Zig:12   | Identified the +2 cloak of Zikhloall {*Drain MR+ rCorr} (You found it on level 12 of a ziggurat)
121976 | Zig:12   | Identified the amulet of Charity {Harm *Drain rN+++ MP-9 Int-2 Stlth+} (You found it on level 12 of a ziggurat)
122008 | Zig:13   | Entered Level 13 of a ziggurat
122015 | Zig:13   | XOM: swap monsters
122164 | Zig:14   | Entered Level 14 of a ziggurat
122196 | Zig:15   | Entered Level 15 of a ziggurat
122467 | Zig:15   | Reached skill level 10 in Hexes
122467 | Zig:15   | Reached skill level 5 in Fire Magic
122470 | Zig:15   | Identified the Disquisition on Earthen Protection
122482 | Zig:15   | Identified a +3 rod of shadows (13/13) (You found it on level 15 of a ziggurat)
122686 | Zig:16   | Entered Level 16 of a ziggurat
122721 | Zig:17   | Entered Level 17 of a ziggurat
122758 | Zig:17   | Reached skill level 27 in Unarmed Combat
122758 | Zig:17   | Reached skill level 1 in Throwing
122769 | Zig:17   | Reached skill level 5 in Throwing
122788 | Zig:17   | Reached skill level 10 in Throwing
122885 | Zig:17   | Gained mutation: Your flesh is very cold resistant. [potion of beneficial mutation]
122893 | Zig:17   | Identified a +6 rod of ignition (13/13) (You found it on level 17 of a ziggurat)
123134 | Zig:18   | Entered Level 18 of a ziggurat
123138 | Zig:18   | Noticed an ancient lich
123139 | Zig:18   | Noticed an ancient lich
123147 | Zig:18   | Killed an ancient lich
123147 | Zig:18   | Killed an ancient lich
123147 | Zig:18   | Reached skill level 15 in Throwing
123193 | Zig:18   | Paralysed by accursed screaming for 2 turns
123205 | Zig:18   | Paralysed by accursed screaming for 2 turns
123212 | Zig:18   | Paralysed by accursed screaming for 1 turns
123241 | Zig:18   | Identified Yjaneenu's Incunabulum of Toxins (You found it on level 18 of a ziggurat)
123251 | Zig:18   | Identified Ihirie Dumo's Handbook of the Freezing Escort
123254 | Zig:18   | Got an ancient gossamer ring
123255 | Zig:18   | Identified the ring "Ecvuvomp" {rPois rF- rN+ Int+4} (You found it on level 18 of a ziggurat)
123258 | Zig:18   | Got a spiked plate armour
123259 | Zig:18   | Identified the cursed +1 plate armour of Repulsion {rPois Str+3 Dex+6 Slay-5} (You found it on level 18 of a ziggurat)
123388 | Zig:19   | Entered Level 19 of a ziggurat
123407 | Zig:19   | Noticed Ozodo the pandemonium lord
123408 | Zig:19   | Reached skill level 27 in Maces & Flails
123421 | Zig:19   | Killed Ozodo the pandemonium lord
123484 | Zig:19   | Identified Kysafo's Disquisition on Boosting Air
123499 | Zig:19   | Learned a level 5 spell: Silence
123500 | Zig:19   | Got a scorched turquoise ring
123514 | Zig:19   | Identified the Almanac of Ashen Hexes
123521 | Zig:19   | Identified the ring "Xoug" {Ice Fragile +Blink rPois} (You found it on level 19 of a ziggurat)
123530 | Zig:20   | Entered Level 20 of a ziggurat
123534 | Zig:20   | Paralysed by accursed screaming for 2 turns
123536 | Zig:20   | Noticed an ancient lich
123539 | Zig:20   | Killed an ancient lich
123551 | Zig:20   | Paralysed by accursed screaming for 2 turns
123555 | Zig:20   | Paralysed by accursed screaming for 2 turns
123560 | Zig:20   | Paralysed by accursed screaming for 2 turns
123571 | Zig:20   | Paralysed by accursed screaming for 2 turns
123581 | Zig:20   | Paralysed by accursed screaming for 1 turns
123587 | Zig:20   | Paralysed by accursed screaming for 2 turns
123964 | Zig:20   | Identified the Grimoire of Bewitchment (You found it on level 20 of a ziggurat)
123987 | Zig:20   | Learned a level 6 spell: Mass Confusion
123994 | Zig:20   | Got a pair of dazzling boots
123995 | Zig:20   | Identified the -3 pair of boots of Defeq {MR- Str+3 Slay+3} (You acquired it on level 20 of a ziggurat)
124014 | Zig:20   | Got a fine turquoise ring
124015 | Zig:20   | Identified the ring of Limitation {*Drain rN+ MP+9 AC+3 Str+4} (You found it on level 20 of a ziggurat)
124029 | Zig:21   | Entered Level 21 of a ziggurat
124038 | Zig:21   | Reached skill level 27 in Throwing
124041 | Zig:21   | Reached skill level 15 in Hexes
124044 | Zig:21   | Noticed Sufejujoar the pandemonium lord
124054 | Zig:21   | Killed Sufejujoar the pandemonium lord
124340 | Zig:21   | Identified Qufroudie's Disquisition on Attacks
124352 | Zig:21   | Reached skill level 5 in Poison Magic
124370 | Zig:21   | Identified a cursed +2 rod of inaccuracy (13/13) (You found it on level 21 of a ziggurat)
124377 | Zig:21   | Got a brightly glowing zirconium amulet
124378 | Zig:21   | Identified the amulet "Otipest" {MPRegen +Fly rF+ rC- rN+} (You found it on level 21 of a ziggurat)
124417 | Zig:22   | Entered Level 22 of a ziggurat
124438 | Zig:22   | Reached skill level 27 in Hexes
124599 | Zig:22   | Gained mutation: Your flesh is heat resistant. [potion of beneficial mutation]
124600 | Zig:22   | Gained mutation: You are agile. (Dex +2) [potion of beneficial mutation]
124604 | Zig:22   | Got a fine ivory ring
124605 | Zig:22   | Identified the ring of Fecwul {+Fly rN+ Dex+2 Stlth+} (You found it on level 22 of a ziggurat)
124634 | Zig:23   | Entered Level 23 of a ziggurat
124666 | Zig:24   | Entered Level 24 of a ziggurat
124718 | Zig:24   | Gained mutation: You are occasionally teleported next to monsters. [mutagenic glow]
124748 | Zig:24   | Gained mutation: You expend magic power (3 MP) to strengthen your wands. [mutagenic glow]
124756 | Zig:25   | Entered Level 25 of a ziggurat
124779 | Zig:25   | XOM: swap monsters
124780 | Zig:25   | XOM: swap monsters
125099 | Zig:25   | Got a fine iron ring
125100 | Zig:25   | Identified the ring of Zepnidesm {Fragile rElec rC+++ Str+5 Dex-4} (You found it on level 25 of a ziggurat)
125106 | Zig:25   | Got a fine steel amulet
125107 | Zig:25   | Identified the amulet of Balance {Reflect +Fly Str+4 Dex+4 SH+2} (You found it on level 25 of a ziggurat)
125117 | Zig:25   | Got a heavily runed large shield
125118 | Zig:25   | Identified the +4 large shield of Kariok {+Blink rPois} (You acquired it on level 25 of a ziggurat)
125125 | Zig:25   | Identified the Reference Book on the Dusty Snowflakes
125131 | Zig:25   | Identified Sif Muna's Volume of the Voyage
125134 | Zig:25   | Identified the Papyrus of the Snowflakes
125141 | Zig:25   | Got a translucent plate armour
125142 | Zig:25   | Identified the cursed +1 plate armour of Tenacity {rN+ Dex+3 Stlth+} (You found it on level 25 of a ziggurat)
125146 | Zig:25   | Identified the Compendium of the Gliding Oath
125247 | Zig:26   | Entered Level 26 of a ziggurat
125262 | Zig:26   | XOM: swap monsters
125270 | Zig:27   | Entered Level 27 of a ziggurat
125286 | Zig:27   | Noticed Qawos the pandemonium lord
125286 | Zig:27   | Noticed Kouwear the pandemonium lord
125286 | Zig:27   | Noticed Axuper the pandemonium lord
125286 | Zig:27   | Noticed Sehi Hac the pandemonium lord
125286 | Zig:27   | Noticed Fumiuc the pandemonium lord
125286 | Zig:27   | Noticed Holag the pandemonium lord
125286 | Zig:27   | Noticed Icoorph the pandemonium lord
125286 | Zig:27   | Noticed Xeang the pandemonium lord
125286 | Zig:27   | Noticed Aticew the pandemonium lord
125286 | Zig:27   | Noticed Fisej the pandemonium lord
125286 | Zig:27   | Noticed Qaso the pandemonium lord
125286 | Zig:27   | Noticed Fogom the pandemonium lord
125286 | Zig:27   | Noticed Loijud the pandemonium lord
125286 | Zig:27   | Noticed Rotatyx the pandemonium lord
125286 | Zig:27   | Noticed Hisued the pandemonium lord
125286 | Zig:27   | Noticed Nicat the pandemonium lord
125286 | Zig:27   | Noticed Huishrin the pandemonium lord
125286 | Zig:27   | Noticed Titwonni the pandemonium lord
125286 | Zig:27   | Noticed Biutybu Sulo the pandemonium lord
125286 | Zig:27   | Noticed Jusick the pandemonium lord
125286 | Zig:27   | Noticed Befrosea the pandemonium lord
125286 | Zig:27   | Noticed Isuor the pandemonium lord
125286 | Zig:27   | Noticed Qium the pandemonium lord
125286 | Zig:27   | Noticed Ruirhot the pandemonium lord
125286 | Zig:27   | Noticed Abbacaipn the pandemonium lord
125286 | Zig:27   | Noticed Ofitsit the pandemonium lord
125286 | Zig:27   | Noticed Girefiurph the pandemonium lord
125286 | Zig:27   | Noticed Hotomiab the pandemonium lord
125286 | Zig:27   | Noticed Usamabba the pandemonium lord
125286 | Zig:27   | Noticed Xoteigaf the pandemonium lord
125286 | Zig:27   | Noticed Tizupo the pandemonium lord
125286 | Zig:27   | Noticed Logudyed the pandemonium lord
125286 | Zig:27   | Noticed Xennudgh the pandemonium lord
125287 | Zig:27   | Noticed Amosm the pandemonium lord
125287 | Zig:27   | Noticed Rojoz the pandemonium lord
125287 | Zig:27   | Noticed Exaeh the pandemonium lord
125287 | Zig:27   | Noticed Eraciloq the pandemonium lord
125287 | Zig:27   | Noticed Faicez the pandemonium lord
125287 | Zig:27   | Noticed Syceoze the pandemonium lord
125287 | Zig:27   | Noticed Ejivauma the pandemonium lord
125287 | Zig:27   | Noticed Suyc the pandemonium lord
125287 | Zig:27   | Noticed Tify the pandemonium lord
125287 | Zig:27   | Noticed Forgheja the pandemonium lord
125287 | Zig:27   | Noticed Iril Yro the pandemonium lord
125287 | Zig:27   | Noticed Uhifoq the pandemonium lord
125287 | Zig:27   | Noticed Abuagamm the pandemonium lord
125287 | Zig:27   | Noticed Nomp the pandemonium lord
125287 | Zig:27   | Noticed Zycvug the pandemonium lord
125287 | Zig:27   | Noticed Ariryod the pandemonium lord
125287 | Zig:27   | Noticed Exool the pandemonium lord
125287 | Zig:27   | Noticed Zyase the pandemonium lord
125287 | Zig:27   | Noticed Unkeb the pandemonium lord
125287 | Zig:27   | Noticed Ceodoimp the pandemonium lord
125287 | Zig:27   | Noticed Socyuf the pandemonium lord
125287 | Zig:27   | Noticed Kimoif the pandemonium lord
125287 | Zig:27   | Noticed Kasad the pandemonium lord
125287 | Zig:27   | Noticed Dyor the pandemonium lord
125287 | Zig:27   | Noticed Zineaq the pandemonium lord
125287 | Zig:27   | Noticed Cosm the pandemonium lord
125287 | Zig:27   | Noticed Loberch the pandemonium lord
125287 | Zig:27   | Noticed Joygae the pandemonium lord
125287 | Zig:27   | Noticed Loylyg the pandemonium lord
125287 | Zig:27   | Noticed Kylieg the pandemonium lord
125287 | Zig:27   | Noticed Pojonlecw the pandemonium lord
125287 | Zig:27   | Noticed Ydghedgh the pandemonium lord
125287 | Zig:27   | Noticed Qiafisent the pandemonium lord
125288 | Zig:27   | Noticed Giellum the pandemonium lord
125288 | Zig:27   | Noticed Omif the pandemonium lord
125289 | Zig:27   | Noticed Elinyfo the pandemonium lord
125289 | Zig:27   | Noticed Datzu the pandemonium lord
125289 | Zig:27   | Noticed Oppar the pandemonium lord
125289 | Zig:27   | Noticed Wiaph the pandemonium lord
125290 | Zig:27   | Noticed Qohizxyh the pandemonium lord
125291 | Zig:27   | Noticed Xiuxzoan the pandemonium lord
125291 | Zig:27   | Noticed Koodahas the pandemonium lord
125291 | Zig:27   | Noticed Fineh the pandemonium lord
125291 | Zig:27   | Noticed Abru the pandemonium lord
125291 | Zig:27   | Noticed Jiaschif the pandemonium lord
125292 | Zig:27   | Noticed Risaed Ips the pandemonium lord
125292 | Zig:27   | Noticed Tudastrema the pandemonium lord
125292 | Zig:27   | Noticed Zaset the pandemonium lord
125292 | Zig:27   | Noticed Ipoulud the pandemonium lord
125292 | Zig:27   | Noticed Bogruel the pandemonium lord
125292 | Zig:27   | Killed Rotatyx the pandemonium lord
125292 | Zig:27   | Killed Pojonlecw the pandemonium lord
125292 | Zig:27   | Killed Huishrin the pandemonium lord
125292 | Zig:27   | Killed Hotomiab the pandemonium lord
125292 | Zig:27   | Killed Exaeh the pandemonium lord
125292 | Zig:27   | Killed Biutybu Sulo the pandemonium lord
125292 | Zig:27   | Killed Socyuf the pandemonium lord
125292 | Zig:27   | Killed Iril Yro the pandemonium lord
125292 | Zig:27   | Killed Ydghedgh the pandemonium lord
125292 | Zig:27   | Killed Logudyed the pandemonium lord
125292 | Zig:27   | Killed Xennudgh the pandemonium lord
125292 | Zig:27   | Killed Fogom the pandemonium lord
125292 | Zig:27   | Killed Nomp the pandemonium lord
125292 | Zig:27   | Killed Befrosea the pandemonium lord
125292 | Zig:27   | Killed Axuper the pandemonium lord
125292 | Zig:27   | Killed Loijud the pandemonium lord
125292 | Zig:27   | Killed Tify the pandemonium lord
125292 | Zig:27   | Killed Ceodoimp the pandemonium lord
125292 | Zig:27   | Killed Rojoz the pandemonium lord
125292 | Zig:27   | Killed Abuagamm the pandemonium lord
125292 | Zig:27   | Killed Xeang the pandemonium lord
125292 | Zig:27   | Killed Exool the pandemonium lord
125292 | Zig:27   | Killed Aticew the pandemonium lord
125292 | Zig:27   | Killed Eraciloq the pandemonium lord
125292 | Zig:27   | Killed Forgheja the pandemonium lord
125292 | Zig:27   | Killed Suyc the pandemonium lord
125292 | Zig:27   | Killed Hisued the pandemonium lord
125292 | Zig:27   | Killed Ruirhot the pandemonium lord
125292 | Zig:27   | Killed Jusick the pandemonium lord
125292 | Zig:27   | Killed Ofitsit the pandemonium lord
125292 | Zig:27   | Killed Abbacaipn the pandemonium lord
125292 | Zig:27   | Killed Holag the pandemonium lord
125292 | Zig:27   | Killed Icoorph the pandemonium lord
125292 | Zig:27   | Killed Kouwear the pandemonium lord
125292 | Zig:27   | Killed Sehi Hac the pandemonium lord
125293 | Zig:27   | Noticed Tobipt the pandemonium lord
125293 | Zig:27   | Noticed Hottera the pandemonium lord
125293 | Zig:27   | Noticed Egicsing the pandemonium lord
125293 | Zig:27   | Killed Faicez the pandemonium lord
125293 | Zig:27   | Killed Isuor the pandemonium lord
125293 | Zig:27   | Killed Nicat the pandemonium lord
125294 | Zig:27   | Noticed Vaomiu Xaaso the pandemonium lord
125294 | Zig:27   | Noticed Puh Mat the pandemonium lord
125294 | Zig:27   | Noticed Apicisor the pandemonium lord
125294 | Zig:27   | Killed Ejivauma the pandemonium lord
125295 | Zig:27   | Noticed Bedijy the pandemonium lord
125295 | Zig:27   | Noticed Zeithuff the pandemonium lord
125295 | Zig:27   | Noticed Ecahez the pandemonium lord
125295 | Zig:27   | Noticed Jyneraush the pandemonium lord
125295 | Zig:27   | Noticed Tirrek the pandemonium lord
125295 | Zig:27   | Noticed Geyxtorgh the pandemonium lord
125295 | Zig:27   | Killed Qaso the pandemonium lord
125295 | Zig:27   | Killed Omif the pandemonium lord
125295 | Zig:27   | Killed Syceoze the pandemonium lord
125295 | Zig:27   | Killed Zineaq the pandemonium lord
125295 | Zig:27   | Killed Oppar the pandemonium lord
125296 | Zig:27   | Noticed Kueghagi the pandemonium lord
125296 | Zig:27   | Noticed Samolad the pandemonium lord
125296 | Zig:27   | Noticed Xuuv Ipi the pandemonium lord
125296 | Zig:27   | Noticed Udal the pandemonium lord
125296 | Zig:27   | Killed Usamabba the pandemonium lord
125296 | Zig:27   | Killed Dyor the pandemonium lord
125296 | Zig:27   | Killed Girefiurph the pandemonium lord
125297 | Zig:27   | Noticed Naism the pandemonium lord
125297 | Zig:27   | Noticed Nich the pandemonium lord
125297 | Zig:27   | Noticed Jifaxiko the pandemonium lord
125297 | Zig:27   | Noticed Angoifuanu the pandemonium lord
125297 | Zig:27   | Noticed Vaomishuvo the pandemonium lord
125297 | Zig:27   | Noticed Zerph the pandemonium lord
125297 | Zig:27   | Killed Amosm the pandemonium lord
125298 | Zig:27   | XOM: swap monsters
125298 | Zig:27   | Noticed Fotwusis the pandemonium lord
125298 | Zig:27   | Noticed Kiwiar the pandemonium lord
125298 | Zig:27   | Noticed Qukaecal the pandemonium lord
125298 | Zig:27   | Noticed Xeru the pandemonium lord
125298 | Zig:27   | Noticed Emoqevext the pandemonium lord
125298 | Zig:27   | Noticed Saetorat the pandemonium lord
125298 | Zig:27   | Noticed Liocleen the pandemonium lord
125299 | Zig:27   | Killed Xoteigaf the pandemonium lord
125300 | Zig:27   | Noticed Amouc the pandemonium lord
125300 | Zig:27   | Noticed Hekucuy the pandemonium lord
125300 | Zig:27   | Noticed Mank the pandemonium lord
125301 | Zig:27   | Noticed Rozif the pandemonium lord
125302 | Zig:27   | Noticed Lac Mies the pandemonium lord
125302 | Zig:27   | Noticed Fytsia Ogeext the pandemonium lord
125302 | Zig:27   | Noticed Hireoq the pandemonium lord
125303 | Zig:27   | Noticed Ucahoira the pandemonium lord
125307 | Zig:27   | Noticed Wolairodgh the pandemonium lord
125307 | Zig:27   | Noticed Bigoser the pandemonium lord
125307 | Zig:27   | Killed Kasad the pandemonium lord
125307 | Zig:27   | Killed Xiuxzoan the pandemonium lord
125307 | Zig:27   | Killed Koodahas the pandemonium lord
125309 | Zig:27   | Noticed Meott the pandemonium lord
125309 | Zig:27   | Noticed Zovynios the pandemonium lord
125309 | Zig:27   | Noticed Yheyd the pandemonium lord
125309 | Zig:27   | Noticed Mywe the pandemonium lord
125309 | Zig:27   | Noticed Vyproeb the pandemonium lord
125309 | Zig:27   | Noticed Dulidd the pandemonium lord
125309 | Zig:27   | Noticed Apududaw the pandemonium lord
125309 | Zig:27   | Noticed Ezuafyer the pandemonium lord
125310 | Zig:27   | Noticed Liqar the pandemonium lord
125310 | Zig:27   | Noticed Senedoa the pandemonium lord
125310 | Zig:27   | Noticed Umoule the pandemonium lord
125310 | Zig:27   | Noticed Arughamo the pandemonium lord
125310 | Zig:27   | Noticed Sicuwop the pandemonium lord
125310 | Zig:27   | Noticed Rirgh the pandemonium lord
125310 | Zig:27   | Noticed Winut the pandemonium lord
125310 | Zig:27   | Noticed Kaciutev the pandemonium lord
125310 | Zig:27   | Noticed Defovuo the pandemonium lord
125312 | Zig:27   | Noticed Woesaiph the pandemonium lord
125313 | Zig:27   | Killed Abru the pandemonium lord
125313 | Zig:27   | Killed Wiaph the pandemonium lord
125313 | Zig:27   | Killed Fisej the pandemonium lord
125313 | Zig:27   | Killed Qohizxyh the pandemonium lord
125313 | Zig:27   | Killed Unkeb the pandemonium lord
125313 | Zig:27   | Killed Qium the pandemonium lord
125313 | Zig:27   | Killed Risaed Ips the pandemonium lord
125313 | Zig:27   | Killed Zaset the pandemonium lord
125313 | Zig:27   | Killed Ipoulud the pandemonium lord
125313 | Zig:27   | Killed Loberch the pandemonium lord
125313 | Zig:27   | Killed Tizupo the pandemonium lord
125313 | Zig:27   | Killed Joygae the pandemonium lord
125313 | Zig:27   | Killed Qiafisent the pandemonium lord
125313 | Zig:27   | Killed Xeru the pandemonium lord
125313 | Zig:27   | Killed Titwonni the pandemonium lord
125313 | Zig:27   | Killed Qawos the pandemonium lord
125313 | Zig:27   | Killed Liqar the pandemonium lord
125313 | Zig:27   | Killed Kaciutev the pandemonium lord
125313 | Zig:27   | Killed Xuuv Ipi the pandemonium lord
125313 | Zig:27   | Killed Zovynios the pandemonium lord
125314 | Zig:27   | Noticed Musilokh the pandemonium lord
125314 | Zig:27   | Killed Egicsing the pandemonium lord
125314 | Zig:27   | Killed Samolad the pandemonium lord
125318 | Zig:27   | Noticed Xijipsycw the pandemonium lord
125318 | Zig:27   | Killed Tobipt the pandemonium lord
125318 | Zig:27   | Killed Giellum the pandemonium lord
125318 | Zig:27   | Killed Fotwusis the pandemonium lord
125318 | Zig:27   | Killed Nich the pandemonium lord
125318 | Zig:27   | Killed Kimoif the pandemonium lord
125318 | Zig:27   | Killed Udal the pandemonium lord
125318 | Zig:27   | Killed Ecahez the pandemonium lord
125318 | Zig:27   | Killed Puh Mat the pandemonium lord
125318 | Zig:27   | Killed Musilokh the pandemonium lord
125318 | Zig:27   | Killed Kiwiar the pandemonium lord
125318 | Zig:27   | Killed Qukaecal the pandemonium lord
125318 | Zig:27   | Killed Defovuo the pandemonium lord
125318 | Zig:27   | Killed Winut the pandemonium lord
125318 | Zig:27   | Killed Cosm the pandemonium lord
125318 | Zig:27   | Killed Zyase the pandemonium lord
125318 | Zig:27   | Killed Umoule the pandemonium lord
125318 | Zig:27   | Killed Zeithuff the pandemonium lord
125318 | Zig:27   | Killed Elinyfo the pandemonium lord
125318 | Zig:27   | Killed Mywe the pandemonium lord
125318 | Zig:27   | Killed Uhifoq the pandemonium lord
125318 | Zig:27   | Killed Zycvug the pandemonium lord
125318 | Zig:27   | Killed Yheyd the pandemonium lord
125318 | Zig:27   | Killed Loylyg the pandemonium lord
125319 | Zig:27   | Killed Emoqevext the pandemonium lord
125319 | Zig:27   | Killed Kueghagi the pandemonium lord
125319 | Zig:27   | Killed Arughamo the pandemonium lord
125319 | Zig:27   | Killed Vaomishuvo the pandemonium lord
125319 | Zig:27   | Killed Fineh the pandemonium lord
125319 | Zig:27   | Killed Sicuwop the pandemonium lord
125319 | Zig:27   | Killed Xijipsycw the pandemonium lord
125319 | Zig:27   | Killed Jyneraush the pandemonium lord
125319 | Zig:27   | Killed Bedijy the pandemonium lord
125319 | Zig:27   | Killed Jifaxiko the pandemonium lord
125319 | Zig:27   | Killed Senedoa the pandemonium lord
125319 | Zig:27   | Killed Fumiuc the pandemonium lord
125319 | Zig:27   | Killed Bigoser the pandemonium lord
125319 | Zig:27   | Killed Apicisor the pandemonium lord
125319 | Zig:27   | Killed Jiaschif the pandemonium lord
125320 | Zig:27   | Noticed Aregeps the pandemonium lord
125338 | Zig:27   | Killed Rozif the pandemonium lord
125338 | Zig:27   | Killed Vaomiu Xaaso the pandemonium lord
125338 | Zig:27   | Killed Mank the pandemonium lord
125341 | Zig:27   | Killed Liocleen the pandemonium lord
125341 | Zig:27   | Killed Tudastrema the pandemonium lord
125341 | Zig:27   | Killed Angoifuanu the pandemonium lord
125341 | Zig:27   | Killed Apududaw the pandemonium lord
125342 | Zig:27   | Noticed Wuifyfull the pandemonium lord
125344 | Zig:27   | Killed Ariryod the pandemonium lord
125344 | Zig:27   | Killed Woesaiph the pandemonium lord
125344 | Zig:27   | Killed Tirrek the pandemonium lord
125344 | Zig:27   | Killed Geyxtorgh the pandemonium lord
125344 | Zig:27   | Killed Zerph the pandemonium lord
125344 | Zig:27   | Killed Hottera the pandemonium lord
125344 | Zig:27   | Killed Hireoq the pandemonium lord
125344 | Zig:27   | Killed Aregeps the pandemonium lord
125344 | Zig:27   | Killed Rirgh the pandemonium lord
125344 | Zig:27   | Killed Lac Mies the pandemonium lord
125344 | Zig:27   | Killed Fytsia Ogeext the pandemonium lord
125344 | Zig:27   | Killed Hekucuy the pandemonium lord
125345 | Zig:27   | Killed Wolairodgh the pandemonium lord
125346 | Zig:27   | Noticed Riqor the pandemonium lord
125348 | Zig:27   | Noticed Juredd the pandemonium lord
125349 | Zig:27   | Noticed Unynut the pandemonium lord
125351 | Zig:27   | Noticed Huimporr the pandemonium lord
125352 | Zig:27   | Noticed Maotz the pandemonium lord
125353 | Zig:27   | Killed Amouc the pandemonium lord
125353 | Zig:27   | Killed Dulidd the pandemonium lord
125353 | Zig:27   | Killed Naism the pandemonium lord
125354 | Zig:27   | Killed Kylieg the pandemonium lord
125356 | Zig:27   | Killed Datzu the pandemonium lord
125356 | Zig:27   | Killed Vyproeb the pandemonium lord
125357 | Zig:27   | Killed Wuifyfull the pandemonium lord
125358 | Zig:27   | Killed Bogruel the pandemonium lord
125359 | Zig:27   | Killed Ucahoira the pandemonium lord
125361 | Zig:27   | Killed Meott the pandemonium lord
125363 | Zig:27   | Killed Ezuafyer the pandemonium lord
125365 | Zig:27   | Killed Unynut the pandemonium lord
125368 | Zig:27   | Killed Juredd the pandemonium lord
125371 | Zig:27   | Killed Saetorat the pandemonium lord
125374 | Zig:27   | Killed Maotz the pandemonium lord
125375 | Zig:27   | Killed Huimporr the pandemonium lord
125375 | Zig:27   | Killed Riqor the pandemonium lord
125425 | Zig:27   | Got a jewelled shield
125426 | Zig:27   | Identified the +0 shield of Waazupn {Int+3} (You acquired it on level 27 of a ziggurat)
125434 | Zig:27   | Got a sparkling bronze amulet
125435 | Zig:27   | Identified the amulet "Juschinga" {Harm *Drain rElec} (You found it on level 27 of a ziggurat)
125440 | Zig:27   | Got a scintillating brass ring
125441 | Zig:27   | Identified the ring "Cauvisou" {*Confuse rF+ rC+ Str+6 Slay+3} (You found it on level 27 of a ziggurat)
125857 | Zig:27   | Got a faintly glowing bone ring
125858 | Zig:27   | Identified the ring "Reajuc" {+Fly rPois} (You found it on level 27 of a ziggurat)
125897 | Zig:1    | Entered Level 1 of a ziggurat
125932 | Zig:2    | Entered Level 2 of a ziggurat
126025 | Zig:3    | Entered Level 3 of a ziggurat
126025 | Zig:3    | Noticed an ancient lich
126025 | Zig:3    | Noticed an ancient lich
126030 | Zig:3    | Killed an ancient lich
126033 | Zig:3    | Killed an ancient lich
126107 | Zig:4    | Entered Level 4 of a ziggurat
126107 | Zig:4    | Noticed an ancient lich
126107 | Zig:4    | Noticed an ancient lich
126109 | Zig:4    | Noticed an ancient lich
126120 | Zig:4    | Killed an ancient lich
126122 | Zig:4    | Killed an ancient lich
126126 | Zig:4    | Killed an ancient lich
126241 | Zig:5    | Entered Level 5 of a ziggurat
126241 | Zig:5    | Noticed Ucsuonn the pandemonium lord
126241 | Zig:5    | Noticed Vyok the pandemonium lord
126262 | Zig:5    | Killed Ucsuonn the pandemonium lord
126268 | Zig:5    | Killed Vyok the pandemonium lord
126487 | Zig:6    | Entered Level 6 of a ziggurat
126559 | Zig:6    | Got a pair of brightly glowing boots
126560 | Zig:6    | Identified the +0 pair of boots of a labyrinth {Int+3} (You found it on level 6 of a ziggurat)
126577 | Zig:6    | Identified the Compendium of Orientation
126593 | Zig:7    | Entered Level 7 of a ziggurat
126608 | Zig:7    | Noticed Aphuduxt the pandemonium lord
126609 | Zig:7    | Noticed Paga the pandemonium lord
126655 | Zig:7    | Killed Aphuduxt the pandemonium lord
126719 | Zig:7    | Killed Paga the pandemonium lord
126874 | Zig:8    | Entered Level 8 of a ziggurat
126974 | Zig:9    | Entered Level 9 of a ziggurat
127169 | Zig:10   | Entered Level 10 of a ziggurat
127178 | Zig:10   | Noticed Umunyece the pandemonium lord
127180 | Zig:10   | Killed Umunyece the pandemonium lord
127225 | Zig:10   | Got a scintillating lapis lazuli ring
127226 | Zig:10   | Identified the ring of Temperance {+Fly rPois rF+ rN+} (You found it on level 10 of a ziggurat)
127240 | Zig:10   | Identified the Guide on Unstable Calling
127540 | Zig:11   | Entered Level 11 of a ziggurat
127673 | Zig:11   | Identified Sif Muna's Reference Book on Creation
127685 | Zig:11   | Got a pair of jewelled gloves
127686 | Zig:11   | Identified the +0 pair of gloves "Anaan" {SInv} (You found it on level 11 of a ziggurat)
127803 | Zig:12   | Entered Level 12 of a ziggurat
127803 | Zig:12   | Noticed an ancient lich
127803 | Zig:12   | Noticed an ancient lich
127804 | Zig:12   | Noticed an ancient lich
127804 | Zig:12   | Noticed an ancient lich
127804 | Zig:12   | Noticed an ancient lich
127804 | Zig:12   | Noticed an ancient lich
127805 | Zig:12   | Noticed an ancient lich
127806 | Zig:12   | Noticed an ancient lich
127806 | Zig:12   | Noticed an ancient lich
127806 | Zig:12   | Noticed an ancient lich
127807 | Zig:12   | Killed an ancient lich
127807 | Zig:12   | Killed an ancient lich
127808 | Zig:12   | Noticed an ancient lich
127810 | Zig:12   | Killed an ancient lich
127810 | Zig:12   | Killed an ancient lich
127810 | Zig:12   | Killed an ancient lich
127810 | Zig:12   | Killed an ancient lich
127810 | Zig:12   | Killed an ancient lich
127811 | Zig:12   | Killed an ancient lich
127814 | Zig:12   | Killed an ancient lich
127818 | Zig:12   | Killed an ancient lich
127839 | Zig:12   | Killed an ancient lich
128115 | Zig:12   | Identified the Volume of the Quantum Glacier
128146 | Zig:12   | Got a pitted silver ring
128149 | Zig:12   | Identified the ring of the Doge {-Tele +Fly Str+6} (You found it on level 12 of a ziggurat)
128162 | Zig:13   | Entered Level 13 of a ziggurat
128277 | Zig:13   | Identified a +2 rod of shadows (13/13) (You found it on level 13 of a ziggurat)
128295 | Zig:13   | Got a glittering bronze amulet
128296 | Zig:13   | Identified the amulet of Beaniorch {Harm *Drain *Corrode rPois rN++ MP+9} (You found it on level 13 of a ziggurat)
128301 | Zig:13   | Upgraded the game from 0.18-a0-1035-g72c9994 to 0.18-a0-1060-g4fac74f
128462 | Zig:14   | Entered Level 14 of a ziggurat
129005 | Pan      | Entered Pandemonium
129182 | Pan      | Noticed Wubiast the pandemonium lord
129194 | Pan      | Killed Wubiast the pandemonium lord
129221 | Pan      | Got a demonic rune of Zot
129233 | Pan      | Found an exit through the horrors of the Abyss.
129531 | Pan      | Noticed Quxath the pandemonium lord
129555 | Pan      | Killed Quxath the pandemonium lord
129646 | Pan      | Found an exit through the horrors of the Abyss.
130259 | Pan      | Found an exit through the horrors of the Abyss.
130527 | Pan      | Noticed Zokic the pandemonium lord
130539 | Pan      | Killed Zokic the pandemonium lord
130715 | Pan      | Found an exit through the horrors of the Abyss.
130746 | Pan      | Noticed Qeeba the pandemonium lord
130762 | Pan      | Killed Qeeba the pandemonium lord
131332 | Pan      | Entered the realm of Gloorx Vloq.
131501 | Pan      | Found an exit through the horrors of the Abyss.
132026 | Pan      | Noticed Gloorx Vloq
132041 | Pan      | Killed Gloorx Vloq
132072 | Pan      | Got a dark rune of Zot
132302 | Pan      | Noticed Jyifrix the pandemonium lord
132307 | Pan      | Killed Jyifrix the pandemonium lord
132475 | Pan      | Found an exit through the horrors of the Abyss.
132913 | Pan      | Found an exit through the horrors of the Abyss.
133057 | Pan      | Noticed Yvadem the pandemonium lord
133065 | Pan      | Killed Yvadem the pandemonium lord
133615 | Pan      | Entered the realm of Lom Lobon.
133639 | Pan      | Found an exit through the horrors of the Abyss.
134378 | Pan      | Noticed Lom Lobon
134401 | Pan      | Killed Lom Lobon
134474 | Pan      | Got a magical rune of Zot
134598 | Pan      | Found an exit through the horrors of the Abyss.
134640 | Pan      | Noticed Mennas
134667 | Pan      | Killed Mennas
134669 | Pan      | Got a steaming large shield
134670 | Pan      | Identified the +2 large shield "Ymirrurgh" {Dex+5} (You took it off Mennas in Pandemonium)
135794 | Pan      | Noticed Neydghah the pandemonium lord
135828 | Pan      | Killed Neydghah the pandemonium lord
135953 | Pan      | Found an exit through the horrors of the Abyss.
136357 | Pan      | Noticed Tedock the pandemonium lord
136366 | Pan      | Killed Tedock the pandemonium lord
136682 | Pan      | Paralysed by the power of Zot for 4 turns
136694 | Pan      | Found an exit through the horrors of the Abyss.
137268 | Depths:3 | Escaped Pandemonium
138886 | Vaults:5 | Bought 3 scrolls of acquirement for 3276 gold pieces
138892 | Vaults:5 | Got a warped cloak
138893 | Vaults:5 | Identified the +0 cloak of Impressiveness {rC++ rCorr Dex-2} (You acquired it on level 5 of the Vaults)
138897 | Vaults:5 | Bought a scroll of magic mapping for 73 gold pieces
138897 | Vaults:5 | Bought a scroll of identify for 42 gold pieces
138897 | Vaults:5 | Bought a scroll of summoning for 199 gold pieces
138897 | Vaults:5 | Bought a scroll of amnesia for 73 gold pieces
138922 | Vaults:5 | Bought a potion of magic for 144 gold pieces
138922 | Vaults:5 | Bought a potion of curing for 54 gold pieces
138922 | Vaults:5 | Bought a potion of beneficial mutation for 630 gold pieces
138932 | Vaults:5 | Gained mutation: You are highly resistant to hostile enchantments. [potion of beneficial mutation]
138966 | Vaults:5 | Bought a potion of magic for 136 gold pieces
138966 | Vaults:5 | Bought a potion of agility for 68 gold pieces
138966 | Vaults:5 | Bought a potion of agility for 68 gold pieces
139012 | Vaults:5 | Bought a potion of curing for 54 gold pieces
139012 | Vaults:5 | Bought a potion of brilliance for 72 gold pieces
139048 | Vaults:5 | Bought a potion of might for 64 gold pieces
139048 | Vaults:5 | Bought a potion of agility for 64 gold pieces
139048 | Vaults:5 | Bought a potion of brilliance for 64 gold pieces
139055 | Vaults:5 | Bought a slice of pizza for 21 gold pieces
139058 | Vaults:5 | Bought 3 fruits for 63 gold pieces
139058 | Vaults:5 | Bought 2 fruits for 42 gold pieces
140779 | Hell     | Learned a level 6 spell: Ozocubu's Refrigeration
140785 | Hell     | Learned a level 3 spell: Ozocubu's Armour
141022 | Pan      | Entered the realm of Mnoleg.
141022 | Pan      | Entered Pandemonium
141159 | Pan      | Noticed Mnoleg
141223 | Pan      | Killed Mnoleg
141345 | Pan      | Got a glowing rune of Zot
141611 | Pan      | Found an exit through the horrors of the Abyss.
142531 | Pan      | Noticed Hebie the pandemonium lord
142537 | Pan      | Paralysed by a giant eyeball for 4 turns
142550 | Pan      | Killed Hebie the pandemonium lord
142692 | Pan      | Found an exit through the horrors of the Abyss.
142711 | Pan      | Got a translucent shield
142712 | Pan      | Identified the cursed +0 shield of a volcano {Str+3} (You found it in Pandemonium)
143067 | Pan      | Noticed Ryre the pandemonium lord
143078 | Pan      | Killed Ryre the pandemonium lord
143170 | Pan      | Found an exit through the horrors of the Abyss.
143292 | Pan      | Got a transparent turquoise ring
143998 | Pan      | Found an exit through the horrors of the Abyss.
144020 | Pan      | Noticed Moonlep the pandemonium lord
144042 | Pan      | Killed Moonlep the pandemonium lord
145511 | Pan      | Found an exit through the horrors of the Abyss.
145682 | Pan      | Identified the ring "Etikonn" {*Confuse rF+ Int+6} (You found it in Pandemonium)
146711 | Pan      | Found an exit through the horrors of the Abyss.
146714 | Pan      | Got a sparkling pewter amulet
147759 | Pan      | Noticed Utwoann the pandemonium lord
147773 | Pan      | Killed Utwoann the pandemonium lord
147936 | Pan      | Found an exit through the horrors of the Abyss.
148026 | Pan      | Noticed Saurae the pandemonium lord
148033 | Pan      | Killed Saurae the pandemonium lord
148187 | Pan      | Gained mutation: Your magical capacity is low (-10% MP). [a cacodemon]
148189 | Pan      | Lost mutation: You are agile. (Dex +2) [a cacodemon]
148236 | Pan      | Found an exit through the horrors of the Abyss.
148263 | Pan      | Found an exit through the horrors of the Abyss.
148455 | Pan      | Noticed Mexkix the pandemonium lord
148465 | Pan      | Killed Mexkix the pandemonium lord
148507 | Pan      | Noticed Ofu Peipotz the pandemonium lord
148557 | Pan      | Killed Ofu Peipotz the pandemonium lord
148724 | Pan      | Found an exit through the horrors of the Abyss.
149344 | Pan      | Noticed Bufamn the pandemonium lord
149362 | Pan      | Killed Bufamn the pandemonium lord
149401 | Pan      | Lost mutation: You possess an exceptional clarity of mind. [potion of cure mutation]
149401 | Pan      | Lost mutation: Your flesh is very cold resistant. [potion of cure mutation]
149401 | Pan      | Lost mutation: You expend magic power (3 MP) to strengthen your wands. [potion of cure mutation]
149401 | Pan      | Lost mutation: Your flesh is cold resistant. [potion of cure mutation]
149401 | Pan      | Lost mutation: Your system is resistant to poisons. [potion of cure mutation]
149402 | Pan      | Lost mutation: You have sharp toenails. [potion of cure mutation]
149402 | Pan      | Lost mutation: You are highly resistant to hostile enchantments. [potion of cure mutation]
149402 | Pan      | Lost mutation: You are occasionally teleported next to monsters. [potion of cure mutation]
149402 | Pan      | Lost mutation: You are resistant to hostile enchantments. [potion of cure mutation]
149402 | Pan      | Lost mutation: Your magical capacity is low (-10% MP). [potion of cure mutation]
149430 | Depths:3 | Escaped Pandemonium
149491 | Depths:1 | Gained mutation: You are covered in fur (AC +1). [potion of mutation]
149491 | Depths:1 | Gained mutation: Your spells are a little harder to cast, but a little more powerful. [potion of mutation]
149491 | Depths:1 | Gained mutation: You occasionally shout uncontrollably at your foes. [potion of mutation]
149779 | Depths:1 | Lost mutation: Your flesh is heat resistant. [potion of cure mutation]
149779 | Depths:1 | Lost mutation: You occasionally shout uncontrollably at your foes. [potion of cure mutation]
149779 | Depths:1 | Lost mutation: You are covered in fur (AC +1). [potion of cure mutation]
149781 | Depths:1 | Lost mutation: Your spells are a little harder to cast, but a little more powerful. [mutagenic meat]
149782 | Depths:1 | Gained mutation: You are frail (-10% HP). [mutagenic meat]
149783 | Depths:1 | Lost mutation: You are frail (-10% HP). [potion of cure mutation]
149783 | Depths:1 | Lost mutation: Your skin changes colour to match your surroundings (Stealth). [potion of cure mutation]
149784 | Depths:1 | Gained mutation: Armour fits poorly on your strangely shaped body. [mutagenic meat]
149785 | Depths:1 | Gained mutation: You are clumsy. (Dex -2) [mutagenic meat]
149786 | Depths:1 | Lost mutation: You are clumsy. (Dex -2) [potion of cure mutation]
149786 | Depths:1 | Lost mutation: Armour fits poorly on your strangely shaped body. [potion of cure mutation]
149787 | Depths:1 | Gained mutation: Potions and wands are less effective at restoring your health. [mutagenic meat]
149788 | Depths:1 | Lost mutation: Potions and wands are less effective at restoring your health. [potion of cure mutation]
149789 | Depths:1 | Gained mutation: You possess an exceptional clarity of mind. [mutagenic meat]
150059 | Vaults:5 | Bought a potion of mutation for 40 gold pieces
150059 | Vaults:5 | Bought a potion of mutation for 40 gold pieces
150059 | Vaults:5 | Bought a potion of brilliance for 64 gold pieces
150059 | Vaults:5 | Gained mutation: You are resistant to hostile enchantments. [potion of mutation]
150059 | Vaults:5 | Gained mutation: You are resistant to electric shocks. [potion of mutation]
150059 | Vaults:5 | Gained mutation: You are frail (-10% HP). [potion of mutation]
150060 | Vaults:5 | Gained mutation: You are somewhat resistant to further mutation. [potion of mutation]
150060 | Vaults:5 | Lost mutation: You are frail (-10% HP). [potion of mutation]
150060 | Vaults:5 | Lost mutation: You are somewhat resistant to further mutation. [potion of mutation]
150101 | Vaults:5 | Identified the amulet "Rifah" {MPRegen rPois rC++ Int-4 Dex+4} (You took it off a gelid demonspawn in Pandemonium)
150788 | Pan      | Entered Pandemonium
151073 | Pan      | Found an exit through the horrors of the Abyss.
151109 | Pan      | Noticed Makiud the pandemonium lord
151143 | Pan      | Killed Makiud the pandemonium lord
151624 | Pan      | Noticed Jomaed the pandemonium lord
151630 | Pan      | Killed Jomaed the pandemonium lord
151957 | Pan      | Found an exit through the horrors of the Abyss.
152081 | Pan      | Entered the realm of Cerebov.
152085 | Pan      | Noticed Cerebov
152119 | Pan      | Killed Cerebov
152161 | Pan      | Got a fiery rune of Zot
152197 | Pan      | Got a translucent helmet
152198 | Pan      | Identified the +1 helmet "Paug" {Dex+5} (You found it in Pandemonium)
152493 | Pan      | Found an exit through the horrors of the Abyss.
152623 | Pan      | Found a runed door.
152689 | Pan      | Noticed Jiriyl the pandemonium lord
152701 | Pan      | Killed Jiriyl the pandemonium lord
152820 | Pan      | Found an exit through the horrors of the Abyss.
152889 | Depths:3 | Escaped Pandemonium
155234 | Pan      | Entered Pandemonium
155327 | Pan      | Noticed Ignacio
155339 | Pan      | Killed Ignacio
155469 | Pan      | Noticed Fokkam the pandemonium lord
155472 | Pan      | Found an exit through the horrors of the Abyss.
155647 | Pan      | Killed Fokkam the pandemonium lord
156582 | Pan      | Identified Saomube's Papyrus of Bewitchment
156610 | Pan      | Found a white marble altar of Elyvilon.
157092 | Pan      | Noticed a seraph
157099 | Pan      | Killed a seraph
157141 | Pan      | Got a slimy lapis lazuli ring
157142 | Pan      | Found a glowing golden altar of the Shining One.
157180 | Pan      | Got a smoking copper ring
157406 | Pan      | Got an ancient plate armour
157407 | Pan      | Identified the +3 plate armour of Grace {rElec rF- Str+2} (You found it in Pandemonium)
157460 | Pan      | Identified the ring "Pamodwum" {*Contam rF+ rN++ MP-9 Int+10} (You took it off an angel in Pandemonium)
157461 | Pan      | Identified the ring of Sin {Fire rElec Str+6 Slay-5 Stlth-} (You took it off a cherub in Pandemonium)
157897 | Pan      | Found an exit through the horrors of the Abyss.
158186 | Pan      | Noticed Febares the pandemonium lord
158205 | Pan      | Killed Febares the pandemonium lord
158512 | Pan      | Found an exit through the horrors of the Abyss.
158714 | Pan      | Noticed Bet Baph the pandemonium lord
158728 | Pan      | Killed Bet Baph the pandemonium lord
159014 | Pan      | Found an exit through the horrors of the Abyss.
159713 | Pan      | Found an exit through the horrors of the Abyss.
159733 | Pan      | Noticed Walosun the pandemonium lord
159752 | Pan      | Killed Walosun the pandemonium lord
160246 | Pan      | Noticed Coarphetini the pandemonium lord
160281 | Pan      | Killed Coarphetini the pandemonium lord
160360 | Pan      | Found an exit through the horrors of the Abyss.
160678 | Pan      | Found an exit through the horrors of the Abyss.
160713 | Pan      | Noticed Lubojox the pandemonium lord
160721 | Pan      | Killed Lubojox the pandemonium lord
161223 | Pan      | Found a runed door.
161242 | Pan      | Found a runed door.
161242 | Pan      | Noticed Zuusicra the pandemonium lord
161266 | Pan      | Killed Zuusicra the pandemonium lord
161278 | Pan      | Found a runed door.
161278 | Pan      | Found a runed door.
161613 | Pan      | Found an exit through the horrors of the Abyss.
161785 | Pan      | Found an exit through the horrors of the Abyss.
162019 | Pan      | Noticed Famnix the pandemonium lord
162050 | Pan      | Killed Famnix the pandemonium lord
162535 | Pan      | Noticed Wyups the pandemonium lord
162556 | Pan      | Killed Wyups the pandemonium lord
162698 | Pan      | Found an exit through the horrors of the Abyss.
162828 | Pan      | Noticed Cyappiex the pandemonium lord
162833 | Pan      | Killed Cyappiex the pandemonium lord
162927 | Pan      | Found an exit through the horrors of the Abyss.
163338 | Pan      | Noticed Nammaciu the pandemonium lord
163360 | Pan      | Killed Nammaciu the pandemonium lord
163425 | Pan      | Found an exit through the horrors of the Abyss.
163510 | Pan      | Noticed Myoruz the pandemonium lord
163519 | Pan      | Killed Myoruz the pandemonium lord
163765 | Pan      | Found an exit through the horrors of the Abyss.
163908 | Pan      | Learned a level 8 spell: Discord
164018 | Pan      | Noticed Afuif the pandemonium lord
164035 | Pan      | Killed Afuif the pandemonium lord
164394 | Pan      | Gained mutation: You passively map a small area around you. [potion of beneficial mutation]
164653 | Pan      | Found an exit through the horrors of the Abyss.
165195 | Pan      | Noticed Fecan the pandemonium lord
165231 | Pan      | Killed Fecan the pandemonium lord
165741 | Pan      | Found an exit through the horrors of the Abyss.
166024 | Pan      | Found an exit through the horrors of the Abyss.
166127 | Pan      | Noticed Roryfifa the pandemonium lord
166173 | Pan      | Killed Roryfifa the pandemonium lord
166750 | Pan      | Noticed Xuteini the pandemonium lord
166761 | Pan      | Killed Xuteini the pandemonium lord
166857 | Pan      | Found a basalt altar of Yredelemnul.
167079 | Pan      | Found an exit through the horrors of the Abyss.
167465 | Pan      | Found a huge runed gate.
167478 | Pan      | Noticed Learro the pandemonium lord
167499 | Pan      | Killed Learro the pandemonium lord
167810 | Pan      | Found an exit through the horrors of the Abyss.
167962 | Pan      | Found an exit through the horrors of the Abyss.
168095 | Pan      | Noticed Dunimuash the pandemonium lord
168121 | Pan      | Killed Dunimuash the pandemonium lord
168462 | Pan      | Gained mutation: Your magical capacity is low (-10% MP). [a neqoxec]
168504 | Pan      | Lost mutation: You are resistant to hostile enchantments. [potion of cure mutation]
168504 | Pan      | Lost mutation: You passively map a small area around you. [potion of cure mutation]
168505 | Pan      | Lost mutation: Your magical capacity is low (-10% MP). [potion of cure mutation]
168505 | Pan      | Lost mutation: You possess an exceptional clarity of mind. [potion of cure mutation]
168506 | Pan      | Lost mutation: You are resistant to electric shocks. [potion of cure mutation]
169044 | Pan      | Found an exit through the horrors of the Abyss.
169158 | Pan      | Found a huge runed gate.
169202 | Pan      | Noticed Tenneorph the pandemonium lord
169220 | Pan      | Killed Tenneorph the pandemonium lord
169893 | Pan      | Noticed Jusche Tuidd the pandemonium lord
169894 | Pan      | Gained mutation: You occasionally shout uncontrollably at your foes. [a cacodemon]
169914 | Pan      | Killed Jusche Tuidd the pandemonium lord
170495 | Pan      | Got a translucent plate armour
170496 | Pan      | Identified the +3 plate armour of Objectivity {rN+ MR+ Dex+3} (You found it in Pandemonium)
170721 | Pan      | Found an exit through the horrors of the Abyss.
170979 | Pan      | Found an exit through the horrors of the Abyss.
171248 | Depths:3 | Escaped Pandemonium
171534 | Zot:5    | Got the Orb of Zot
171572 | Zot:5    | Noticed a seraph
171590 | Zot:5    | Killed a seraph
171610 | Zot:5    | Noticed Voigal the pandemonium lord
171632 | Zot:5    | Killed Voigal the pandemonium lord
171802 | Zot:1    | Lost mutation: You occasionally shout uncontrollably at your foes. [potion of cure mutation]
172165 | D:10     | Noticed Vefeu the pandemonium lord
172458 | D:$      | Escaped with the Orb!

Vault maps used:
D:1:      dpeg_arrival_pits
D:2:      nicolae_overflow_crystal_walls, tso_metal_star, lemuel_blue_sif_altar,
          zin_statuary, gammafunk_temple_overflow_forgotten, fedhas_altar_2,
          uniq_robin
D:4:      cheibrodos_ashenzari_chains, serial_shops, shop, shop_scrolls,
          shop_fountains, first_bread, grunt_ministairs_14,
          grunt_pakellas_mercury, uniq_eustachio
D:5:      uniq_menkaure
D:6:      grunt_gozag_breadcrumbs, uniq_grinder
D:7:      bloody_makhleb, elyvilon_altar_5, minmay_temple_entry_fiery
D:8:      minmay_lair_entry_grove, uniq_erica
D:9:      lemuel_zombie_altar_kikubaaqudgha, orc_0_dummy,
          hangedman_pestilent_swarm
D:10:     kennysheep_six_static_rooms, enter_trove_2, serial_shops, shop_coins,
          uniq_harold
D:11:     uniq_snorg, uniq_maurice
D:12:     grunt_decor_one_mirror, uniq_josephine
D:13:     david_vaults_5, basic_altar
D:15:     grunt_enter_depths_magical_seal, minmay_stone_trees_small
Temple:   temple_island_7
Lair:1:   nicolae_volcano_entry_s_turn, beast_lair_carwin_8,
          infiniplex_staircase_pool_2
Lair:2:   small_statue_intersection, disabler_island
Lair:3:   grunt_forest_stairs_basic
Lair:4:   basic_altar, grunt_megastairs_5, uniq_maud, uniq_nergalle
Lair:5:   cheibrodos_lair_reptile_den, grunt_megastairs_1
Lair:6:   swamp_mist_pool, nicolae_spider_entry_orb_guardian
Lair:7:   serial_bayou_lagoon_a, uniq_rupert
Lair:8:   due_jungle_book, slime_altar_2,
          portal_ice_cave_entry_animals_and_master
Swamp:1:  evilmike_swamp_ruin_rubble_1, swamp_pool3
Swamp:2:  evilmike_swamp_ruin_house_1, swamp_pool1, uniq_aizul
Swamp:3:  nicolae_swamp_feature_on_the_river_bank
Swamp:4:  swamp_alternative
Spider:2: uniq_nikola
Spider:4: spider_rune_water, uniq_wiglaf, uniq_arachne
Slime:1:  basic_altar
Slime:2:  cheibrodos_slime_lost_civilization_5
Slime:3:  nicolae_slime_barrier
Slime:4:  nicolae_slime_ancient_tower_intersection
Orc:1:    giant_chief_lemuel, minmay_orc_temple_a
Orc:2:    grunt_orc_community_town_hall, grunt_orc_community_big_house_1,
          grunt_orc_community_big_house_1, grunt_orc_community_house_2,
          grunt_orc_community_house_2, grunt_orc_community_house_1,
          grunt_orc_community_house_3, grunt_orc_community_house_2,
          grunt_orc_community_house_2, mines1_david
Elf:1:    eino_elf_arrival_sip, serial_shops, nicolae_shop_crystal,
          kennysheep_underground_church
Elf:3:    minmay_elf_hall_circle, serial_shops, nicolae_shop_statue_plus
Vaults:1: vaults_room_octagon, dpeg_vaults_pockets_of_resistance, v_misc_33,
          v_misc_33, ontoclasm_vaults_spin, v_pattern_1, vaults_room_large_hall,
          hangedman_vaults_snaps, grunt_vaults_diagonal, serial_ice_g,
          v_rooms_2, nicolae_vaults_little_squares_5, vaults_dpeg_ring
Vaults:2: nicolae_vaults_border_crossing, hangedman_vaults_locks,
          nicolae_vaults_windows_and_doors_thing, v_misc_2,
          minmay_crypt_entry_nasty_monster, nicolae_vaults_asterisk,
          vaults_standard_mumra_x, v_misc_22, uniq_asterion
Vaults:3: v_rooms_3, v_misc_33, vaults_room_fours, vaults_room_fours, v_misc_11,
          nicolae_vaults_circle_grid_b, ontoclasm_vaults_shout,
          hangedman_vaults_slice, ontoclasm_vaults_gateway,
          vaults_dpeg_encased_lava, uniq_norris
Vaults:4: vaults_mumra_hexcomb, st_octagons_1, v_misc_16, v_misc_12,
          ontoclasm_vaults_hangar, vaults_room_hallway, hangedman_vaults_hat,
          nicolae_vaults_angled_halls, ontoclasm_vaults_loading_screen,
          nicolae_vaults_triangles, ontoclasm_vaults_tryst, vaults_room_pools,
          nicolae_vaults_yaktaur_gun_rack, hangedman_vaults_variations,
          v_misc_16
Vaults:5: serial_shops
Crypt:1:  serial_sigils_hangedman_confine, grunt_crypt_arrival_split
Crypt:2:  lemuel_elevator, uniq_khufu
Crypt:3:  grunt_crypt_end_deaths_head
Tomb:2:   uniq_mara
Depths:1: nicolae_benzene_ring, grunt_metal_band, minivault_14,
          lemuel_freeze_loot_1
Depths:2: lightli_tower_of_babel, enter_ziggurat_c,
          pf_vacation_house_of_asmodeus, serial_bayou_shore_b,
          infiniplex_staircase_x, basic_stair_grate_trap, uniq_jorgrun
Depths:3: minmay_blocking_statues, pan_entry, pf_coc_iceberg, serial_shops,
          nicolae_shop_behind_doors, patterned_corridor, special_room,
          spider_trap, uniq_jory
Depths:4: minmay_open_boxes_in_corner, abyss_entry,
          serial_sigils_hangedman_quiver, hell_entry, kb_rosetta,
          infiniplex_staircase_zigzag_1, uniq_boris
Depths:5: lemuel_castle_with_subvaults, minmay_fountain_box, hell_entry,
          uniq_saint_roka
Dis:1:    hangedman_dis_decor_blocks_mantle
Dis:7:    dis_grunt_layers
Geh:2:    special_room
Geh:7:    evilmike_geh
Coc:7:    coc_old
Tar:4:    evilmike_ambush
Tar:5:    lemuel_nasty_fountain
Tar:7:    tar_minmay_river
Zot:2:    zot_minivault_4, basic_stair_grate_trap, grunt_megastairs_2
Zot:4:    grunt_ministairs_8
Abyss:1:  evilmike_abyss_exit_chaos
Abyss:2:  evilmike_abyss_exit_16
Abyss:3:  guppyfry_abyss_exit_imp_island, hangedman_abyss_theft,
          evilmike_abyss_rune_ettins, due_exit_kobolds, kb_abyss_rune_zappy,
          hangedman_classic_abyss_death
Abyss:4:  evilmike_abyss_rune_elephants
Pan:      nicolae_pan_door_chamber, pan_blood_fountain, grunt_pan_in_and_out,
          pan_blood_fountain_2, evilmike_mini_pan_branches,
          evilmike_mini_pan_rooms, gloorx_vloq, grunt_pan_pentagram,
          pan_blood_fountain_small, evilmike_mini_pan_thingy,
          pan_blood_fountain_small, lom_lobon, nicolae_pan_mnolegish_3,
          evilmike_mini_pan_V, uniq_mennas_pan, nicolae_pan_mnolegish_4,
          evilmike_mini_pan_doors_b, nicolae_pan_sigil_obb,
          nicolae_pan_double_arrow, nicolae_pan_lom_lobonic_3, mnoleg_grunt,
          pan_blood_fountain, nicolae_pan_mnolegish_2, grunt_pan_sceptre,
          pan_blood_fountain, evilmike_mini_pan_thingy,
          pan_blood_fountain_small, evilmike_mini_pan_possible_glass,
          pan_blood_fountain_small, rand_demon_4, pan_blood_fountain_small,
          evilmike_mini_pan_pillars, evilmike_mini_pan_possible_glass,
          reaverb_pan_figure_eight, evilmike_mini_pan_3x3, pan_surprise,
          nicolae_pan_lom_lobonic_3, rand_demon_4, rand_demon_5,
          pan_blood_fountain_small, rand_demon_6, pan_blood_fountain_small,
          nicolae_pan_cerebovesque_3, evilmike_mini_pan_possible_glass,
          evilmike_mini_pan_3x3, pan_blood_fountain, cerebov_st,
          pan_blood_fountain_small, rand_demon_9, grunt_pan_in_and_out,
          pan_blood_fountain, uniq_ignacio, evilmike_holy_pan, rand_demon_5,
          nicolae_pan_lom_lobonic_1, rand_demon_8, nicolae_pan_cerebovesque_1,
          evilmike_mini_pan_3x3, evilmike_mini_pan_doors_b,
          grunt_pan_in_and_out, pan_blood_fountain_2, nicolae_pan_door_chamber,
          pan_blood_fountain_small, rand_demon_7, nicolae_pan_sick_transit,
          reaverb_pan_chaos_star, evilmike_mini_pan_rooms, pan_blood_fountain_2,
          nicolae_pan_strange_glyphs, rand_demon_2, nicolae_pan_cerebovesque_3,
          rand_demon_8, evilmike_mini_pan_thingy, pan_blood_fountain,
          nicolae_pan_sigil_itan, rand_demon_3, lemuel_hellion_island,
          nicolae_pan_double_arrow, nicolae_pan_sigil_obb, grunt_pan_sceptre,
          nicolae_pan_double_arrow, nicolae_pan_giant_door,
          nicolae_pan_double_arrow, pan_blood_fountain_small,
          nicolae_pan_giant_door, lemuel_draining_boxes, pan_blood_fountain_2,
          nicolae_pan_sigil_nadil, nicolae_pan_cerebovesque_2,
          evilmike_mini_pan_pillars
Zig:3:    ziggurat_loot_3
Zig:7:    ziggurat_pillar_centre_dead_trees
Zig:8:    ziggurat_loot_2
Zig:9:    ziggurat_pillar_centre_smoke
Zig:12:   ziggurat_pillar_centre_oklobs
Zig:13:   ziggurat_loot_2, ziggurat_loot_1
Zig:16:   ziggurat_loot_3
Zig:20:   ziggurat_loot_3
Zig:21:   ziggurat_pillar_centre_more_plants
Zig:23:   ziggurat_loot_2
Zig:24:   ziggurat_pillar_centre_c
Zig:26:   ziggurat_loot_1
Zig:27:   ziggurat_pillar_centre_drop
IceCv:    ice_cave_statue_garden_02

Action                   |  1- 3 |  4- 6 |  7- 9 | 10-12 | 13-15 | 16-18 | 19-21 | 22-24 | 25-27 || total
-------------------------+-------+-------+-------+-------+-------+-------+-------+-------+-------++-------
Melee: War axe           |   124 |   170 |   452 |   597 |       |       |       |       |       ||  1343
       Spear             |       |       |       |   281 |  2107 |   967 |       |       |       ||  3355
       Broad axe         |       |       |       |       |     6 |  1080 |  1968 |  1187 |  4693 ||  8934
       Demon blade       |       |       |       |       |       |       |       |       | 13065 || 13065
       Scimitar          |       |       |       |       |       |       |       |       |  7378 ||  7378
       Triple sword      |       |       |       |       |       |       |       |       |   945 ||   945
       Staff             |       |       |       |       |       |       |       |       |    38 ||    38
       Shillelagh        |       |       |       |       |       |       |       |       |    36 ||    36
       Scythe            |       |       |       |       |       |       |       |       |    31 ||    31
       Double sword      |       |       |       |       |       |       |       |       |    24 ||    24
 Cast: Infusion          |       |       |       |       |       |       |       |       |    14 ||    14
       Necromutation     |       |       |       |       |       |       |       |       |   822 ||   822
       Glaciate          |       |       |       |       |       |       |       |       |   142 ||   142
       Song of Slaying   |       |       |       |       |       |       |       |       |   137 ||   137
       Shatter           |       |       |       |       |       |       |       |       |   135 ||   135
       Controlled Blink  |       |       |       |       |       |       |       |       |    96 ||    96
       Tornado           |       |       |       |       |       |       |       |       |    57 ||    57
       Stoneskin         |       |       |       |       |       |       |       |       |    50 ||    50
       Ozocubu's Armour  |       |       |       |       |       |       |       |       |    43 ||    43
       Regeneration      |       |       |       |       |       |       |       |       |    22 ||    22
       Animate Dead      |       |       |       |       |       |       |       |       |    22 ||    22
       Ozocubu's Refrige |       |       |       |       |       |       |       |       |    10 ||    10
       Discord           |       |       |       |       |       |       |       |       |     5 ||     5
       Passage of Golubr |       |       |       |       |       |       |       |       |     4 ||     4
       Mass Confusion    |       |       |       |       |       |       |       |       |     4 ||     4
       Blink             |       |       |       |       |       |       |       |       |     3 ||     3
       Spectral Weapon   |       |       |       |       |       |       |       |       |     3 ||     3
       Dispel Undead     |       |       |       |       |       |       |       |       |     2 ||     2
       Recall            |       |       |       |       |       |       |       |       |     2 ||     2
       Condensation Shie |       |       |       |       |       |       |       |       |     2 ||     2
       Borgnjor's Revivi |       |       |       |       |       |       |       |       |     1 ||     1
Invok: Heroism           |       |       |     2 |     5 |     1 |     5 |     1 |       |       ||    14
       Upheaval          |       |       |       |       |       |       |     1 |     3 |   117 ||   121
       Disaster Area     |       |       |       |       |       |       |       |     3 |   168 ||   171
       Elemental Force   |       |       |       |       |       |       |       |       |     1 ||     1
 Abil: Evoke Fog         |       |       |       |       |       |       |       |       |     6 ||     6
       End Transformatio |       |       |       |       |       |       |       |       |     2 ||     2
       Evoke Blink       |       |       |       |       |       |       |       |       |     1 ||     1
       Evoke Flight      |       |       |       |       |       |       |       |       |     1 ||     1
Evoke: Wand              |       |       |     2 |     2 |     6 |     5 |     3 |     2 |    96 ||   116
       Lamp of fire      |       |       |       |     2 |     2 |     3 |     1 |     5 |    11 ||    24
       Phial of floods   |       |       |       |       |     1 |     4 |     1 |     3 |    11 ||    20
       Stone of tremors  |       |       |       |       |       |       |       |     3 |       ||     3
       Piece from Xom's  |       |       |       |       |       |       |       |     1 |    92 ||    93
       Staff of Wucad Mu |       |       |       |       |       |       |       |       |   111 ||   111
       Fan of gales      |       |       |       |       |       |       |       |       |    14 ||    14
       Phantom mirror    |       |       |       |       |       |       |       |       |     7 ||     7
       Figurine of a zig |       |       |       |       |       |       |       |       |     6 ||     6
       Staff of Dispater |       |       |       |       |       |       |       |       |     5 ||     5
       Disc of storms    |       |       |       |       |       |       |       |       |     5 ||     5
       Rod               |       |       |       |       |       |       |       |       |     2 ||     2
  Use: Potion            |     3 |     3 |     8 |     4 |     6 |    13 |     9 |     4 |   185 ||   235
       Scroll            |       |     8 |     5 |     3 |    34 |    11 |     8 |    11 |   349 ||   429
 Stab: Sleeping          |       |       |       |       |     1 |       |     1 |       |     3 ||     5
       Distracted        |       |       |       |       |     1 |       |     1 |       |    21 ||    23
       Invisible         |       |       |       |       |       |    16 |       |     4 |   504 ||   524
       Petrifying        |       |       |       |       |       |       |       |       |    21 ||    21
       Petrified         |       |       |       |       |       |       |       |       |    31 ||    31
       Confused          |       |       |       |       |       |       |       |       |    21 ||    21
  Eat: Chunk             |       |     6 |     8 |    25 |    50 |    17 |     6 |    15 |    23 ||   150
       Meat ration       |       |       |     2 |     1 |       |       |     1 |       |     7 ||    11
       Royal jelly       |       |       |     1 |     1 |       |     5 |     4 |       |    34 ||    45
       Beef jerky        |       |       |       |     3 |     3 |     7 |     5 |     3 |     6 ||    27
       Fruit             |       |       |       |     3 |       |     1 |       |       |    30 ||    34
       Pizza             |       |       |       |       |     4 |       |     1 |     1 |     3 ||     9
       Bread ration      |       |       |       |       |       |     1 |     3 |     1 |    21 ||    26
